Workbook
Name УровниКоличества: Ответы!$A$10:$B$14
Name УровниНенависти: Ответы!$A$17:$B$23
Name УровниСогласия: Ответы!$A$49:$B$53
Name УровниУспевания: Ответы!$A$2:$B$6
Name УровниУспокоения: Ответы!$A$34:$B$39
Name УровниЧастоты: Ответы!$A$26:$B$30
Name УровниЧастоты2: Ответы!$A$42:$B$46

Sheet Ответы на форму (1)
A1: Отметка времени | B1: Ваш пол | C1: Сколько вам лет? | D1: В скольких компаниях вы уже успели поработать? | E1: В общем и целом на сколько вы счастливы? | F1: Что лучше характеризует то, как вы справляетесь с делами в ЛИЧНОЙ жизни? | G1: Какой объем от ЖЕЛАЕМЫХ ЛИЧНЫХ дел вам удается выполнить? | I1: В общем и целом на сколько вы удовлетворены своей работой? | J1: Что лучше характеризует то, как вы справляетесь с делами по работе? | K1: Какой объем от ЖЕЛАЕМЫХ РАБОЧИХ дел вам удается выполнить? | L1: В современном мире важно находиться всегда на связи | M1: Быстрые ответы на запросы коллег помогают нам всем быстрее выполнять свою работу | N1: Мои коллеги ценят меня за мою способность оперативно отвечать на их вопросы | O1: Если я не отвечу быстро, то мои коллеги будут не довольны моей работой | P1: Я стараюсь отвечать быстро, чтобы не вызывать негативных эмоций у своих коллег | Q1: Использование мессенджеров в нашей работе помогает нам быстрее достигать результата | R1: Использование мессенджеров создает слишком много информационного шума из-за которого теряется важное | S1: Как вы оцениваете уровень стресса на вашем рабочем месте? | T1: На рабочем месте мне очень сложно сконцентрироваться | U1: Мне бы хотелось, чтобы мои коллеги реже отвлекали меня | V1: Когда у меня получается поработать вне офиса, то я успеваю сделать на много больше | W1: Я сам часто отвлекаю своих коллег без веских на то причин | X1: Работу, требующую сосредоточения я оставляю на вечер, когда становится спокойнее | Y1: Я стараюсь начинать свой день пусть с небольших, но стратегически-важных задач | Z1: В начале рабочего дня необходимо убедиться, что за ночь не появилось никаких новых срочных задач | AA1: Тихое и спокойное время необходимо КАЖДОМУ, для выполнения своих обязанностей | AB1: Для меня важно регулярно иметь тихое и спокойное время, когда меня никто не отвлекает | AC1: В первой половине дня я не способен выполнять никакой серьезной работы | AD1: Когда я устал, я могу поболтать немного с коллегой о том о сем, и это придаст мне новых сил | AE1: Оцените объем входящей информации в вашей работе из разных источников [Мессенджеры] | AF1: Оцените объем входящей информации в вашей работе из разных источников [Электронная почта] | AG1: Оцените объем входящей информации в вашей работе из разных источников [Социальные сети] | AH1: Оцените объем входящей информации в вашей работе из разных источников [Телефонные звонки] | AI1: Оцените объем входящей информации в вашей работе из разных источников [Личные встречи] | AJ1: Какие эмоции вызывают у вас слова и словосочетания? [Agile] | AK1: Какие эмоции вызывают у вас слова и словосочетания? [Digital-трансформация] | AL1: Какие эмоции вызывают у вас слова и словосочетания? [Реструктуризация] | AM1: Какие эмоции вызывают у вас слова и словосочетания? [Непрерывное совершенствование] | AN1: Какие эмоции вызывают у вас слова и словосочетания? [Аттестация] | AO1: Какие эмоции вызывают у вас слова и словосочетания? [Вовлеченность] | AP1: Какие эмоции вызывают у вас слова и словосочетания? [KPI] | AQ1: Какие эмоции вызывают у вас слова и словосочетания? [Корпоративная культура] | AR1: Какие для вас слова и словосочетания в корпоративном мире являются самыми МЕРЗКИМИ? | AS1: Какие для вас слова и словосочетания в корпоративном мире являются самыми ПРИЯТНЫМИ? | AT1: Как часто вы используете свой смартфон для ... [Голововые/видео звонки] | AU1: Как часто вы используете свой смартфон для ... [Общения через мессенджеры] | AV1: Как часто вы используете свой смартфон для ... [Электронной почты] | AW1: Как часто вы используете свой смартфон для ... [Социальных сетей] | AX1: Как часто вы используете свой смартфон для ... [Походов в интернет] | AY1: Как часто вы используете свой смартфон для ... [Музыки/подкастов/радио] | AZ1: Как часто вы используете свой смартфон для ... [Игр] | BA1: Как часто вы используете свой смартфон для ... [Фотографирования/съемки видео] | BB1: Как часто вы используете свой смартфон для ... [Просмотра видео/ТВ/фильмов] | BC1: Как часто вы используете свой смартфон для ... [Чтения книг/журналов] | BD1: Как часто вы используете свой смартфон для ... [Карт/навигации] | BE1: Как вы оцениваете ритм своей жизни (по отношению к обычному ритму) за предыдущие 4 недели? | BF1: Я просыпаюсь свежим и отдохнувшим | BG1: Я засыпаю быстро и без проблем | BH1: Чувствую подъем сил | BI1: Мои мысли не дают мне заснуть | BJ1: У меня отсутствует какой-либо интерес или желания делать что-либо | BK1: Чувствую упадок сил и усталость
A2: 43458.763 | B2: М | C2: 64 | D2: 0 | E2: 5 | F2: Я успеваю разобраться с необходимой текучкой, и даже изредка могу посвящать силы долгосрочным планам | G2: 2 | I2: 8 | J2: Я успеваю разобраться с необходимой текучкой, и даже изредка могу посвящать силы долгосрочным планам | K2: 3 | L2: 3 | M2: 2 | N2: 3 | O2: 2 | P2: 4 | Q2: 3 | R2: 4 | S2: 3 | T2: 4 | U2: 4 | V2: 3 | W2: 2 | X2: 4 | Y2: 4 | Z2: 2 | AA2: 3 | AB2: 4 | AC2: 2 | AD2: 1 | AE2: Очень мало | AF2: Умеренно | AG2: Очень мало | AH2: Много | AI2: Умеренно | AJ2: Нейтральное | AK2: Нейтральное | AL2: Нейтральное | AM2: Нейтральное | AN2: Нейтральное | AO2: Нейтральное | AP2: Нейтральное | AQ2: Нейтральное | AR2: как бы | AS2: получите бонус | AT2: Иногда | AU2: Часто | AV2: Очень часто | AW2: Редко | AX2: Часто | AY2: Часто | AZ2: Никогда | BA2: Иногда | BB2: Редко | BC2: Часто | BD2: Часто | BE2: Точно так же | BF2: Иногда | BG2: Очень часто или всегда | BH2: Иногда | BI2: Редко | BJ2: Иногда | BK2: Редко
A3: 43458.766 | B3: Ж | C3: 31 | D3: 5 | E3: 8 | F3: Я вполне продуктивно продвигаюсь к своим долгосрочным целям. Завалы если и случаются, то не часто | G3: 6 | I3: 7 | J3: Я вполне продуктивно продвигаюсь к своим долгосрочным целям. Завалы если и случаются, то не часто | K3: 8 | L3: 3 | M3: 2 | N3: 2 | O3: 1 | P3: 1 | Q3: 2 | R3: 3 | S3: 5 | T3: 3 | U3: 4 | V3: 2 | W3: 2 | X3: 1 | Y3: 5 | Z3: 5 | AA3: 5 | AB3: 5 | AC3: 1 | AD3: 2 | AE3: Очень мало | AF3: Очень мало | AG3: Много | AH3: Умеренно | AI3: ОЧЕНЬ МНОГО!!! | AJ3: Что-то неприятное | AK3: Стойкое отвращение | AL3: Скорее позитивное | AM3: Нейтральное | AN3: Скорее позитивное | AO3: Скорее позитивное | AP3: Скорее позитивное | AQ3: Скорее позитивное | AT3: Очень часто | AU3: Редко | AV3: Редко | AW3: Очень часто | AX3: Иногда | AY3: Никогда | AZ3: Никогда | BA3: Редко | BB3: Часто | BC3: Часто | BD3: Часто | BE3: Спокойнее | BF3: Часто | BG3: Часто | BH3: Иногда | BI3: Никогда или очень редко | BJ3: Иногда | BK3: Редко
A4: 43458.766 | B4: Ж | C4: 41 | D4: 3 | E4: 7 | F4: Я успеваю разобраться с необходимой текучкой, и даже изредка могу посвящать силы долгосрочным планам | G4: 4 | I4: 7 | J4: Я успеваю разобраться с необходимой текучкой, и даже изредка могу посвящать силы долгосрочным планам | K4: 7 | L4: 4 | M4: 2 | N4: 4 | O4: 4 | P4: 4 | Q4: 1 | R4: 5 | S4: 6 | T4: 4 | U4: 5 | V4: 5 | W4: 3 | X4: 3 | Y4: 5 | Z4: 4 | AA4: 5 | AB4: 5 | AC4: 1 | AD4: 4 | AE4: Умеренно | AF4: ОЧЕНЬ МНОГО!!! | AG4: Очень мало | AH4: ОЧЕНЬ МНОГО!!! | AI4: Много | AJ4: Стойкое отвращение | AK4: Стойкое отвращение | AL4: ЖГУЧАЯ НЕНАВИСТЬ!!! | AM4: ЖГУЧАЯ НЕНАВИСТЬ!!! | AN4: Что-то неприятное | AO4: Скорее позитивное | AP4: Скорее позитивное | AQ4: Нейтральное | AR4: Out of the box thinking, innovation, additionality, transition | AT4: Очень часто | AU4: Часто | AV4: Очень часто | AW4: Очень часто | AX4: Очень часто | AY4: Очень часто | AZ4: Никогда | BA4: Часто | BB4: Иногда | BC4: Иногда | BD4: Часто | BE4: Быстрее | BF4: Никогда или очень редко | BG4: Часто | BH4: Иногда | BI4: Редко | BJ4: Редко | BK4: Очень часто или всегда
A5: 43458.767 | B5: М | C5: 37 | D5: 7 | E5: 10 | F5: Я вполне продуктивно продвигаюсь к своим долгосрочным целям. Завалы если и случаются, то не часто | G5: 9 | I5: 9 | J5: Я вполне продуктивно продвигаюсь к своим долгосрочным целям. Завалы если и случаются, то не часто | K5: 8 | L5: 1 | M5: 2 | N5: 1 | O5: 1 | P5: 1 | Q5: 2 | R5: 1 | S5: 5 | T5: 2 | U5: 5 | V5: 5 | W5: 2 | X5: 1 | Y5: 5 | Z5: 1 | AA5: 5 | AB5: 5 | AC5: 1 | AD5: 5 | AE5: Очень мало | AF5: Много | AG5: ОЧЕНЬ МНОГО!!! | AH5: НИЧЕГО | AI5: Очень мало | AJ5: Вполне приятные | AK5: Вполне приятные | AL5: Настоящая радость | AM5: Настоящая радость | AN5: Нейтральное | AO5: Настоящая радость | AP5: Нейтральное | AQ5: ЖГУЧАЯ НЕНАВИСТЬ!!! | AR5: гнилые процессы и руководство | AS5: премия за результат | AT5: Часто | AU5: Очень часто | AV5: Очень часто | AW5: Очень часто | AX5: Иногда | AY5: Очень часто | AZ5: Иногда | BA5: Часто | BB5: Редко | BC5: Редко | BD5: Часто | BE5: Точно так же | BF5: Очень часто или всегда | BG5: Очень часто или всегда | BH5: Очень часто или всегда | BI5: Никогда или очень редко | BJ5: Редко | BK5: Никогда или очень редко
A6: 43458.767 | B6: М | C6: 30 | D6: 6 | E6: 7 | F6: Я вполне продуктивно продвигаюсь к своим долгосрочным целям. Завалы если и случаются, то не часто | G6: 6 | I6: 8 | J6: Я вполне продуктивно продвигаюсь к своим долгосрочным целям. Завалы если и случаются, то не часто | K6: 9 | L6: 1 | M6: 2 | N6: 1 | O6: 2 | P6: 2 | Q6: 2 | R6: 5 | S6: 6 | T6: 3 | U6: 4 | V6: 4 | W6: 3 | X6: 1 | Y6: 3 | Z6: 4 | AA6: 4 | AB6: 5 | AC6: 2 | AD6: 4 | AE6: Много | AF6: Умеренно | AG6: Очень мало | AH6: Очень мало | AI6: Много | AJ6: Вполне приятные | AK6: Вполне приятные | AL6: Нейтральное | AM6: Настоящая радость | AN6: Стойкое отвращение | AO6: Вполне приятные | AP6: Что-то неприятное | AQ6: Настоящая радость | AR6: Хм, дедлайн, ты должен, | AS6: День получения дохода)) | AT6: Редко | AU6: Иногда | AV6: Редко | AW6: Часто | AX6: Часто | AY6: Часто | AZ6: Редко | BA6: Редко | BB6: Редко | BC6: Иногда | BD6: Очень часто | BE6: Существенно быстрее | BF6: Иногда | BG6: Иногда | BH6: Иногда | BI6: Иногда | BJ6: Иногда | BK6: Часто
A7: 43458.768 | B7: М | C7: 39 | D7: 0 | E7: 8 | F7: Я успеваю разобраться с необходимой текучкой, и даже изредка могу посвящать силы долгосрочным планам | G7: 7 | I7: 7 | J7: Я успеваю разобраться с необходимой текучкой, и даже изредка могу посвящать силы долгосрочным планам | K7: 7 | L7: 2 | M7: 3 | N7: 1 | O7: 1 | P7: 2 | Q7: 3 | R7: 2 | S7: 5 | T7: 2 | U7: 3 | V7: 4 | W7: 2 | X7: 4 | Y7: 4 | Z7: 4 | AA7: 5 | AB7: 5 | AC7: 1 | AD7: 5 | AE7: Умеренно | AF7: Умеренно | AG7: НИЧЕГО | AH7: Очень мало | AI7: Очень мало | AJ7: Скорее позитивное | AK7: Нейтральное | AL7: Нейтральное | AM7: Нейтральное | AN7: Что-то неприятное | AO7: Нейтральное | AP7: Нейтральное | AQ7: Стойкое отвращение | AR7: корпоративные ценности, openspace | AS7: инвестиции | AT7: Часто | AU7: Часто | AV7: Часто | AW7: Часто | AX7: Часто | AY7: Часто | AZ7: Никогда | BA7: Часто | BB7: Редко | BC7: Иногда | BD7: Часто | BE7: Точно так же | BF7: Часто | BG7: Очень часто или всегда | BH7: Часто | BI7: Никогда или очень редко | BJ7: Никогда или очень редко | BK7: Редко
A8: 43458.768 | B8: М | C8: 24 | D8: 3 | E8: 7 | F8: Я вполне продуктивно продвигаюсь к своим долгосрочным целям. Завалы если и случаются, то не часто | G8: 6 | H8: Я сейчас нигде не работаю | I8: 8 | J8: Я успеваю разобраться с необходимой текучкой, и даже изредка могу посвящать силы долгосрочным планам | K8: 6 | L8: 3 | M8: 3 | N8: 2 | O8: 1 | P8: 3 | Q8: 5 | R8: 2 | S8: 1 | T8: 3 | U8: 2 | V8: 3 | W8: 2 | X8: 1 | Y8: 2 | Z8: 2 | AA8: 5 | AB8: 5 | AC8: 1 | AD8: 4 | AE8: Умеренно | AF8: Очень мало | AG8: Много | AH8: Очень мало | AI8: Очень мало | AJ8: Скорее позитивное | AK8: Нейтральное | AL8: Нейтральное | AM8: Настоящая радость | AN8: Что-то неприятное | AO8: Настоящая радость | AP8: Вполне приятные | AQ8: Скорее позитивное | AR8: Совещание | AS8: Не знаю | AT8: Иногда | AU8: Редко | AV8: Редко | AW8: Очень часто | AX8: Часто | AY8: Часто | AZ8: Иногда | BA8: Часто | BB8: Редко | BC8: Часто | BD8: Очень часто | BE8: Существенно спокойнее | BF8: Часто | BG8: Часто | BH8: Иногда | BI8: Иногда | BJ8: Иногда | BK8: Редко
A9: 43458.768 | B9: М | C9: 22 | D9: 8 | E9: 2 | F9: Я успеваю разобраться с необходимой текучкой, и даже изредка могу посвящать силы долгосрочным планам | G9: 7 | I9: 2 | J9: Я успеваю разобраться с необходимой текучкой, и даже изредка могу посвящать силы долгосрочным планам | K9: 6 | L9: 4 | M9: 2 | N9: 3 | O9: 2 | P9: 2 | Q9: 4 | R9: 4 | S9: 6 | T9: 4 | U9: 2 | V9: 2 | W9: 4 | X9: 2 | Y9: 1 | Z9: 5 | AA9: 5 | AB9: 5 | AC9: 3 | AD9: 4 | AE9: НИЧЕГО | AF9: НИЧЕГО | AG9: НИЧЕГО | AH9: НИЧЕГО | AI9: НИЧЕГО | AJ9: Скорее позитивное | AK9: Скорее позитивное | AL9: Что-то неприятное | AM9: Вполне приятные | AN9: Что-то неприятное | AO9: Вполне приятные | AP9: Вполне приятные | AQ9: Вполне приятные | AT9: Редко | AU9: Очень часто | AV9: Часто | AW9: Иногда | AX9: Иногда | AY9: Часто | AZ9: Редко | BA9: Иногда | BB9: Редко | BC9: Часто | BD9: Часто | BE9: Существенно спокойнее | BF9: Редко | BG9: Очень часто или всегда | BH9: Часто | BI9: Никогда или очень редко | BJ9: Часто | BK9: Часто
A10: 43458.769 | B10: М | C10: 43 | D10: 11 | E10: 5 | F10: Я успеваю разобраться с необходимой текучкой, и даже изредка могу посвящать силы долгосрочным планам | G10: 6 | I10: 7 | J10: Я вполне продуктивно продвигаюсь к своим долгосрочным целям. Завалы если и случаются, то не часто | K10: 9 | L10: 2 | M10: 2 | N10: 2 | O10: 3 | P10: 1 | Q10: 5 | R10: 2 | S10: 3 | T10: 2 | U10: 2 | V10: 2 | W10: 2 | X10: 2 | Y10: 3 | Z10: 1 | AA10: 5 | AB10: 4 | AC10: 1 | AD10: 3 | AE10: Много | AF10: Умеренно | AG10: НИЧЕГО | AH10: НИЧЕГО | AI10: Много | AJ10: Вполне приятные | AK10: Нейтральное | AL10: Что-то неприятное | AM10: Нейтральное | AN10: ЖГУЧАЯ НЕНАВИСТЬ!!! | AO10: Стойкое отвращение | AP10: Стойкое отвращение | AQ10: Стойкое отвращение | AT10: Иногда | AU10: Часто | AV10: Редко | AW10: Редко | AX10: Часто | AY10: Иногда | AZ10: Редко | BA10: Часто | BB10: Иногда | BC10: Очень часто | BD10: Очень часто | BE10: Точно так же | BF10: Редко | BG10: Иногда | BH10: Редко | BI10: Иногда | BJ10: Иногда | BK10: Часто
A11: 43458.77 | B11: М | C11: 40 | D11: 4 | E11: 8 | F11: Я успеваю разобраться с необходимой текучкой, и даже изредка могу посвящать силы долгосрочным планам | G11: 3 | I11: 2 | J11: Я успеваю разобраться с необходимой текучкой, и даже изредка могу посвящать силы долгосрочным планам | K11: 8 | L11: 1 | M11: 2 | N11: 2 | O11: 1 | P11: 2 | Q11: 3 | R11: 1 | S11: 9 | T11: 4 | U11: 5 | V11: 5 | W11: 1 | X11: 4 | Y11: 4 | Z11: 3 | AA11: 5 | AB11: 5 | AC11: 3 | AD11: 4 | AE11: Очень мало | AF11: Много | AG11: НИЧЕГО | AH11: Много | AI11: ОЧЕНЬ МНОГО!!! | AJ11: Нейтральное | AK11: Что-то неприятное | AL11: Стойкое отвращение | AM11: Стойкое отвращение | AN11: Стойкое отвращение | AO11: Стойкое отвращение | AP11: Стойкое отвращение | AQ11: Стойкое отвращение | AT11: Очень часто | AU11: Часто | AV11: Очень часто | AW11: Иногда | AX11: Иногда | AY11: Очень часто | AZ11: Никогда | BA11: Очень часто | BB11: Редко | BC11: Очень часто | BD11: Очень часто | BE11: Существенно быстрее | BF11: Иногда | BG11: Редко | BH11: Иногда | BI11: Иногда | BJ11: Часто | BK11: Часто
A12: 43458.77 | B12: М | C12: 32 | D12: 5 | E12: 7 | F12: Я едва-едва успеваю выполнить необходимую текучку, но на долгосрочные планы не остается сил | G12: 4 | I12: 7 | J12: Я вполне продуктивно продвигаюсь к своим долгосрочным целям. Завалы если и случаются, то не часто | K12: 9 | L12: 2 | M12: 2 | N12: 3 | O12: 1 | P12: 1 | Q12: 2 | R12: 5 | S12: 0 | T12: 3 | U12: 3 | V12: 2 | W12: 4 | X12: 3 | Y12: 4 | Z12: 3 | AA12: 4 | AB12: 4 | AC12: 2 | AD12: 4 | AE12: Очень мало | AF12: Очень мало | AG12: НИЧЕГО | AH12: НИЧЕГО | AI12: Много | AJ12: Скорее позитивное | AK12: Нейтральное | AL12: Что-то неприятное | AM12: Вполне приятные | AN12: Нейтральное | AO12: Вполне приятные | AP12: Нейтральное | AQ12: Вполне приятные | AR12: Релиз менеджмент | AS12: Корпоратив | AT12: Часто | AU12: Часто | AV12: Часто | AW12: Часто | AX12: Часто | AY12: Очень часто | AZ12: Иногда | BA12: Часто | BB12: Часто | BC12: Редко | BD12: Очень часто | BE12: Спокойнее | BF12: Часто | BG12: Часто | BH12: Иногда | BI12: Редко | BJ12: Никогда или очень редко | BK12: Редко
A13: 43458.771 | B13: Ж | C13: 34 | D13: 6 | E13: 6 | F13: Я едва-едва успеваю выполнить необходимую текучку, но на долгосрочные планы не остается сил | G13: 6 | I13: 8 | J13: Я успеваю разобраться с необходимой текучкой, и даже изредка могу посвящать силы долгосрочным планам | K13: 8 | L13: 4 | M13: 3 | N13: 2 | O13: 2 | P13: 2 | Q13: 4 | R13: 3 | S13: 4 | T13: 1 | U13: 2 | V13: 1 | W13: 3 | X13: 1 | Y13: 4 | Z13: 5 | AA13: 5 | AB13: 5 | AC13: 1 | AD13: 4 | AE13: Много | AF13: Умеренно | AG13: Очень мало | AH13: Очень мало | AI13: Много | AJ13: Нейтральное | AK13: Нейтральное | AL13: Нейтральное | AM13: Что-то неприятное | AN13: Что-то неприятное | AO13: Что-то неприятное | AP13: Стойкое отвращение | AQ13: Скорее позитивное | AR13: Инициативность | AS13: Адекватная обратная связь | AT13: Часто | AU13: Очень часто | AV13: Часто | AW13: Очень часто | AX13: Очень часто | AY13: Часто | AZ13: Очень часто | BA13: Часто | BB13: Часто | BC13: Очень часто | BD13: Часто | BE13: Быстрее | BF13: Редко | BG13: Редко | BH13: Иногда | BI13: Очень часто или всегда | BJ13: Часто | BK13: Часто
A14: 43458.773 | B14: М | C14: 32 | D14: 2 | E14: 8 | F14: Я вполне продуктивно продвигаюсь к своим долгосрочным целям. Завалы если и случаются, то не часто | G14: 7 | I14: 7 | J14: Я вполне продуктивно продвигаюсь к своим долгосрочным целям. Завалы если и случаются, то не часто | K14: 7 | L14: 3 | M14: 3 | N14: 4 | O14: 2 | P14: 2 | Q14: 3 | R14: 3 | S14: 7 | T14: 4 | U14: 4 | V14: 4 | W14: 3 | X14: 2 | Y14: 4 | Z14: 3 | AA14: 5 | AB14: 5 | AC14: 2 | AD14: 5 | AE14: Умеренно | AF14: Много | AG14: Очень мало | AH14: Умеренно | AI14: НИЧЕГО | AJ14: Нейтральное | AK14: Нейтральное | AL14: Что-то неприятное | AM14: Нейтральное | AN14: Нейтральное | AO14: Нейтральное | AP14: Нейтральное | AQ14: Нейтральное | AR14: 😮 | AS14: 😲 | AT14: Часто | AU14: Очень часто | AV14: Часто | AW14: Очень часто | AX14: Очень часто | AY14: Очень часто | AZ14: Редко | BA14: Иногда | BB14: Часто | BC14: Иногда | BD14: Очень часто | BE14: Спокойнее | BF14: Иногда | BG14: Очень часто или всегда | BH14: Иногда | BI14: Никогда или очень редко | BJ14: Иногда | BK14: Иногда
A15: 43458.774 | B15: М | C15: 22 | D15: 4 | E15: 7 | F15: Я успеваю разобраться с необходимой текучкой, и даже изредка могу посвящать силы долгосрочным планам | G15: 6 | I15: 6 | J15: Я едва-едва успеваю выполнить необходимую текучку, но на долгосрочные планы не остается сил | K15: 6 | L15: 5 | M15: 5 | N15: 1 | O15: 1 | P15: 1 | Q15: 1 | R15: 5 | S15: 3 | T15: 3 | U15: 1 | V15: 3 | W15: 5 | X15: 1 | Y15: 3 | Z15: 5 | AA15: 5 | AB15: 5 | AC15: 3 | AD15: 2 | AE15: ОЧЕНЬ МНОГО!!! | AF15: Много | AG15: Умеренно | AH15: Очень мало | AI15: Умеренно | AJ15: Вполне приятные | AK15: Нейтральное | AL15: Настоящая радость | AM15: Настоящая радость | AN15: Настоящая радость | AO15: Настоящая радость | AP15: Настоящая радость | AQ15: Настоящая радость | AR15: Консалтинг | AS15: Gamification | AT15: Очень часто | AU15: Очень часто | AV15: Очень часто | AW15: Очень часто | AX15: Очень часто | AY15: Очень часто | AZ15: Редко | BA15: Часто | BB15: Никогда | BC15: Часто | BD15: Очень часто | BE15: ВООБЩЕ ИСТЕРИКА!!!111 | BF15: Иногда | BG15: Очень часто или всегда | BH15: Иногда | BI15: Никогда или очень редко | BJ15: Никогда или очень редко | BK15: Иногда
A16: 43458.774 | B16: Ж | C16: 38 | D16: 4 | E16: 7 | F16: Я успеваю разобраться с необходимой текучкой, и даже изредка могу посвящать силы долгосрочным планам | G16: 5 | I16: 6 | J16: Я успеваю разобраться с необходимой текучкой, и даже изредка могу посвящать силы долгосрочным планам | K16: 6 | L16: 2 | M16: 2 | N16: 3 | O16: 4 | P16: 2 | Q16: 4 | R16: 3 | S16: 7 | T16: 4 | U16: 5 | V16: 4 | W16: 2 | X16: 3 | Y16: 3 | Z16: 4 | AA16: 5 | AB16: 5 | AC16: 3 | AD16: 3 | AE16: Очень мало | AF16: ОЧЕНЬ МНОГО!!! | AG16: Очень мало | AH16: Много | AI16: Много | AJ16: Скорее позитивное | AK16: Скорее позитивное | AL16: Что-то неприятное | AM16: Настоящая радость | AN16: Что-то неприятное | AO16: Нейтральное | AP16: Стойкое отвращение | AQ16: Нейтральное | AT16: Иногда | AU16: Очень часто | AV16: Иногда | AW16: Очень часто | AX16: Часто | AY16: Никогда | AZ16: Иногда | BA16: Иногда | BB16: Редко | BC16: Иногда | BD16: Очень часто | BE16: Существенно спокойнее | BF16: Часто | BG16: Часто | BH16: Иногда | BI16: Редко | BJ16: Часто | BK16: Иногда
A17: 43458.775 | B17: М | C17: 37 | D17: 1 | E17: 5 | F17: Я успеваю разобраться с необходимой текучкой, и даже изредка могу посвящать силы долгосрочным планам | G17: 6 | I17: 6 | J17: Я вполне продуктивно продвигаюсь к своим долгосрочным целям. Завалы если и случаются, то не часто | K17: 8 | L17: 4 | M17: 4 | N17: 4 | O17: 4 | P17: 4 | Q17: 4 | R17: 4 | S17: 8 | T17: 4 | U17: 5 | V17: 5 | W17: 4 | X17: 4 | Y17: 5 | Z17: 4 | AA17: 5 | AB17: 5 | AC17: 1 | AD17: 4 | AE17: Умеренно | AF17: Очень мало | AG17: Много | AH17: ОЧЕНЬ МНОГО!!! | AI17: Умеренно | AJ17: Нейтральное | AK17: Скорее позитивное | AL17: Что-то неприятное | AM17: Вполне приятные | AN17: Что-то неприятное | AO17: Скорее позитивное | AP17: Скорее позитивное | AQ17: Нейтральное | AR17: Мат | AS17: Комплименты | AT17: Очень часто | AU17: Очень часто | AV17: Редко | AW17: Очень часто | AX17: Очень часто | AY17: Никогда | AZ17: Никогда | BA17: Часто | BB17: Никогда | BC17: Иногда | BD17: Иногда | BE17: Точно так же | BF17: Иногда | BG17: Часто | BH17: Иногда | BI17: Иногда | BJ17: Иногда | BK17: Иногда
A18: 43458.777 | B18: М | C18: 41 | D18: 3 | E18: 8 | F18: Я успеваю разобраться с необходимой текучкой, и даже изредка могу посвящать силы долгосрочным планам | G18: 7 | I18: 9 | J18: Я успеваю разобраться с необходимой текучкой, и даже изредка могу посвящать силы долгосрочным планам | K18: 7 | L18: 2 | M18: 2 | N18: 2 | O18: 2 | P18: 2 | Q18: 4 | R18: 2 | S18: 7 | T18: 4 | U18: 4 | V18: 4 | W18: 4 | X18: 5 | Y18: 4 | Z18: 2 | AA18: 5 | AB18: 5 | AC18: 1 | AD18: 4 | AE18: Много | AF18: ОЧЕНЬ МНОГО!!! | AG18: Очень мало | AH18: Умеренно | AI18: Умеренно | AJ18: Скорее позитивное | AK18: Скорее позитивное | AL18: Нейтральное | AM18: Скорее позитивное | AN18: Нейтральное | AO18: Скорее позитивное | AP18: Нейтральное | AQ18: Нейтральное | AR18: бесконечные согласования и отчеты, бездумно внедряемые штаб-квартирой | AS18: бонус | AT18: Очень часто | AU18: Очень часто | AV18: Очень часто | AW18: Часто | AX18: Часто | AY18: Очень часто | AZ18: Редко | BA18: Очень часто | BB18: Редко | BC18: Иногда | BD18: Очень часто | BE18: Существенно быстрее | BF18: Иногда | BG18: Очень часто или всегда | BH18: Редко | BI18: Никогда или очень редко | BJ18: Иногда | BK18: Иногда
A19: 43458.777 | B19: Ж | C19: 27 | D19: 3 | E19: 5 | F19: Я едва-едва успеваю выполнить необходимую текучку, но на долгосрочные планы не остается сил | G19: 3 | I19: 1 | J19: Я успеваю разобраться с необходимой текучкой, и даже изредка могу посвящать силы долгосрочным планам | K19: 5 | L19: 2 | M19: 3 | N19: 3 | O19: 4 | P19: 4 | Q19: 4 | R19: 5 | S19: 8 | T19: 4 | U19: 4 | V19: 3 | W19: 2 | X19: 5 | Y19: 2 | Z19: 5 | AA19: 5 | AB19: 5 | AC19: 5 | AD19: 5 | AE19: ОЧЕНЬ МНОГО!!! | AF19: Умеренно | AG19: НИЧЕГО | AH19: НИЧЕГО | AI19: Очень мало | AJ19: ЖГУЧАЯ НЕНАВИСТЬ!!! | AK19: ЖГУЧАЯ НЕНАВИСТЬ!!! | AL19: ЖГУЧАЯ НЕНАВИСТЬ!!! | AM19: ЖГУЧАЯ НЕНАВИСТЬ!!! | AN19: ЖГУЧАЯ НЕНАВИСТЬ!!! | AO19: Стойкое отвращение | AP19: ЖГУЧАЯ НЕНАВИСТЬ!!! | AQ19: Стойкое отвращение | AR19: Грейды и цели, KPI | AS19: Вам карт Бланш, но ответственность тоже на вас | AT19: Редко | AU19: Очень часто | AV19: Часто | AW19: Часто | AX19: Очень часто | AY19: Иногда | AZ19: Никогда | BA19: Очень часто | BB19: Никогда | BC19: Иногда | BD19: Иногда | BE19: ВООБЩЕ ИСТЕРИКА!!!111 | BF19: Редко | BG19: Иногда | BH19: Никогда или очень редко | BI19: Редко | BJ19: Часто | BK19: Очень часто или всегда
A20: 43458.778 | B20: Ж | C20: 49 | D20: 7 | E20: 6 | F20: Я успеваю разобраться с необходимой текучкой, и даже изредка могу посвящать силы долгосрочным планам | G20: 6 | I20: 6 | J20: Я вполне продуктивно продвигаюсь к своим долгосрочным целям. Завалы если и случаются, то не часто | K20: 7 | L20: 3 | M20: 2 | N20: 2 | O20: 2 | P20: 4 | Q20: 2 | R20: 3 | S20: 6 | T20: 3 | U20: 3 | V20: 4 | W20: 2 | X20: 3 | Y20: 3 | Z20: 4 | AA20: 5 | AB20: 5 | AC20: 1 | AD20: 4 | AE20: Очень мало | AF20: Много | AG20: Умеренно | AH20: Много | AI20: Много | AJ20: Скорее позитивное | AK20: Скорее позитивное | AL20: Нейтральное | AM20: Нейтральное | AN20: Нейтральное | AO20: Нейтральное | AP20: Нейтральное | AQ20: Нейтральное | AR20: Дедлайн | AS20: Бонус | AT20: Иногда | AU20: Часто | AV20: Часто | AW20: Часто | AX20: Иногда | AY20: Редко | AZ20: Редко | BA20: Часто | BB20: Никогда | BC20: Редко | BD20: Иногда | BE20: Точно так же | BF20: Иногда | BG20: Часто | BH20: Иногда | BI20: Редко | BJ20: Редко | BK20: Иногда
A21: 43458.779 | B21: М | C21: 47 | D21: 7 | E21: 7 | F21: Я едва-едва успеваю выполнить необходимую текучку, но на долгосрочные планы не остается сил | G21: 2 | I21: 7 | J21: Я успеваю разобраться с необходимой текучкой, и даже изредка могу посвящать силы долгосрочным планам | K21: 3 | L21: 2 | M21: 2 | N21: 3 | O21: 2 | P21: 2 | Q21: 2 | R21: 4 | S21: 2 | T21: 2 | U21: 3 | V21: 3 | W21: 3 | X21: 4 | Y21: 4 | Z21: 4 | AA21: 5 | AB21: 5 | AC21: 2 | AD21: 1 | AE21: Умеренно | AF21: Много | AG21: НИЧЕГО | AH21: Очень мало | AI21: Умеренно | AJ21: Что-то неприятное | AK21: Нейтральное | AL21: Что-то неприятное | AM21: Нейтральное | AN21: Что-то неприятное | AO21: Скорее позитивное | AP21: Стойкое отвращение | AQ21: Что-то неприятное | AR21: ASAP | AS21: Совещание закончилось | AT21: Редко | AU21: Часто | AV21: Часто | AW21: Никогда | AX21: Очень часто | AY21: Иногда | AZ21: Редко | BA21: Часто | BB21: Редко | BC21: Редко | BD21: Очень часто | BE21: Спокойнее | BF21: Иногда | BG21: Иногда | BH21: Редко | BI21: Редко | BJ21: Никогда или очень редко | BK21: Никогда или очень редко
A22: 43458.779 | B22: М | C22: 32 | D22: 5 | E22: 5 | F22: Я едва-едва успеваю выполнить необходимую текучку, но на долгосрочные планы не остается сил | G22: 2 | I22: 5 | J22: Я успеваю разобраться с необходимой текучкой, и даже изредка могу посвящать силы долгосрочным планам | K22: 4 | L22: 3 | M22: 3 | N22: 4 | O22: 1 | P22: 1 | Q22: 2 | R22: 5 | S22: 10 | T22: 5 | U22: 5 | V22: 5 | W22: 4 | X22: 1 | Y22: 5 | Z22: 1 | AA22: 5 | AB22: 5 | AC22: 1 | AD22: 5 | AE22: Много | AF22: Много | AG22: НИЧЕГО | AH22: НИЧЕГО | AI22: Много | AJ22: Вполне приятные | AK22: ЖГУЧАЯ НЕНАВИСТЬ!!! | AL22: ЖГУЧАЯ НЕНАВИСТЬ!!! | AM22: Вполне приятные | AN22: ЖГУЧАЯ НЕНАВИСТЬ!!! | AO22: ЖГУЧАЯ НЕНАВИСТЬ!!! | AP22: ЖГУЧАЯ НЕНАВИСТЬ!!! | AQ22: ЖГУЧАЯ НЕНАВИСТЬ!!! | AR22: Вижн, майндсет, стартап | AS22: Цель, мотивация, развитие | AT22: Никогда | AU22: Редко | AV22: Иногда | AW22: Часто | AX22: Часто | AY22: Никогда | AZ22: Никогда | BA22: Никогда | BB22: Никогда | BC22: Очень часто | BD22: Очень часто | BE22: Существенно быстрее | BF22: Никогда или очень редко | BG22: Никогда или очень редко | BH22: Никогда или очень редко | BI22: Часто | BJ22: Часто | BK22: Часто
A23: 43458.782 | B23: М | C23: 47 | D23: 2 | E23: 8 | F23: Я успеваю разобраться с необходимой текучкой, и даже изредка могу посвящать силы долгосрочным планам | G23: 7 | I23: 8 | J23: Я вполне продуктивно продвигаюсь к своим долгосрочным целям. Завалы если и случаются, то не часто | K23: 6 | L23: 2 | M23: 3 | N23: 2 | O23: 2 | P23: 2 | Q23: 2 | R23: 4 | S23: 7 | T23: 5 | U23: 4 | V23: 2 | W23: 3 | X23: 4 | Y23: 4 | Z23: 4 | AA23: 5 | AB23: 5 | AC23: 3 | AD23: 3 | AE23: Умеренно | AF23: Умеренно | AG23: Очень мало | AH23: Очень мало | AI23: Много | AJ23: Скорее позитивное | AK23: Что-то неприятное | AL23: Стойкое отвращение | AM23: Скорее позитивное | AN23: Стойкое отвращение | AO23: Нейтральное | AP23: Что-то неприятное | AQ23: Нейтральное | AR23: Срочно нужно доделать что-то в релиз, Эта бага очень приоритетная. | AS23: премия, отпуск, релиз принят, сертификат на продукт получен. | AT23: Никогда | AU23: Часто | AV23: Часто | AW23: Часто | AX23: Иногда | AY23: Иногда | AZ23: Иногда | BA23: Иногда | BB23: Редко | BC23: Никогда | BD23: Часто | BE23: Точно так же | BF23: Часто | BG23: Очень часто или всегда | BH23: Иногда | BI23: Иногда | BJ23: Редко | BK23: Редко
A24: 43458.782 | B24: М | C24: 33 | D24: 2 | E24: 7 | F24: Я успеваю разобраться с необходимой текучкой, и даже изредка могу посвящать силы долгосрочным планам | G24: 7 | I24: 9 | J24: Я вполне продуктивно продвигаюсь к своим долгосрочным целям. Завалы если и случаются, то не часто | K24: 9 | L24: 3 | M24: 4 | N24: 4 | O24: 2 | P24: 2 | Q24: 2 | R24: 2 | S24: 4 | T24: 3 | U24: 3 | V24: 2 | W24: 2 | X24: 1 | Y24: 4 | Z24: 4 | AA24: 4 | AB24: 4 | AC24: 1 | AD24: 4 | AE24: Очень мало | AF24: Много | AG24: НИЧЕГО | AH24: Очень мало | AI24: НИЧЕГО | AJ24: Нейтральное | AK24: Нейтральное | AL24: Нейтральное | AM24: Нейтральное | AN24: Нейтральное | AO24: Нейтральное | AP24: Нейтральное | AQ24: Нейтральное | AT24: Иногда | AU24: Очень часто | AV24: Иногда | AW24: Очень часто | AX24: Очень часто | AY24: Очень часто | AZ24: Никогда | BA24: Иногда | BB24: Никогда | BC24: Никогда | BD24: Очень часто | BE24: Точно так же | BF24: Иногда | BG24: Очень часто или всегда | BH24: Иногда | BI24: Никогда или очень редко | BJ24: Редко | BK24: Иногда
A25: 43458.783 | B25: М | C25: 33 | D25: 3 | E25: 8 | F25: Я успеваю разобраться с необходимой текучкой, и даже изредка могу посвящать силы долгосрочным планам | G25: 5 | I25: 9 | J25: Все происходит естественно и спонтанно, очень часто то, что на первый взгляд казалось текучкой прекрасно вписывается в мои долгосрочные интересы | K25: 9 | L25: 1 | M25: 2 | N25: 2 | O25: 1 | P25: 1 | Q25: 4 | R25: 2 | S25: 3 | T25: 2 | U25: 1 | V25: 3 | W25: 3 | X25: 1 | Y25: 1 | Z25: 3 | AA25: 4 | AB25: 5 | AC25: 1 | AD25: 2 | AE25: Много | AF25: Много | AG25: НИЧЕГО | AH25: НИЧЕГО | AI25: Умеренно | AJ25: Скорее позитивное | AK25: Что-то неприятное | AL25: Нейтральное | AM25: Что-то неприятное | AN25: Что-то неприятное | AO25: Скорее позитивное | AP25: Стойкое отвращение | AQ25: Вполне приятные | AR25: "цели на год", "ответственность" | AS25: доверие, самостоятельность, обучение | AT25: Часто | AU25: Иногда | AV25: Часто | AW25: Часто | AX25: Очень часто | AY25: Редко | AZ25: Никогда | BA25: Иногда | BB25: Редко | BC25: Очень часто | BD25: Часто | BE25: Существенно быстрее | BF25: Иногда | BG25: Очень часто или всегда | BH25: Часто | BI25: Редко | BJ25: Никогда или очень редко | BK25: Часто
A26: 43458.786 | B26: М | C26: 22 | D26: 6 | E26: 8 | F26: Я успеваю разобраться с необходимой текучкой, и даже изредка могу посвящать силы долгосрочным планам | G26: 1 | I26: 8 | J26: Я успеваю разобраться с необходимой текучкой, и даже изредка могу посвящать силы долгосрочным планам | K26: 10 | L26: 1 | M26: 1 | N26: 1 | O26: 1 | P26: 3 | Q26: 1 | R26: 4 | S26: 5 | T26: 4 | U26: 4 | V26: 5 | W26: 1 | X26: 2 | Y26: 3 | Z26: 3 | AA26: 4 | AB26: 5 | AC26: 3 | AD26: 3 | AE26: Умеренно | AF26: Умеренно | AG26: НИЧЕГО | AH26: НИЧЕГО | AI26: Умеренно | AJ26: Стойкое отвращение | AK26: Стойкое отвращение | AL26: Стойкое отвращение | AM26: Стойкое отвращение | AN26: Нейтральное | AO26: Стойкое отвращение | AP26: Стойкое отвращение | AQ26: ЖГУЧАЯ НЕНАВИСТЬ!!! | AR26: маркетинг | AS26: зарплата | AT26: Редко | AU26: Часто | AV26: Никогда | AW26: Редко | AX26: Редко | AY26: Часто | AZ26: Редко | BA26: Редко | BB26: Никогда | BC26: Редко | BD26: Никогда | BE26: Точно так же | BF26: Никогда или очень редко | BG26: Никогда или очень редко | BH26: Редко | BI26: Очень часто или всегда | BJ26: Иногда | BK26: Часто
A27: 43458.786 | B27: Ж | C27: 32 | D27: 5 | E27: 10 | F27: Я успеваю разобраться с необходимой текучкой, и даже изредка могу посвящать силы долгосрочным планам | G27: 5 | I27: 7 | J27: Я успеваю разобраться с необходимой текучкой, и даже изредка могу посвящать силы долгосрочным планам | K27: 7 | L27: 3 | M27: 3 | N27: 4 | O27: 2 | P27: 2 | Q27: 3 | R27: 5 | S27: 8 | T27: 3 | U27: 5 | V27: 5 | W27: 1 | X27: 4 | Y27: 1 | Z27: 5 | AA27: 5 | AB27: 5 | AC27: 1 | AD27: 4 | AE27: ОЧЕНЬ МНОГО!!! | AF27: ОЧЕНЬ МНОГО!!! | AG27: Умеренно | AH27: ОЧЕНЬ МНОГО!!! | AI27: НИЧЕГО | AJ27: Нейтральное | AK27: Нейтральное | AL27: Скорее позитивное | AM27: Нейтральное | AN27: Что-то неприятное | AO27: Скорее позитивное | AP27: Скорее позитивное | AQ27: Скорее позитивное | AT27: Очень часто | AU27: Очень часто | AV27: Очень часто | AW27: Часто | AX27: Иногда | AY27: Очень часто | AZ27: Никогда | BA27: Очень часто | BB27: Иногда | BC27: Редко | BD27: Очень часто | BE27: Спокойнее | BF27: Иногда | BG27: Редко | BH27: Часто | BI27: Часто | BJ27: Редко | BK27: Иногда
A28: 43458.79 | B28: М | C28: 30 | D28: 5 | E28: 3 | F28: Я успеваю разобраться с необходимой текучкой, и даже изредка могу посвящать силы долгосрочным планам | G28: 3 | I28: 8 | J28: Я успеваю разобраться с необходимой текучкой, и даже изредка могу посвящать силы долгосрочным планам | K28: 7 | L28: 1 | M28: 2 | N28: 2 | O28: 1 | P28: 1 | Q28: 2 | R28: 4 | S28: 2 | T28: 3 | U28: 4 | V28: 2 | W28: 2 | X28: 2 | Y28: 3 | Z28: 3 | AA28: 5 | AB28: 5 | AC28: 1 | AD28: 4 | AE28: Много | AF28: Умеренно | AG28: Очень мало | AH28: Очень мало | AI28: Очень мало | AJ28: Нейтральное | AK28: Нейтральное | AL28: Что-то неприятное | AM28: Что-то неприятное | AN28: Нейтральное | AO28: Нейтральное | AP28: Нейтральное | AQ28: Нейтральное | AR28: asap | AS28: Слова похвалы - спасибо, молодец, отличная работа | AT28: Редко | AU28: Часто | AV28: Часто | AW28: Часто | AX28: Иногда | AY28: Часто | AZ28: Никогда | BA28: Редко | BB28: Редко | BC28: Иногда | BD28: Часто | BE28: Быстрее | BF28: Редко | BG28: Часто | BH28: Часто | BI28: Редко | BJ28: Никогда или очень редко | BK28: Иногда
A29: 43458.792 | B29: М | C29: 27 | D29: 2 | F29: Я едва-едва успеваю выполнить необходимую текучку, но на долгосрочные планы не остается сил | G29: 3 | I29: 8 | J29: Я успеваю разобраться с необходимой текучкой, и даже изредка могу посвящать силы долгосрочным планам | K29: 8 | L29: 5 | M29: 4 | N29: 5 | O29: 5 | P29: 3 | Q29: 5 | R29: 4 | S29: 7 | T29: 4 | U29: 5 | V29: 1 | W29: 1 | X29: 5 | Y29: 3 | Z29: 5 | AA29: 5 | AB29: 5 | AC29: 2 | AD29: 4 | AE29: ОЧЕНЬ МНОГО!!! | AF29: Много | AG29: НИЧЕГО | AH29: Умеренно | AI29: Много | AJ29: Нейтральное | AK29: Нейтральное | AL29: Нейтральное | AM29: Нейтральное | AN29: Нейтральное | AO29: Нейтральное | AP29: Нейтральное | AQ29: Что-то неприятное | AR29: Отчет о проделанной работе, ПМИ | AT29: Часто | AU29: Часто | AV29: Никогда | AW29: Никогда | AX29: Никогда | AY29: Никогда | AZ29: Иногда | BA29: Никогда | BB29: Никогда | BC29: Никогда | BD29: Часто | BE29: Существенно быстрее | BF29: Редко | BG29: Никогда или очень редко | BH29: Редко | BI29: Очень часто или всегда | BJ29: Часто | BK29: Часто
A30: 43458.793 | B30: М | C30: 30 | D30: 2 | E30: 7 | F30: Я успеваю разобраться с необходимой текучкой, и даже изредка могу посвящать силы долгосрочным планам | G30: 7 | I30: 5 | J30: Я вполне продуктивно продвигаюсь к своим долгосрочным целям. Завалы если и случаются, то не часто | K30: 8 | L30: 3 | M30: 2 | N30: 5 | O30: 1 | P30: 1 | Q30: 3 | R30: 1 | S30: 5 | T30: 3 | U30: 5 | V30: 3 | W30: 2 | X30: 3 | Y30: 5 | Z30: 3 | AA30: 5 | AB30: 5 | AC30: 1 | AD30: 5 | AE30: Очень мало | AF30: Умеренно | AG30: Очень мало | AH30: Умеренно | AI30: Много | AJ30: Настоящая радость | AK30: Настоящая радость | AL30: Скорее позитивное | AM30: Настоящая радость | AN30: Нейтральное | AO30: Вполне приятные | AP30: Нейтральное | AQ30: Скорее позитивное | AR30: Это не наше, а кого-то другого | AS30: Отлично сработали | AT30: Редко | AU30: Часто | AV30: Часто | AW30: Иногда | AX30: Очень часто | AY30: Очень часто | AZ30: Редко | BA30: Иногда | BB30: Очень часто | BC30: Очень часто | BD30: Очень часто | BE30: Спокойнее | BF30: Иногда | BG30: Часто | BH30: Часто | BI30: Иногда | BJ30: Иногда | BK30: Часто
A31: 43458.794 | B31: Ж | C31: 29 | D31: 3 | E31: 8 | F31: Я едва-едва успеваю выполнить необходимую текучку, но на долгосрочные планы не остается сил | G31: 5 | I31: 8 | J31: Я вполне продуктивно продвигаюсь к своим долгосрочным целям. Завалы если и случаются, то не часто | K31: 8 | L31: 5 | M31: 3 | N31: 2 | O31: 1 | P31: 1 | Q31: 1 | R31: 5 | S31: 0 | T31: 1 | U31: 1 | V31: 1 | W31: 3 | X31: 1 | Y31: 3 | Z31: 5 | AA31: 5 | AB31: 5 | AC31: 1 | AD31: 5 | AE31: ОЧЕНЬ МНОГО!!! | AF31: Умеренно | AG31: Очень мало | AH31: Умеренно | AI31: Умеренно | AJ31: Нейтральное | AK31: Нейтральное | AL31: Нейтральное | AM31: Скорее позитивное | AN31: Что-то неприятное | AO31: Настоящая радость | AP31: Вполне приятные | AQ31: Настоящая радость | AR31: Я вас услышал | AS31: Консьюмеры хеппи | AT31: Редко | AU31: Очень часто | AV31: Часто | AW31: Редко | AX31: Редко | AY31: Никогда | AZ31: Никогда | BA31: Часто | BB31: Никогда | BC31: Часто | BD31: Очень часто | BE31: Быстрее | BF31: Редко | BG31: Очень часто или всегда | BH31: Редко | BI31: Иногда | BJ31: Иногда | BK31: Очень часто или всегда
A32: 43458.794 | B32: М | C32: 25 | D32: 2 | E32: 6 | F32: Я не успеваю выполнять даже необходимый минимум | G32: 3 | I32: 9 | J32: Я вполне продуктивно продвигаюсь к своим долгосрочным целям. Завалы если и случаются, то не часто | K32: 9 | L32: 4 | M32: 4 | N32: 4 | O32: 3 | P32: 2 | Q32: 2 | R32: 4 | S32: 3 | T32: 4 | U32: 4 | V32: 4 | W32: 3 | X32: 2 | Y32: 3 | Z32: 5 | AA32: 5 | AB32: 4 | AC32: 3 | AD32: 5 | AE32: Очень мало | AF32: ОЧЕНЬ МНОГО!!! | AG32: НИЧЕГО | AH32: Очень мало | AI32: Умеренно | AJ32: Скорее позитивное | AK32: Скорее позитивное | AL32: ЖГУЧАЯ НЕНАВИСТЬ!!! | AM32: ЖГУЧАЯ НЕНАВИСТЬ!!! | AN32: Нейтральное | AO32: ЖГУЧАЯ НЕНАВИСТЬ!!! | AP32: Стойкое отвращение | AQ32: ЖГУЧАЯ НЕНАВИСТЬ!!! | AR32: HR | AS32: Бонус | AT32: Редко | AU32: Редко | AV32: Иногда | AW32: Никогда | AX32: Редко | AY32: Очень часто | AZ32: Никогда | BA32: Редко | BB32: Никогда | BC32: Никогда | BD32: Иногда | BE32: Существенно быстрее | BF32: Иногда | BG32: Иногда | BH32: Часто | BI32: Иногда | BJ32: Иногда | BK32: Часто
A33: 43458.795 | B33: Ж | C33: 39 | D33: 5 | E33: 8 | F33: Я вполне продуктивно продвигаюсь к своим долгосрочным целям. Завалы если и случаются, то не часто | G33: 10 | I33: 8 | J33: Все происходит естественно и спонтанно, очень часто то, что на первый взгляд казалось текучкой прекрасно вписывается в мои долгосрочные интересы | K33: 9 | L33: 5 | M33: 5 | N33: 5 | O33: 2 | P33: 2 | Q33: 5 | R33: 1 | S33: 2 | T33: 2 | U33: 2 | V33: 2 | W33: 2 | X33: 2 | Y33: 5 | Z33: 2 | AA33: 4 | AB33: 3 | AC33: 1 | AD33: 2 | AE33: Много | AF33: Очень мало | AG33: Очень мало | AH33: Очень мало | AI33: Много | AJ33: Вполне приятные | AK33: Вполне приятные | AL33: Вполне приятные | AM33: Настоящая радость | AN33: Настоящая радость | AO33: Настоящая радость | AP33: Настоящая радость | AQ33: Настоящая радость | AR33: Нет таких | AS33: Вовлеченность. Ценности | AT33: Редко | AU33: Часто | AV33: Редко | AW33: Редко | AX33: Редко | AY33: Редко | AZ33: Никогда | BA33: Редко | BB33: Редко | BC33: Иногда | BD33: Иногда | BE33: Точно так же | BF33: Часто | BG33: Часто | BH33: Часто | BI33: Никогда или очень редко | BJ33: Редко | BK33: Редко
A34: 43458.796 | B34: М | C34: 34 | D34: 4 | E34: 7 | F34: Я едва-едва успеваю выполнить необходимую текучку, но на долгосрочные планы не остается сил | G34: 4 | I34: 8 | J34: Я успеваю разобраться с необходимой текучкой, и даже изредка могу посвящать силы долгосрочным планам | K34: 6 | L34: 3 | M34: 3 | N34: 3 | O34: 3 | P34: 4 | Q34: 3 | R34: 4 | S34: 3 | T34: 3 | U34: 2 | V34: 3 | W34: 3 | X34: 4 | Y34: 2 | Z34: 3 | AA34: 5 | AB34: 5 | AC34: 4 | AD34: 2 | AE34: Умеренно | AF34: Очень мало | AG34: НИЧЕГО | AH34: НИЧЕГО | AI34: Очень мало | AJ34: Нейтральное | AK34: Нейтральное | AL34: Что-то неприятное | AM34: Нейтральное | AN34: Что-то неприятное | AO34: Нейтральное | AP34: Стойкое отвращение | AQ34: Стойкое отвращение | AR34: Метрики | AT34: Редко | AU34: Часто | AV34: Иногда | AW34: Часто | AX34: Очень часто | AY34: Очень часто | AZ34: Никогда | BA34: Часто | BB34: Редко | BC34: Редко | BD34: Часто | BE34: Спокойнее | BF34: Редко | BG34: Очень часто или всегда | BH34: Иногда | BI34: Никогда или очень редко | BJ34: Часто | BK34: Часто
A35: 43458.797 | B35: Ж | C35: 36 | D35: 5 | E35: 9 | F35: Я успеваю разобраться с необходимой текучкой, и даже изредка могу посвящать силы долгосрочным планам | G35: 5 | I35: 9 | J35: Все происходит естественно и спонтанно, очень часто то, что на первый взгляд казалось текучкой прекрасно вписывается в мои долгосрочные интересы | K35: 8 | L35: 5 | M35: 5 | N35: 4 | O35: 3 | P35: 3 | Q35: 4 | R35: 4 | S35: 8 | T35: 2 | U35: 2 | V35: 5 | W35: 2 | X35: 2 | Y35: 3 | Z35: 5 | AA35: 5 | AB35: 5 | AC35: 1 | AD35: 4 | AE35: Много | AF35: ОЧЕНЬ МНОГО!!! | AG35: ОЧЕНЬ МНОГО!!! | AH35: Очень мало | AI35: ОЧЕНЬ МНОГО!!! | AJ35: Скорее позитивное | AK35: Нейтральное | AL35: Нейтральное | AM35: Нейтральное | AN35: Нейтральное | AO35: Нейтральное | AP35: Нейтральное | AQ35: Нейтральное | AS35: годовые бонусы))) | AT35: Часто | AU35: Очень часто | AV35: Часто | AW35: Очень часто | AX35: Очень часто | AY35: Иногда | AZ35: Редко | BA35: Очень часто | BB35: Редко | BC35: Иногда | BD35: Часто | BE35: Быстрее | BF35: Редко | BG35: Редко | BH35: Часто | BI35: Часто | BJ35: Иногда | BK35: Иногда
A36: 43458.798 | B36: Ж | C36: 35 | D36: 5 | E36: 8 | F36: Я вполне продуктивно продвигаюсь к своим долгосрочным целям. Завалы если и случаются, то не часто | G36: 10 | I36: 4 | J36: Я успеваю разобраться с необходимой текучкой, и даже изредка могу посвящать силы долгосрочным планам | K36: 3 | L36: 4 | M36: 4 | N36: 2 | O36: 4 | P36: 1 | Q36: 5 | R36: 1 | S36: 3 | T36: 5 | U36: 2 | V36: 3 | W36: 3 | X36: 4 | Y36: 5 | Z36: 2 | AA36: 3 | AB36: 5 | AC36: 2 | AD36: 4 | AE36: Очень мало | AF36: Умеренно | AG36: Умеренно | AH36: Очень мало | AI36: Много | AJ36: Нейтральное | AK36: Что-то неприятное | AL36: Скорее позитивное | AM36: Вполне приятные | AN36: Стойкое отвращение | AO36: Что-то неприятное | AP36: Что-то неприятное | AQ36: Стойкое отвращение | AR36: непрозрачно, когда ноют | AS36: синхронизируемся, вам нужно сделать/ваша задача, | AT36: Иногда | AU36: Иногда | AV36: Редко | AW36: Часто | AX36: Часто | AY36: Очень часто | AZ36: Редко | BA36: Иногда | BB36: Никогда | BC36: Редко | BD36: Часто | BE36: Спокойнее | BF36: Иногда | BG36: Редко | BH36: Редко | BI36: Иногда | BJ36: Иногда | BK36: Часто
A37: 43458.798 | B37: М | C37: 34 | D37: 4 | E37: 9 | F37: Я успеваю разобраться с необходимой текучкой, и даже изредка могу посвящать силы долгосрочным планам | G37: 4 | I37: 9 | J37: Я успеваю разобраться с необходимой текучкой, и даже изредка могу посвящать силы долгосрочным планам | K37: 7 | L37: 4 | M37: 3 | N37: 2 | O37: 1 | P37: 2 | Q37: 4 | R37: 5 | S37: 7 | T37: 1 | U37: 1 | V37: 1 | W37: 4 | X37: 2 | Y37: 4 | Z37: 2 | AA37: 4 | AB37: 4 | AC37: 3 | AD37: 4 | AE37: Много | AF37: Много | AG37: Умеренно | AH37: Очень мало | AI37: Умеренно | AJ37: Нейтральное | AK37: Нейтральное | AL37: Нейтральное | AM37: Скорее позитивное | AN37: Нейтральное | AO37: Вполне приятные | AP37: Нейтральное | AQ37: Вполне приятные | AR37: англицизмы - goals, commit | AS37: команда, коллеги, цель, польза | AT37: Иногда | AU37: Часто | AV37: Часто | AW37: Часто | AX37: Часто | AY37: Часто | AZ37: Редко | BA37: Часто | BB37: Редко | BC37: Часто | BD37: Часто | BE37: Спокойнее | BF37: Редко | BG37: Редко | BH37: Иногда | BI37: Иногда | BJ37: Иногда | BK37: Иногда
A38: 43458.799 | B38: М | C38: 38 | D38: 6 | E38: 6 | F38: Я вполне продуктивно продвигаюсь к своим долгосрочным целям. Завалы если и случаются, то не часто | G38: 8 | I38: 4 | J38: Я вполне продуктивно продвигаюсь к своим долгосрочным целям. Завалы если и случаются, то не часто | K38: 9 | L38: 2 | M38: 2 | N38: 2 | O38: 2 | P38: 2 | Q38: 4 | R38: 5 | S38: 7 | T38: 4 | U38: 4 | V38: 5 | W38: 4 | X38: 2 | Y38: 4 | Z38: 2 | AA38: 5 | AB38: 5 | AC38: 3 | AD38: 3 | AE38: Много | AF38: ОЧЕНЬ МНОГО!!! | AG38: Очень мало | AH38: Много | AI38: Много | AJ38: Скорее позитивное | AK38: Нейтральное | AL38: Нейтральное | AM38: Что-то неприятное | AN38: Стойкое отвращение | AO38: Что-то неприятное | AP38: Скорее позитивное | AQ38: Нейтральное | AR38: Клиентоориентированность | AS38: Зарплата | AT38: Очень часто | AU38: Часто | AV38: Часто | AW38: Часто | AX38: Часто | AY38: Никогда | AZ38: Иногда | BA38: Очень часто | BB38: Никогда | BC38: Очень часто | BD38: Часто | BE38: Быстрее | BF38: Часто | BG38: Часто | BH38: Часто | BI38: Иногда | BJ38: Иногда | BK38: Иногда
A39: 43458.803 | B39: Ж | C39: 36 | D39: 6 | E39: 8 | F39: Я успеваю разобраться с необходимой текучкой, и даже изредка могу посвящать силы долгосрочным планам | G39: 5 | I39: 6 | J39: Я не успеваю выполнять даже необходимый минимум | K39: 3 | L39: 3 | M39: 5 | N39: 3 | O39: 4 | P39: 2 | Q39: 5 | R39: 2 | S39: 6 | T39: 3 | U39: 5 | V39: 3 | W39: 1 | X39: 1 | Y39: 4 | Z39: 5 | AA39: 5 | AB39: 5 | AC39: 2 | AD39: 4 | AE39: Много | AF39: Умеренно | AG39: Умеренно | AH39: НИЧЕГО | AI39: Много | AJ39: Вполне приятные | AK39: Нейтральное | AL39: Скорее позитивное | AM39: Настоящая радость | AN39: Что-то неприятное | AO39: Настоящая радость | AP39: Что-то неприятное | AQ39: Вполне приятные | AR39: Deadline, | AS39: Обучение | AT39: Очень часто | AU39: Очень часто | AV39: Очень часто | AW39: Очень часто | AX39: Редко | AY39: Иногда | AZ39: Никогда | BA39: Очень часто | BB39: Иногда | BC39: Никогда | BD39: Часто | BE39: Быстрее | BF39: Никогда или очень редко | BG39: Редко | BH39: Редко | BI39: Часто | BJ39: Часто | BK39: Часто
A40: 43458.803 | B40: М | C40: 38 | D40: 7 | E40: 3 | F40: Я успеваю разобраться с необходимой текучкой, и даже изредка могу посвящать силы долгосрочным планам | G40: 5 | I40: 7 | J40: Я вполне продуктивно продвигаюсь к своим долгосрочным целям. Завалы если и случаются, то не часто | K40: 8 | L40: 4 | M40: 5 | N40: 3 | O40: 2 | P40: 3 | Q40: 5 | R40: 3 | S40: 7 | T40: 4 | U40: 3 | V40: 2 | W40: 2 | X40: 2 | Y40: 4 | Z40: 4 | AA40: 5 | AB40: 5 | AC40: 1 | AD40: 5 | AE40: Умеренно | AF40: Очень мало | AG40: НИЧЕГО | AH40: НИЧЕГО | AI40: Очень мало | AJ40: Нейтральное | AK40: Нейтральное | AL40: Что-то неприятное | AM40: Что-то неприятное | AN40: Что-то неприятное | AO40: Что-то неприятное | AP40: Нейтральное | AQ40: Стойкое отвращение | AT40: Часто | AU40: Часто | AV40: Иногда | AW40: Часто | AX40: Часто | AY40: Часто | AZ40: Редко | BA40: Редко | BB40: Часто | BC40: Редко | BD40: Иногда | BE40: Быстрее | BF40: Редко | BG40: Часто | BH40: Иногда | BI40: Редко | BJ40: Редко | BK40: Иногда
A41: 43458.803 | B41: М | C41: 28 | D41: 5 | E41: 6 | F41: Я успеваю разобраться с необходимой текучкой, и даже изредка могу посвящать силы долгосрочным планам | G41: 3 | I41: 6 | J41: Я успеваю разобраться с необходимой текучкой, и даже изредка могу посвящать силы долгосрочным планам | K41: 2 | L41: 3 | M41: 3 | N41: 4 | O41: 4 | P41: 2 | Q41: 4 | R41: 2 | S41: 6 | T41: 4 | U41: 5 | V41: 4 | W41: 2 | X41: 4 | Y41: 3 | Z41: 3 | AA41: 4 | AB41: 5 | AC41: 4 | AD41: 2 | AE41: Умеренно | AF41: Много | AG41: Очень мало | AH41: Очень мало | AI41: Очень мало | AJ41: Нейтральное | AK41: Скорее позитивное | AL41: Нейтральное | AM41: Вполне приятные | AN41: Скорее позитивное | AO41: Вполне приятные | AP41: Скорее позитивное | AQ41: Вполне приятные | AR41: Планерка | AS41: Планирование, отпуск :) | AT41: Никогда | AU41: Редко | AV41: Редко | AW41: Иногда | AX41: Часто | AY41: Часто | AZ41: Редко | BA41: Иногда | BB41: Редко | BC41: Часто | BD41: Иногда | BE41: Точно так же | BF41: Никогда или очень редко | BG41: Часто | BH41: Редко | BI41: Редко | BJ41: Редко | BK41: Иногда
A42: 43458.804 | B42: Ж | C42: 40 | D42: 3 | E42: 8 | F42: Я успеваю разобраться с необходимой текучкой, и даже изредка могу посвящать силы долгосрочным планам | G42: 3 | I42: 8 | J42: Я успеваю разобраться с необходимой текучкой, и даже изредка могу посвящать силы долгосрочным планам | L42: 4 | M42: 4 | N42: 4 | O42: 4 | P42: 4 | Q42: 5 | R42: 1 | S42: 4 | T42: 2 | U42: 3 | V42: 3 | W42: 2 | X42: 2 | Y42: 5 | Z42: 5 | AA42: 2 | AB42: 3 | AC42: 3 | AD42: 5 | AE42: ОЧЕНЬ МНОГО!!! | AF42: ОЧЕНЬ МНОГО!!! | AG42: Много | AH42: Умеренно | AI42: Умеренно | AJ42: Вполне приятные | AK42: Вполне приятные | AL42: Вполне приятные | AM42: Вполне приятные | AN42: Что-то неприятное | AO42: Скорее позитивное | AP42: Скорее позитивное | AQ42: Скорее позитивное | AR42: Совещание, собрание, аналитическая справка | AS42: Команда, ценность, результат | AT42: Никогда | AU42: Очень часто | AV42: Очень часто | AW42: Очень часто | AX42: Очень часто | AY42: Никогда | AZ42: Иногда | BA42: Очень часто | BB42: Редко | BC42: Часто | BD42: Очень часто | BE42: Существенно быстрее | BF42: Редко | BG42: Часто | BH42: Иногда | BI42: Иногда | BJ42: Редко | BK42: Иногда
A43: 43458.809 | B43: Ж | C43: 28 | D43: 2 | E43: 3 | F43: Я едва-едва успеваю выполнить необходимую текучку, но на долгосрочные планы не остается сил | G43: 4 | I43: 6 | J43: Я успеваю разобраться с необходимой текучкой, и даже изредка могу посвящать силы долгосрочным планам | K43: 6 | L43: 3 | M43: 4 | N43: 5 | O43: 4 | P43: 5 | Q43: 4 | R43: 4 | S43: 6 | T43: 1 | U43: 2 | V43: 2 | W43: 2 | X43: 1 | Y43: 3 | Z43: 2 | AA43: 5 | AB43: 5 | AC43: 2 | AD43: 4 | AE43: Умеренно | AF43: НИЧЕГО | AG43: НИЧЕГО | AH43: Много | AI43: ОЧЕНЬ МНОГО!!! | AJ43: Нейтральное | AK43: Нейтральное | AL43: Нейтральное | AM43: Стойкое отвращение | AN43: Скорее позитивное | AO43: Вполне приятные | AP43: Нейтральное | AQ43: Нейтральное | AR43: Вы должны | AS43: Мы вам дадим/обеспечим и т.п. | AT43: Часто | AU43: Часто | AV43: Редко | AW43: Очень часто | AX43: Очень часто | AY43: Очень часто | AZ43: Никогда | BA43: Часто | BB43: Редко | BC43: Никогда | BD43: Очень часто | BE43: Спокойнее | BF43: Часто | BG43: Часто | BH43: Редко | BI43: Иногда | BJ43: Часто | BK43: Часто
A44: 43458.811 | B44: М | C44: 30 | D44: 2 | E44: 6 | F44: Я успеваю разобраться с необходимой текучкой, и даже изредка могу посвящать силы долгосрочным планам | G44: 7 | I44: 6 | J44: Я вполне продуктивно продвигаюсь к своим долгосрочным целям. Завалы если и случаются, то не часто | K44: 9 | L44: 5 | M44: 3 | N44: 3 | O44: 4 | P44: 4 | Q44: 5 | R44: 2 | S44: 2 | T44: 2 | U44: 3 | V44: 3 | W44: 2 | X44: 1 | Y44: 3 | Z44: 5 | AA44: 5 | AB44: 5 | AC44: 1 | AD44: 3 | AE44: Много | AF44: Много | AG44: НИЧЕГО | AH44: Очень мало | AI44: НИЧЕГО | AJ44: Нейтральное | AK44: Что-то неприятное | AL44: Скорее позитивное | AM44: Стойкое отвращение | AN44: ЖГУЧАЯ НЕНАВИСТЬ!!! | AO44: Что-то неприятное | AP44: Нейтральное | AQ44: Скорее позитивное | AR44: Менеджмент, управленцы | AS44: Победа, прибавка, премия | AT44: Редко | AU44: Очень часто | AV44: Часто | AW44: Очень часто | AX44: Очень часто | AY44: Очень часто | AZ44: Никогда | BA44: Часто | BB44: Часто | BC44: Часто | BD44: Иногда | BE44: Существенно быстрее | BF44: Никогда или очень редко | BG44: Очень часто или всегда | BH44: Редко | BI44: Никогда или очень редко | BJ44: Часто | BK44: Иногда
A45: 43458.812 | B45: Ж | C45: 29 | D45: 2 | E45: 7 | F45: Я успеваю разобраться с необходимой текучкой, и даже изредка могу посвящать силы долгосрочным планам | G45: 6 | I45: 5 | J45: Я успеваю разобраться с необходимой текучкой, и даже изредка могу посвящать силы долгосрочным планам | K45: 8 | L45: 4 | M45: 5 | N45: 3 | O45: 1 | P45: 3 | Q45: 1 | R45: 5 | S45: 8 | T45: 3 | U45: 2 | V45: 4 | W45: 3 | X45: 1 | Y45: 2 | Z45: 5 | AA45: 5 | AB45: 5 | AC45: 1 | AD45: 5 | AE45: Много | AF45: Много | AG45: Умеренно | AH45: Умеренно | AI45: Умеренно | AJ45: Скорее позитивное | AK45: Нейтральное | AL45: Нейтральное | AM45: Нейтральное | AN45: Что-то неприятное | AO45: Скорее позитивное | AP45: Нейтральное | AQ45: Нейтральное | AR45: Сейчас быстренько сделаем | AS45: Мы перевыполнили план | AT45: Очень часто | AU45: Часто | AV45: Иногда | AW45: Иногда | AX45: Часто | AY45: Редко | AZ45: Никогда | BA45: Иногда | BB45: Иногда | BC45: Никогда | BD45: Редко | BE45: Точно так же | BF45: Иногда | BG45: Часто | BH45: Иногда | BI45: Иногда | BJ45: Редко | BK45: Редко
A46: 43458.812 | B46: М | C46: 32 | D46: 4 | E46: 8 | F46: Я вполне продуктивно продвигаюсь к своим долгосрочным целям. Завалы если и случаются, то не часто | G46: 7 | I46: 9 | J46: Я вполне продуктивно продвигаюсь к своим долгосрочным целям. Завалы если и случаются, то не часто | K46: 9 | L46: 5 | M46: 5 | N46: 5 | O46: 2 | P46: 5 | Q46: 2 | R46: 5 | S46: 3 | T46: 1 | U46: 2 | V46: 1 | W46: 2 | X46: 1 | Y46: 1 | Z46: 5 | AA46: 4 | AB46: 2 | AC46: 1 | AD46: 1 | AE46: Очень мало | AF46: Много | AG46: НИЧЕГО | AH46: Умеренно | AI46: Умеренно | AJ46: Вполне приятные | AK46: Скорее позитивное | AL46: Что-то неприятное | AM46: Настоящая радость | AN46: Нейтральное | AO46: Скорее позитивное | AP46: Вполне приятные | AQ46: Настоящая радость | AR46: Кейсы, оптимизация,эффективность | AS46: Мотивация, результат,успех | AT46: Иногда | AU46: Часто | AV46: Иногда | AW46: Редко | AX46: Иногда | AY46: Часто | AZ46: Редко | BA46: Часто | BB46: Часто | BC46: Иногда | BD46: Очень часто | BE46: Быстрее | BF46: Часто | BG46: Иногда | BH46: Иногда | BI46: Иногда | BJ46: Никогда или очень редко | BK46: Иногда
A47: 43458.813 | B47: Ж | C47: 29 | D47: 4 | E47: 7 | F47: Я успеваю разобраться с необходимой текучкой, и даже изредка могу посвящать силы долгосрочным планам | G47: 4 | I47: 7 | J47: Я успеваю разобраться с необходимой текучкой, и даже изредка могу посвящать силы долгосрочным планам | K47: 6 | L47: 4 | M47: 2 | N47: 3 | O47: 4 | P47: 4 | Q47: 2 | R47: 3 | S47: 7 | T47: 4 | U47: 5 | V47: 3 | W47: 3 | X47: 1 | Y47: 2 | Z47: 3 | AA47: 5 | AB47: 5 | AC47: 2 | AD47: 5 | AE47: Очень мало | AF47: Много | AG47: Умеренно | AH47: Много | AI47: Очень мало | AJ47: Нейтральное | AK47: Нейтральное | AL47: Скорее позитивное | AM47: Вполне приятные | AN47: Нейтральное | AO47: Нейтральное | AP47: Скорее позитивное | AQ47: Вполне приятные | AR47: Общая ответственность | AS47: Успех премия выполнение задач окончание работы над проектом | AT47: Очень часто | AU47: Часто | AV47: Иногда | AW47: Очень часто | AX47: Очень часто | AY47: Часто | AZ47: Часто | BA47: Очень часто | BB47: Редко | BC47: Иногда | BD47: Иногда | BE47: Быстрее | BF47: Иногда | BG47: Часто | BH47: Редко | BI47: Иногда | BJ47: Иногда | BK47: Иногда
A48: 43458.813 | B48: Ж | C48: 38 | D48: 6 | E48: 6 | F48: Я едва-едва успеваю выполнить необходимую текучку, но на долгосрочные планы не остается сил | G48: 6 | I48: 8 | J48: Я успеваю разобраться с необходимой текучкой, и даже изредка могу посвящать силы долгосрочным планам | K48: 8 | L48: 5 | M48: 5 | N48: 4 | O48: 4 | P48: 3 | Q48: 5 | R48: 4 | S48: 6 | T48: 3 | U48: 3 | V48: 4 | W48: 2 | X48: 4 | Y48: 2 | Z48: 5 | AA48: 5 | AB48: 5 | AC48: 5 | AD48: 5 | AE48: Умеренно | AF48: Много | AG48: Очень мало | AH48: Много | AI48: Умеренно | AJ48: Скорее позитивное | AK48: Настоящая радость | AL48: Нейтральное | AM48: Нейтральное | AN48: Что-то неприятное | AO48: Нейтральное | AP48: Вполне приятные | AQ48: Скорее позитивное | AR48: Сокращение штата | AS48: Годовые премии | AT48: Редко | AU48: Очень часто | AV48: Очень часто | AW48: Очень часто | AX48: Очень часто | AY48: Часто | AZ48: Редко | BA48: Очень часто | BB48: Часто | BC48: Часто | BD48: Очень часто | BE48: Быстрее | BF48: Никогда или очень редко | BG48: Редко | BH48: Иногда | BI48: Часто | BJ48: Иногда | BK48: Иногда
A49: 43458.814 | B49: М | C49: 31 | D49: 4 | E49: 9 | F49: Я вполне продуктивно продвигаюсь к своим долгосрочным целям. Завалы если и случаются, то не часто | G49: 7 | I49: 8 | J49: Я вполне продуктивно продвигаюсь к своим долгосрочным целям. Завалы если и случаются, то не часто | K49: 7 | L49: 2 | M49: 2 | N49: 2 | O49: 2 | P49: 2 | Q49: 2 | R49: 4 | S49: 6 | T49: 3 | U49: 4 | V49: 2 | W49: 1 | X49: 4 | Y49: 5 | Z49: 4 | AA49: 5 | AB49: 5 | AC49: 1 | AD49: 4 | AE49: Очень мало | AF49: Очень мало | AG49: НИЧЕГО | AH49: Очень мало | AI49: Умеренно | AJ49: Стойкое отвращение | AK49: Скорее позитивное | AL49: Скорее позитивное | AM49: Скорее позитивное | AN49: Что-то неприятное | AO49: Скорее позитивное | AP49: Стойкое отвращение | AQ49: Стойкое отвращение | AR49: Honestly, book of work, values and beliefes | AS49: Good gob, vell done, exellent | AT49: Редко | AU49: Часто | AV49: Иногда | AW49: Редко | AX49: Очень часто | AY49: Часто | AZ49: Никогда | BA49: Очень часто | BB49: Редко | BC49: Очень часто | BD49: Очень часто | BE49: Точно так же | BF49: Часто | BG49: Очень часто или всегда | BH49: Иногда | BI49: Никогда или очень редко | BJ49: Никогда или очень редко | BK49: Редко
A50: 43458.815 | B50: Ж | C50: 42 | D50: 4 | E50: 7 | F50: Я едва-едва успеваю выполнить необходимую текучку, но на долгосрочные планы не остается сил | G50: 3 | I50: 9 | J50: Я успеваю разобраться с необходимой текучкой, и даже изредка могу посвящать силы долгосрочным планам | K50: 5 | L50: 4 | M50: 4 | N50: 4 | O50: 2 | P50: 5 | Q50: 5 | R50: 2 | S50: 3 | T50: 2 | U50: 4 | V50: 5 | W50: 3 | X50: 5 | Y50: 2 | Z50: 5 | AA50: 5 | AB50: 5 | AC50: 4 | AD50: 3 | AE50: Очень мало | AF50: ОЧЕНЬ МНОГО!!! | AG50: Очень мало | AH50: НИЧЕГО | AI50: Очень мало | AJ50: Нейтральное | AK50: Нейтральное | AL50: Нейтральное | AM50: Нейтральное | AN50: Что-то неприятное | AO50: Нейтральное | AP50: Вполне приятные | AQ50: Нейтральное | AR50: СОУТ, налоговая отчетность | AS50: решения, основанные на данных, KPI, аналитика, система, процедуры | AT50: Иногда | AU50: Очень часто | AV50: Часто | AW50: Часто | AX50: Очень часто | AY50: Часто | AZ50: Очень часто | BA50: Очень часто | BB50: Редко | BC50: Часто | BD50: Очень часто | BE50: Спокойнее | BF50: Очень часто или всегда | BG50: Иногда | BH50: Никогда или очень редко | BI50: Часто | BJ50: Часто | BK50: Часто
A51: 43458.816 | B51: Ж | C51: 28 | D51: 3 | E51: 8 | F51: Я успеваю разобраться с необходимой текучкой, и даже изредка могу посвящать силы долгосрочным планам | G51: 5 | I51: 8 | J51: Я успеваю разобраться с необходимой текучкой, и даже изредка могу посвящать силы долгосрочным планам | K51: 5 | L51: 4 | M51: 3 | N51: 4 | O51: 3 | P51: 2 | Q51: 2 | R51: 3 | S51: 3 | T51: 4 | U51: 4 | V51: 3 | W51: 2 | X51: 2 | Y51: 2 | Z51: 5 | AA51: 5 | AB51: 5 | AC51: 1 | AD51: 1 | AE51: Очень мало | AF51: Умеренно | AG51: НИЧЕГО | AH51: Много | AI51: Много | AJ51: Нейтральное | AK51: Нейтральное | AL51: Нейтральное | AM51: Вполне приятные | AN51: Что-то неприятное | AO51: Вполне приятные | AP51: Нейтральное | AQ51: Нейтральное | AR51: Надо сделать вчера | AS51: Завтра будет премия) | AT51: Часто | AU51: Иногда | AV51: Редко | AW51: Иногда | AX51: Иногда | AY51: Часто | AZ51: Редко | BA51: Иногда | BB51: Редко | BC51: Редко | BD51: Иногда | BE51: Существенно спокойнее | BF51: Редко | BG51: Часто | BH51: Иногда | BI51: Иногда | BJ51: Иногда | BK51: Редко
A52: 43458.817 | B52: Ж | C52: 35 | D52: 8 | E52: 7 | F52: Я едва-едва успеваю выполнить необходимую текучку, но на долгосрочные планы не остается сил | G52: 4 | I52: 6 | J52: Я едва-едва успеваю выполнить необходимую текучку, но на долгосрочные планы не остается сил | K52: 5 | L52: 4 | M52: 3 | N52: 5 | O52: 3 | P52: 4 | Q52: 3 | R52: 5 | S52: 7 | T52: 5 | U52: 4 | V52: 5 | W52: 2 | X52: 5 | Y52: 3 | Z52: 4 | AA52: 5 | AB52: 5 | AC52: 5 | AD52: 5 | AE52: Много | AF52: Много | AG52: Умеренно | AH52: ОЧЕНЬ МНОГО!!! | AI52: Умеренно | AJ52: Скорее позитивное | AK52: Скорее позитивное | AL52: Что-то неприятное | AM52: Нейтральное | AN52: Что-то неприятное | AO52: Нейтральное | AP52: ЖГУЧАЯ НЕНАВИСТЬ!!! | AQ52: Скорее позитивное | AR52: Гибкость и стрессоустойчивость | AT52: Иногда | AU52: Очень часто | AV52: Часто | AW52: Часто | AX52: Очень часто | AY52: Часто | AZ52: Редко | BA52: Иногда | BB52: Редко | BC52: Очень часто | BD52: Очень часто | BE52: Существенно быстрее | BF52: Редко | BG52: Редко | BH52: Иногда | BI52: Иногда | BJ52: Иногда | BK52: Часто
A53: 43458.818 | B53: М | C53: 26 | D53: 3 | E53: 7 | F53: Я успеваю разобраться с необходимой текучкой, и даже изредка могу посвящать силы долгосрочным планам | G53: 8 | I53: 8 | J53: Я вполне продуктивно продвигаюсь к своим долгосрочным целям. Завалы если и случаются, то не часто | K53: 8 | L53: 2 | M53: 2 | N53: 4 | O53: 1 | P53: 1 | Q53: 3 | R53: 4 | S53: 8 | T53: 3 | U53: 4 | V53: 3 | W53: 2 | X53: 2 | Y53: 4 | Z53: 1 | AA53: 5 | AB53: 5 | AC53: 2 | AD53: 4 | AE53: Умеренно | AF53: ОЧЕНЬ МНОГО!!! | AG53: НИЧЕГО | AH53: НИЧЕГО | AI53: Умеренно | AJ53: Вполне приятные | AK53: Нейтральное | AL53: Нейтральное | AM53: Настоящая радость | AN53: Скорее позитивное | AO53: Настоящая радость | AP53: Нейтральное | AQ53: Нейтральное | AR53: Срочно | AT53: Редко | AU53: Очень часто | AV53: Часто | AW53: Часто | AX53: Очень часто | AY53: Очень часто | AZ53: Никогда | BA53: Очень часто | BB53: Очень часто | BC53: Очень часто | BD53: Очень часто | BE53: Спокойнее | BF53: Иногда | BG53: Иногда | BH53: Редко | BI53: Часто | BJ53: Иногда | BK53: Иногда
A54: 43458.818 | B54: М | C54: 41 | D54: 9 | E54: 5 | F54: Я успеваю разобраться с необходимой текучкой, и даже изредка могу посвящать силы долгосрочным планам | G54: 3 | I54: 7 | J54: Все происходит естественно и спонтанно, очень часто то, что на первый взгляд казалось текучкой прекрасно вписывается в мои долгосрочные интересы | K54: 9 | L54: 4 | M54: 2 | N54: 5 | O54: 5 | P54: 5 | Q54: 3 | R54: 4 | S54: 7 | T54: 1 | U54: 3 | V54: 5 | W54: 2 | X54: 5 | Y54: 4 | Z54: 1 | AA54: 5 | AB54: 5 | AC54: 2 | AD54: 3 | AE54: Умеренно | AF54: Умеренно | AG54: Умеренно | AH54: Умеренно | AI54: Очень мало | AJ54: Стойкое отвращение | AK54: ЖГУЧАЯ НЕНАВИСТЬ!!! | AL54: ЖГУЧАЯ НЕНАВИСТЬ!!! | AM54: ЖГУЧАЯ НЕНАВИСТЬ!!! | AN54: ЖГУЧАЯ НЕНАВИСТЬ!!! | AO54: ЖГУЧАЯ НЕНАВИСТЬ!!! | AP54: ЖГУЧАЯ НЕНАВИСТЬ!!! | AQ54: Стойкое отвращение | AR54: Все | AS54: Нет | AT54: Редко | AU54: Редко | AV54: Иногда | AW54: Иногда | AX54: Иногда | AY54: Редко | AZ54: Никогда | BA54: Иногда | BB54: Никогда | BC54: Редко | BD54: Никогда | BE54: Точно так же | BF54: Иногда | BG54: Часто | BH54: Редко | BI54: Иногда | BJ54: Часто | BK54: Часто
A55: 43458.82 | B55: Ж | C55: 47 | D55: 8 | E55: 7 | F55: Я вполне продуктивно продвигаюсь к своим долгосрочным целям. Завалы если и случаются, то не часто | G55: 6 | I55: 8 | J55: Я вполне продуктивно продвигаюсь к своим долгосрочным целям. Завалы если и случаются, то не часто | K55: 7 | L55: 4 | M55: 3 | N55: 4 | O55: 2 | P55: 2 | Q55: 3 | R55: 4 | S55: 6 | T55: 3 | U55: 4 | V55: 3 | W55: 2 | X55: 1 | Y55: 5 | Z55: 4 | AA55: 5 | AB55: 4 | AC55: 1 | AD55: 3 | AE55: Очень мало | AF55: Много | AG55: НИЧЕГО | AH55: Много | AI55: Много | AJ55: Стойкое отвращение | AK55: Что-то неприятное | AL55: Что-то неприятное | AM55: Стойкое отвращение | AN55: Нейтральное | AO55: Нейтральное | AP55: Что-то неприятное | AQ55: Что-то неприятное | AR55: срочное поручение | AS55: премия :) | AT55: Иногда | AU55: Часто | AV55: Редко | AW55: Часто | AX55: Часто | AY55: Иногда | AZ55: Редко | BA55: Часто | BB55: Редко | BC55: Очень часто | BD55: Очень часто | BE55: Существенно быстрее | BF55: Редко | BG55: Очень часто или всегда | BH55: Иногда | BI55: Редко | BJ55: Иногда | BK55: Часто
A56: 43458.822 | B56: М | C56: 40 | D56: 9 | E56: 4 | F56: Я едва-едва успеваю выполнить необходимую текучку, но на долгосрочные планы не остается сил | G56: 5 | I56: 5 | J56: Я успеваю разобраться с необходимой текучкой, и даже изредка могу посвящать силы долгосрочным планам | K56: 6 | L56: 3 | M56: 2 | N56: 3 | O56: 3 | P56: 1 | Q56: 4 | R56: 3 | S56: 8 | T56: 4 | U56: 3 | V56: 3 | W56: 1 | X56: 4 | Y56: 3 | Z56: 4 | AA56: 5 | AB56: 4 | AC56: 3 | AD56: 3 | AE56: Умеренно | AF56: ОЧЕНЬ МНОГО!!! | AG56: НИЧЕГО | AH56: Умеренно | AI56: Много | AJ56: Нейтральное | AK56: Стойкое отвращение | AL56: ЖГУЧАЯ НЕНАВИСТЬ!!! | AM56: Нейтральное | AN56: Нейтральное | AO56: Скорее позитивное | AP56: Нейтральное | AQ56: ЖГУЧАЯ НЕНАВИСТЬ!!! | AR56: громкие слова за которыми прячут простые понятия. скорее не ненависть, а смех | AS56: Бонус, повышение :) | AT56: Иногда | AU56: Часто | AV56: Иногда | AW56: Очень часто | AX56: Очень часто | AY56: Редко | AZ56: Иногда | BA56: Иногда | BB56: Никогда | BC56: Никогда | BD56: Часто | BE56: Точно так же | BF56: Редко | BG56: Иногда | BH56: Иногда | BI56: Иногда | BJ56: Очень часто или всегда | BK56: Часто
A57: 43458.823 | B57: М | C57: 36 | D57: 3 | E57: 7 | F57: Я успеваю разобраться с необходимой текучкой, и даже изредка могу посвящать силы долгосрочным планам | G57: 6 | I57: 8 | J57: Я вполне продуктивно продвигаюсь к своим долгосрочным целям. Завалы если и случаются, то не часто | K57: 7 | L57: 3 | M57: 2 | N57: 2 | O57: 2 | P57: 1 | Q57: 2 | R57: 5 | S57: 6 | T57: 2 | U57: 3 | V57: 2 | W57: 1 | X57: 2 | Y57: 4 | Z57: 2 | AA57: 4 | AB57: 5 | AC57: 3 | AD57: 1 | AE57: Много | AF57: Умеренно | AG57: Очень мало | AH57: Очень мало | AI57: НИЧЕГО | AJ57: Нейтральное | AK57: Нейтральное | AL57: Нейтральное | AM57: Скорее позитивное | AN57: Что-то неприятное | AO57: Нейтральное | AP57: Что-то неприятное | AQ57: Стойкое отвращение | AR57: Работаю вне корпоративного мира | AS57: Работаю вне корпоративного мира | AT57: Редко | AU57: Часто | AV57: Часто | AW57: Иногда | AX57: Иногда | AY57: Иногда | AZ57: Иногда | BA57: Часто | BB57: Очень часто | BC57: Часто | BD57: Иногда | BE57: Спокойнее | BF57: Часто | BG57: Часто | BH57: Часто | BI57: Редко | BJ57: Редко | BK57: Редко
A58: 43458.823 | B58: Ж | C58: 43 | D58: 11 | E58: 5 | F58: Я успеваю разобраться с необходимой текучкой, и даже изредка могу посвящать силы долгосрочным планам | G58: 7 | I58: 9 | J58: Я вполне продуктивно продвигаюсь к своим долгосрочным целям. Завалы если и случаются, то не часто | K58: 7 | L58: 5 | M58: 3 | N58: 5 | O58: 3 | P58: 3 | Q58: 3 | R58: 3 | S58: 6 | T58: 3 | U58: 5 | V58: 4 | W58: 3 | X58: 2 | Y58: 3 | Z58: 3 | AA58: 5 | AB58: 5 | AC58: 1 | AD58: 3 | AE58: Умеренно | AF58: ОЧЕНЬ МНОГО!!! | AG58: Умеренно | AH58: Умеренно | AI58: Умеренно | AJ58: Нейтральное | AK58: Скорее позитивное | AL58: Скорее позитивное | AM58: Скорее позитивное | AN58: Нейтральное | AO58: Скорее позитивное | AP58: Нейтральное | AQ58: Нейтральное | AR58: все названия не на русском языке, для всех есть русские синонимы | AS58: на русском языке | AT58: Никогда | AU58: Редко | AV58: Иногда | AW58: Никогда | AX58: Часто | AY58: Никогда | AZ58: Никогда | BA58: Иногда | BB58: Никогда | BC58: Часто | BD58: Иногда | BE58: Быстрее | BF58: Часто | BG58: Часто | BH58: Часто | BI58: Иногда | BJ58: Редко | BK58: Иногда
A59: 43458.823 | B59: М | C59: 42 | D59: 10 | E59: 6 | F59: Я успеваю разобраться с необходимой текучкой, и даже изредка могу посвящать силы долгосрочным планам | G59: 7 | I59: 3 | J59: Все происходит естественно и спонтанно, очень часто то, что на первый взгляд казалось текучкой прекрасно вписывается в мои долгосрочные интересы | K59: 9 | L59: 2 | M59: 2 | N59: 4 | O59: 2 | P59: 1 | Q59: 3 | R59: 3 | S59: 9 | T59: 1 | U59: 1 | V59: 3 | W59: 1 | X59: 1 | Y59: 4 | Z59: 3 | AA59: 5 | AB59: 4 | AC59: 1 | AD59: 3 | AE59: Умеренно | AF59: Много | AG59: НИЧЕГО | AH59: Очень мало | AI59: Много | AJ59: Вполне приятные | AK59: Стойкое отвращение | AL59: Стойкое отвращение | AM59: Скорее позитивное | AN59: ЖГУЧАЯ НЕНАВИСТЬ!!! | AO59: Вполне приятные | AP59: ЖГУЧАЯ НЕНАВИСТЬ!!! | AQ59: ЖГУЧАЯ НЕНАВИСТЬ!!! | AR59: миссия компании | AS59: рациональный подход | AT59: Редко | AU59: Часто | AV59: Часто | AW59: Иногда | AX59: Иногда | AY59: Часто | AZ59: Никогда | BA59: Иногда | BB59: Редко | BC59: Часто | BD59: Часто | BE59: ВООБЩЕ ИСТЕРИКА!!!111 | BF59: Иногда | BG59: Часто | BH59: Редко | BI59: Иногда | BJ59: Редко | BK59: Иногда
A60: 43458.825 | B60: М | C60: 35 | D60: 6 | E60: 7 | F60: Я успеваю разобраться с необходимой текучкой, и даже изредка могу посвящать силы долгосрочным планам | G60: 4 | I60: 7 | J60: Я вполне продуктивно продвигаюсь к своим долгосрочным целям. Завалы если и случаются, то не часто | K60: 6 | L60: 3 | M60: 2 | N60: 1 | O60: 1 | P60: 2 | Q60: 3 | R60: 4 | S60: 4 | T60: 3 | U60: 5 | V60: 5 | W60: 3 | X60: 1 | Y60: 5 | Z60: 3 | AA60: 5 | AB60: 5 | AC60: 1 | AD60: 1 | AE60: Много | AF60: НИЧЕГО | AG60: НИЧЕГО | AH60: Умеренно | AI60: Очень мало | AJ60: Вполне приятные | AK60: Скорее позитивное | AL60: Нейтральное | AM60: Вполне приятные | AN60: Что-то неприятное | AO60: Вполне приятные | AP60: Нейтральное | AQ60: Стойкое отвращение | AR60: ASAP | AS60: Scrum | AT60: Часто | AU60: Часто | AV60: Редко | AW60: Редко | AX60: Очень часто | AY60: Часто | AZ60: Никогда | BA60: Иногда | BB60: Никогда | BC60: Очень часто | BD60: Часто | BE60: Быстрее | BF60: Иногда | BG60: Иногда | BH60: Редко | BI60: Часто | BJ60: Иногда | BK60: Иногда
A61: 43458.83 | B61: М | C61: 38 | D61: 3 | E61: 5 | F61: Я едва-едва успеваю выполнить необходимую текучку, но на долгосрочные планы не остается сил | G61: 5 | I61: 3 | J61: Я едва-едва успеваю выполнить необходимую текучку, но на долгосрочные планы не остается сил | K61: 1 | L61: 3 | M61: 2 | N61: 3 | O61: 1 | P61: 3 | Q61: 1 | R61: 4 | S61: 8 | T61: 4 | U61: 3 | V61: 5 | W61: 2 | X61: 5 | Y61: 2 | Z61: 4 | AA61: 5 | AB61: 5 | AC61: 5 | AD61: 2 | AE61: Много | AF61: Много | AG61: НИЧЕГО | AH61: Очень мало | AI61: ОЧЕНЬ МНОГО!!! | AJ61: Вполне приятные | AK61: Нейтральное | AL61: Что-то неприятное | AM61: Настоящая радость | AN61: ЖГУЧАЯ НЕНАВИСТЬ!!! | AO61: Настоящая радость | AP61: ЖГУЧАЯ НЕНАВИСТЬ!!! | AQ61: Нейтральное | AR61: - | AS61: - | AT61: Никогда | AU61: Часто | AV61: Иногда | AW61: Часто | AX61: Часто | AY61: Очень часто | AZ61: Часто | BA61: Редко | BB61: Никогда | BC61: Редко | BD61: Часто | BE61: Спокойнее | BF61: Иногда | BG61: Часто | BH61: Редко | BI61: Редко | BJ61: Редко | BK61: Часто
A62: 43458.83 | B62: Ж | C62: 36 | D62: 5 | E62: 8 | F62: Я едва-едва успеваю выполнить необходимую текучку, но на долгосрочные планы не остается сил | G62: 7 | I62: 9 | J62: Я вполне продуктивно продвигаюсь к своим долгосрочным целям. Завалы если и случаются, то не часто | K62: 10 | L62: 5 | M62: 5 | N62: 4 | O62: 2 | P62: 2 | Q62: 5 | R62: 4 | S62: 8 | T62: 2 | U62: 4 | V62: 1 | W62: 2 | X62: 4 | Y62: 2 | Z62: 3 | AA62: 5 | AB62: 5 | AC62: 4 | AD62: 5 | AE62: Много | AF62: Много | AG62: ОЧЕНЬ МНОГО!!! | AH62: Много | AI62: Умеренно | AJ62: Нейтральное | AK62: Скорее позитивное | AL62: Нейтральное | AM62: Нейтральное | AN62: Что-то неприятное | AO62: Вполне приятные | AP62: Скорее позитивное | AQ62: Вполне приятные | AR62: Не могу помочь! | AS62: Похвала. | AT62: Редко | AU62: Очень часто | AV62: Очень часто | AW62: Очень часто | AX62: Очень часто | AY62: Часто | AZ62: Никогда | BA62: Часто | BB62: Иногда | BC62: Иногда | BD62: Часто | BE62: Существенно быстрее | BF62: Никогда или очень редко | BG62: Никогда или очень редко | BH62: Редко | BI62: Редко | BJ62: Иногда | BK62: Иногда
A63: 43458.831 | B63: М | C63: 40 | D63: 5 | E63: 0 | F63: Я едва-едва успеваю выполнить необходимую текучку, но на долгосрочные планы не остается сил | G63: 2 | I63: 0 | J63: Все происходит естественно и спонтанно, очень часто то, что на первый взгляд казалось текучкой прекрасно вписывается в мои долгосрочные интересы | K63: 10 | L63: 5 | M63: 3 | N63: 3 | O63: 1 | P63: 1 | Q63: 5 | R63: 1 | S63: 10 | T63: 5 | U63: 5 | V63: 5 | W63: 1 | X63: 1 | Y63: 5 | Z63: 1 | AA63: 5 | AB63: 5 | AC63: 1 | AD63: 1 | AE63: ОЧЕНЬ МНОГО!!! | AF63: ОЧЕНЬ МНОГО!!! | AG63: ОЧЕНЬ МНОГО!!! | AH63: Умеренно | AI63: Очень мало | AJ63: Нейтральное | AK63: Нейтральное | AL63: Что-то неприятное | AM63: Скорее позитивное | AN63: Что-то неприятное | AO63: Нейтральное | AP63: ЖГУЧАЯ НЕНАВИСТЬ!!! | AQ63: ЖГУЧАЯ НЕНАВИСТЬ!!! | AR63: Это просто... | AS63: Задача отменяется | AT63: Иногда | AU63: Очень часто | AV63: Редко | AW63: Часто | AX63: Очень часто | AY63: Очень часто | AZ63: Редко | BA63: Часто | BB63: Редко | BC63: Очень часто | BD63: Очень часто | BE63: Точно так же | BF63: Никогда или очень редко | BG63: Иногда | BH63: Редко | BI63: Очень часто или всегда | BJ63: Очень часто или всегда | BK63: Очень часто или всегда
A64: 43458.832 | B64: Ж | C64: 32 | D64: 7 | E64: 6 | F64: Я успеваю разобраться с необходимой текучкой, и даже изредка могу посвящать силы долгосрочным планам | G64: 2 | I64: 4 | J64: Я успеваю разобраться с необходимой текучкой, и даже изредка могу посвящать силы долгосрочным планам | K64: 5 | L64: 2 | M64: 3 | N64: 2 | O64: 1 | P64: 1 | Q64: 4 | R64: 3 | S64: 4 | T64: 5 | U64: 3 | V64: 1 | W64: 2 | X64: 1 | Y64: 4 | Z64: 5 | AA64: 5 | AB64: 5 | AC64: 3 | AD64: 5 | AE64: ОЧЕНЬ МНОГО!!! | AF64: Умеренно | AG64: Много | AH64: НИЧЕГО | AI64: НИЧЕГО | AJ64: Скорее позитивное | AK64: ЖГУЧАЯ НЕНАВИСТЬ!!! | AL64: Что-то неприятное | AM64: Нейтральное | AN64: Что-то неприятное | AO64: Вполне приятные | AP64: Вполне приятные | AQ64: Нейтральное | AT64: Редко | AU64: Очень часто | AV64: Часто | AW64: Очень часто | AX64: Очень часто | AY64: Очень часто | AZ64: Никогда | BA64: Очень часто | BB64: Никогда | BC64: Никогда | BD64: Часто | BE64: Быстрее | BF64: Часто | BG64: Очень часто или всегда | BH64: Часто | BI64: Никогда или очень редко | BJ64: Иногда | BK64: Иногда
A65: 43458.834 | B65: М | C65: 45 | D65: 3 | E65: 4 | F65: Я успеваю разобраться с необходимой текучкой, и даже изредка могу посвящать силы долгосрочным планам | G65: 8 | I65: 1 | J65: Я едва-едва успеваю выполнить необходимую текучку, но на долгосрочные планы не остается сил | K65: 5 | L65: 1 | M65: 2 | N65: 3 | O65: 1 | P65: 2 | Q65: 3 | R65: 5 | S65: 8 | T65: 2 | U65: 4 | V65: 2 | W65: 2 | X65: 3 | Y65: 3 | Z65: 1 | AA65: 5 | AB65: 5 | AC65: 1 | AD65: 4 | AE65: Умеренно | AF65: ОЧЕНЬ МНОГО!!! | AG65: Очень мало | AH65: Умеренно | AI65: ОЧЕНЬ МНОГО!!! | AJ65: ЖГУЧАЯ НЕНАВИСТЬ!!! | AK65: ЖГУЧАЯ НЕНАВИСТЬ!!! | AL65: Стойкое отвращение | AM65: Стойкое отвращение | AN65: Нейтральное | AO65: Что-то неприятное | AP65: Что-то неприятное | AQ65: Стойкое отвращение | AR65: Экономическая эффективность | AS65: Премия | AT65: Очень часто | AU65: Часто | AV65: Часто | AW65: Часто | AX65: Часто | AY65: Никогда | AZ65: Никогда | BA65: Очень часто | BB65: Иногда | BC65: Очень часто | BD65: Очень часто | BE65: Точно так же | BF65: Иногда | BG65: Очень часто или всегда | BH65: Иногда | BI65: Редко | BJ65: Очень часто или всегда | BK65: Часто
A66: 43458.838 | B66: М | C66: 32 | D66: 5 | E66: 3 | F66: Я едва-едва успеваю выполнить необходимую текучку, но на долгосрочные планы не остается сил | G66: 3 | I66: 5 | J66: Я едва-едва успеваю выполнить необходимую текучку, но на долгосрочные планы не остается сил | K66: 5 | L66: 5 | M66: 4 | N66: 2 | O66: 4 | P66: 5 | Q66: 4 | R66: 3 | S66: 8 | T66: 4 | U66: 4 | V66: 2 | W66: 3 | X66: 2 | Y66: 3 | Z66: 5 | AA66: 5 | AB66: 5 | AC66: 3 | AD66: 2 | AE66: Много | AF66: ОЧЕНЬ МНОГО!!! | AG66: НИЧЕГО | AH66: Умеренно | AI66: НИЧЕГО | AJ66: Что-то неприятное | AK66: ЖГУЧАЯ НЕНАВИСТЬ!!! | AL66: ЖГУЧАЯ НЕНАВИСТЬ!!! | AM66: Нейтральное | AN66: Нейтральное | AO66: Нейтральное | AP66: Стойкое отвращение | AQ66: Стойкое отвращение | AR66: продуктивность | AS66: таких нет | AT66: Иногда | AU66: Очень часто | AV66: Очень часто | AW66: Очень часто | AX66: Очень часто | AY66: Очень часто | AZ66: Никогда | BA66: Никогда | BB66: Никогда | BC66: Никогда | BD66: Иногда | BE66: Точно так же | BF66: Иногда | BG66: Иногда | BH66: Редко | BI66: Часто | BJ66: Иногда | BK66: Иногда
A67: 43458.842 | B67: Ж | C67: 45 | D67: 6 | E67: 3 | F67: Я едва-едва успеваю выполнить необходимую текучку, но на долгосрочные планы не остается сил | G67: 3 | I67: 2 | J67: Я едва-едва успеваю выполнить необходимую текучку, но на долгосрочные планы не остается сил | K67: 3 | L67: 4 | M67: 4 | N67: 3 | O67: 3 | P67: 1 | Q67: 3 | R67: 4 | S67: 10 | T67: 4 | U67: 4 | V67: 5 | W67: 2 | X67: 1 | Y67: 1 | Z67: 5 | AA67: 5 | AB67: 5 | AC67: 1 | AD67: 4 | AE67: Много | AF67: ОЧЕНЬ МНОГО!!! | AG67: НИЧЕГО | AH67: Умеренно | AI67: ОЧЕНЬ МНОГО!!! | AJ67: Скорее позитивное | AK67: Нейтральное | AL67: Что-то неприятное | AM67: Вполне приятные | AN67: Стойкое отвращение | AO67: Что-то неприятное | AP67: Нейтральное | AQ67: Что-то неприятное | AR67: Ценности, осознанность | AS67: системность, прозрачность | AT67: Иногда | AU67: Очень часто | AV67: Часто | AW67: Часто | AX67: Иногда | AY67: Редко | AZ67: Никогда | BA67: Часто | BB67: Никогда | BC67: Часто | BD67: Очень часто | BE67: Быстрее | BF67: Никогда или очень редко | BG67: Часто | BH67: Никогда или очень редко | BI67: Редко | BJ67: Часто | BK67: Часто
A68: 43458.843 | B68: М | C68: 54 | D68: 6 | E68: 6 | F68: Я едва-едва успеваю выполнить необходимую текучку, но на долгосрочные планы не остается сил | G68: 3 | I68: 4 | J68: Я успеваю разобраться с необходимой текучкой, и даже изредка могу посвящать силы долгосрочным планам | K68: 3 | L68: 3 | M68: 2 | N68: 1 | O68: 2 | P68: 2 | Q68: 2 | R68: 4 | S68: 6 | T68: 2 | U68: 4 | V68: 2 | W68: 2 | X68: 4 | Y68: 1 | Z68: 4 | AA68: 5 | AB68: 4 | AC68: 4 | AD68: 4 | AE68: Очень мало | AF68: ОЧЕНЬ МНОГО!!! | AG68: Очень мало | AH68: Очень мало | AI68: Умеренно | AJ68: Скорее позитивное | AK68: Стойкое отвращение | AL68: Что-то неприятное | AM68: Нейтральное | AN68: Нейтральное | AO68: Что-то неприятное | AP68: ЖГУЧАЯ НЕНАВИСТЬ!!! | AQ68: Стойкое отвращение | AT68: Часто | AU68: Часто | AV68: Часто | AW68: Часто | AX68: Иногда | AY68: Часто | AZ68: Никогда | BA68: Редко | BB68: Иногда | BC68: Редко | BD68: Иногда | BE68: Точно так же | BF68: Редко | BG68: Очень часто или всегда | BH68: Редко | BI68: Никогда или очень редко | BJ68: Редко | BK68: Часто
A69: 43458.843 | B69: М | C69: 41 | D69: 3 | E69: 5 | F69: Я не успеваю выполнять даже необходимый минимум | G69: 1 | I69: 3 | J69: Я успеваю разобраться с необходимой текучкой, и даже изредка могу посвящать силы долгосрочным планам | K69: 5 | L69: 3 | M69: 5 | N69: 3 | O69: 2 | P69: 3 | Q69: 4 | R69: 4 | S69: 10 | T69: 5 | U69: 5 | V69: 5 | W69: 3 | X69: 1 | Y69: 4 | Z69: 4 | AA69: 5 | AB69: 5 | AC69: 1 | AD69: 4 | AE69: Много | AF69: Много | AG69: Очень мало | AH69: Очень мало | AI69: Очень мало | AJ69: Настоящая радость | AK69: Вполне приятные | AL69: Вполне приятные | AM69: Настоящая радость | AN69: Скорее позитивное | AO69: Вполне приятные | AP69: ЖГУЧАЯ НЕНАВИСТЬ!!! | AQ69: ЖГУЧАЯ НЕНАВИСТЬ!!! | AR69: Нужно сделать пусть некачественно, но скорее. | AS69: Вы сделали полезную штуку. | AT69: Иногда | AU69: Часто | AV69: Очень часто | AW69: Иногда | AX69: Часто | AY69: Часто | AZ69: Редко | BA69: Иногда | BB69: Редко | BC69: Иногда | BD69: Очень часто | BE69: Быстрее | BF69: Редко | BG69: Часто | BH69: Никогда или очень редко | BI69: Иногда | BJ69: Часто | BK69: Очень часто или всегда
A70: 43458.847 | B70: Ж | C70: 34 | D70: 6 | E70: 9 | F70: Я успеваю разобраться с необходимой текучкой, и даже изредка могу посвящать силы долгосрочным планам | G70: 6 | I70: 10 | J70: Я успеваю разобраться с необходимой текучкой, и даже изредка могу посвящать силы долгосрочным планам | K70: 8 | L70: 4 | M70: 1 | N70: 4 | O70: 3 | P70: 2 | Q70: 3 | R70: 4 | S70: 6 | T70: 4 | U70: 3 | V70: 3 | W70: 4 | X70: 2 | Y70: 5 | Z70: 4 | AA70: 5 | AB70: 2 | AC70: 1 | AD70: 5 | AE70: Умеренно | AF70: Много | AG70: НИЧЕГО | AH70: Много | AI70: Умеренно | AJ70: Нейтральное | AK70: Нейтральное | AL70: Нейтральное | AM70: Настоящая радость | AN70: Скорее позитивное | AO70: Настоящая радость | AP70: Скорее позитивное | AQ70: Настоящая радость | AR70: Срочно | AS70: Личностный и профессональный рост | AT70: Очень часто | AU70: Очень часто | AV70: Часто | AW70: Часто | AX70: Очень часто | AY70: Редко | AZ70: Никогда | BA70: Часто | BB70: Никогда | BC70: Часто | BD70: Часто | BE70: Быстрее | BF70: Иногда | BG70: Часто | BH70: Часто | BI70: Иногда | BJ70: Редко | BK70: Иногда
A71: 43458.847 | B71: М | C71: 32 | D71: 6 | E71: 1 | F71: Я успеваю разобраться с необходимой текучкой, и даже изредка могу посвящать силы долгосрочным планам | G71: 3 | I71: 5 | J71: Я успеваю разобраться с необходимой текучкой, и даже изредка могу посвящать силы долгосрочным планам | K71: 6 | L71: 1 | M71: 1 | N71: 2 | O71: 2 | P71: 2 | Q71: 3 | R71: 4 | S71: 9 | T71: 5 | U71: 5 | V71: 5 | W71: 3 | X71: 5 | Y71: 3 | Z71: 4 | AA71: 5 | AB71: 5 | AC71: 5 | AD71: 4 | AE71: Умеренно | AF71: Умеренно | AG71: Очень мало | AH71: НИЧЕГО | AI71: Умеренно | AJ71: Настоящая радость | AK71: Что-то неприятное | AL71: Стойкое отвращение | AM71: Скорее позитивное | AN71: Что-то неприятное | AO71: Нейтральное | AP71: Стойкое отвращение | AQ71: Стойкое отвращение | AR71: Диджитал, календарный план | AS71: Результат | AT71: Редко | AU71: Часто | AV71: Иногда | AW71: Часто | AX71: Очень часто | AY71: Очень часто | AZ71: Редко | BA71: Иногда | BB71: Редко | BC71: Часто | BD71: Часто | BE71: Точно так же | BF71: Редко | BG71: Никогда или очень редко | BH71: Редко | BI71: Очень часто или всегда | BJ71: Очень часто или всегда | BK71: Очень часто или всегда
A72: 43458.847 | B72: М | C72: 31 | D72: 2 | E72: 6 | F72: Я успеваю разобраться с необходимой текучкой, и даже изредка могу посвящать силы долгосрочным планам | G72: 4 | I72: 6 | J72: Я успеваю разобраться с необходимой текучкой, и даже изредка могу посвящать силы долгосрочным планам | K72: 6 | L72: 4 | M72: 4 | N72: 5 | O72: 5 | P72: 5 | Q72: 5 | R72: 5 | S72: 9 | T72: 5 | U72: 5 | V72: 5 | W72: 5 | X72: 5 | Y72: 5 | Z72: 5 | AA72: 5 | AB72: 5 | AC72: 1 | AD72: 5 | AE72: ОЧЕНЬ МНОГО!!! | AF72: Много | AG72: Очень мало | AH72: Очень мало | AI72: Много | AJ72: Нейтральное | AK72: Нейтральное | AL72: Нейтральное | AM72: Нейтральное | AN72: Нейтральное | AO72: Нейтральное | AP72: ЖГУЧАЯ НЕНАВИСТЬ!!! | AQ72: ЖГУЧАЯ НЕНАВИСТЬ!!! | AR72: Семья, проактивность, работа на результат, времени мало | AS72: Воронка, цели | AT72: Иногда | AU72: Очень часто | AV72: Иногда | AW72: Очень часто | AX72: Очень часто | AY72: Часто | AZ72: Никогда | BA72: Очень часто | BB72: Часто | BC72: Часто | BD72: Иногда | BE72: Существенно быстрее | BF72: Редко | BG72: Очень часто или всегда | BH72: Редко | BI72: Иногда | BJ72: Часто | BK72: Часто
A73: 43458.848 | B73: М | C73: 32 | D73: 4 | E73: 7 | F73: Я вполне продуктивно продвигаюсь к своим долгосрочным целям. Завалы если и случаются, то не часто | G73: 7 | I73: 6 | J73: Я успеваю разобраться с необходимой текучкой, и даже изредка могу посвящать силы долгосрочным планам | K73: 7 | L73: 4 | M73: 3 | N73: 2 | O73: 3 | P73: 3 | Q73: 4 | R73: 5 | S73: 2 | T73: 1 | U73: 2 | V73: 3 | W73: 1 | X73: 1 | Y73: 5 | Z73: 4 | AA73: 5 | AB73: 5 | AC73: 1 | AD73: 1 | AE73: Очень мало | AF73: Умеренно | AG73: Много | AH73: Много | AI73: Много | AJ73: Скорее позитивное | AK73: Что-то неприятное | AL73: Вполне приятные | AM73: Настоящая радость | AN73: Что-то неприятное | AO73: Нейтральное | AP73: Скорее позитивное | AQ73: Настоящая радость | AR73: Командная работа | AS73: Зонирование ответственности | AT73: Никогда | AU73: Часто | AV73: Никогда | AW73: Иногда | AX73: Часто | AY73: Очень часто | AZ73: Никогда | BA73: Иногда | BB73: Никогда | BC73: Очень часто | BD73: Очень часто | BE73: Существенно спокойнее | BF73: Редко | BG73: Редко | BH73: Часто | BI73: Часто | BJ73: Иногда | BK73: Иногда
A74: 43458.853 | B74: Ж | C74: 26 | D74: 3 | E74: 8 | F74: Я успеваю разобраться с необходимой текучкой, и даже изредка могу посвящать силы долгосрочным планам | G74: 7 | I74: 7 | J74: Я едва-едва успеваю выполнить необходимую текучку, но на долгосрочные планы не остается сил | K74: 7 | L74: 4 | M74: 3 | N74: 2 | O74: 2 | P74: 1 | Q74: 3 | R74: 5 | S74: 9 | T74: 5 | U74: 4 | V74: 4 | W74: 2 | X74: 3 | Y74: 5 | Z74: 5 | AA74: 5 | AB74: 5 | AC74: 3 | AD74: 4 | AE74: Очень мало | AF74: ОЧЕНЬ МНОГО!!! | AG74: НИЧЕГО | AH74: Умеренно | AI74: Умеренно | AJ74: Скорее позитивное | AK74: Нейтральное | AL74: ЖГУЧАЯ НЕНАВИСТЬ!!! | AM74: Вполне приятные | AN74: Что-то неприятное | AO74: Вполне приятные | AP74: Нейтральное | AQ74: ЖГУЧАЯ НЕНАВИСТЬ!!! | AR74: Вопрос, нам надо скорее, нам очень надо | AS74: Спасибо; это то, что нам надо | AT74: Очень часто | AU74: Часто | AV74: Редко | AW74: Очень часто | AX74: Очень часто | AY74: Редко | AZ74: Иногда | BA74: Часто | BB74: Никогда | BC74: Иногда | BD74: Очень часто | BE74: ВООБЩЕ ИСТЕРИКА!!!111 | BF74: Иногда | BG74: Часто | BH74: Редко | BI74: Иногда | BJ74: Редко | BK74: Часто
A75: 43458.855 | B75: М | C75: 36 | D75: 10 | E75: 9 | F75: Я вполне продуктивно продвигаюсь к своим долгосрочным целям. Завалы если и случаются, то не часто | G75: 8 | I75: 8 | J75: Я вполне продуктивно продвигаюсь к своим долгосрочным целям. Завалы если и случаются, то не часто | K75: 8 | L75: 2 | M75: 1 | N75: 2 | O75: 1 | P75: 2 | Q75: 2 | R75: 5 | S75: 2 | T75: 1 | U75: 1 | V75: 4 | W75: 1 | X75: 1 | Y75: 4 | Z75: 1 | AA75: 5 | AB75: 5 | AC75: 1 | AD75: 5 | AE75: Умеренно | AF75: Очень мало | AG75: Очень мало | AH75: Очень мало | AI75: Много | AJ75: Нейтральное | AK75: Что-то неприятное | AL75: Стойкое отвращение | AM75: Нейтральное | AN75: Нейтральное | AO75: Скорее позитивное | AP75: ЖГУЧАЯ НЕНАВИСТЬ!!! | AQ75: Нейтральное | AR75: Утилизироваться / утилизировать ресурс | AS75: Довольный клиент | AT75: Иногда | AU75: Часто | AV75: Редко | AW75: Редко | AX75: Иногда | AY75: Иногда | AZ75: Никогда | BA75: Иногда | BB75: Иногда | BC75: Часто | BD75: Часто | BE75: Быстрее | BF75: Часто | BG75: Часто | BH75: Иногда | BI75: Никогда или очень редко | BJ75: Редко | BK75: Никогда или очень редко
A76: 43458.857 | B76: Ж | C76: 30 | D76: 5 | E76: 6 | F76: Я вполне продуктивно продвигаюсь к своим долгосрочным целям. Завалы если и случаются, то не часто | G76: 7 | I76: 7 | J76: Я вполне продуктивно продвигаюсь к своим долгосрочным целям. Завалы если и случаются, то не часто | K76: 7 | L76: 3 | M76: 2 | N76: 4 | O76: 1 | P76: 1 | Q76: 5 | R76: 2 | S76: 3 | T76: 1 | U76: 2 | V76: 2 | W76: 1 | X76: 4 | Y76: 1 | Z76: 3 | AA76: 5 | AB76: 5 | AC76: 4 | AD76: 4 | AE76: Много | AF76: Очень мало | AG76: Много | AH76: НИЧЕГО | AI76: НИЧЕГО | AJ76: Скорее позитивное | AK76: Нейтральное | AL76: Нейтральное | AM76: Нейтральное | AN76: Что-то неприятное | AO76: Нейтральное | AP76: Скорее позитивное | AQ76: Нейтральное | AR76: ценности, миссия; тестирование бизнес-гипотез | AS76: knowledge sharing | AT76: Часто | AU76: Очень часто | AV76: Никогда | AW76: Очень часто | AX76: Очень часто | AY76: Очень часто | AZ76: Редко | BA76: Очень часто | BB76: Иногда | BC76: Очень часто | BD76: Часто | BE76: Спокойнее | BF76: Часто | BG76: Иногда | BH76: Иногда | BI76: Никогда или очень редко | BJ76: Редко | BK76: Редко
A77: 43458.858 | B77: Ж | C77: 39 | D77: 5 | E77: 2 | F77: Я едва-едва успеваю выполнить необходимую текучку, но на долгосрочные планы не остается сил | G77: 3 | I77: 2 | J77: Я едва-едва успеваю выполнить необходимую текучку, но на долгосрочные планы не остается сил | K77: 3 | L77: 3 | M77: 3 | N77: 3 | O77: 1 | P77: 1 | Q77: 3 | R77: 3 | S77: 8 | T77: 5 | U77: 5 | V77: 5 | W77: 1 | X77: 5 | Y77: 2 | Z77: 4 | AA77: 5 | AB77: 5 | AC77: 1 | AD77: 4 | AE77: Очень мало | AF77: ОЧЕНЬ МНОГО!!! | AG77: НИЧЕГО | AH77: Очень мало | AI77: Очень мало | AJ77: Нейтральное | AK77: Нейтральное | AL77: Что-то неприятное | AM77: Что-то неприятное | AN77: Стойкое отвращение | AO77: ЖГУЧАЯ НЕНАВИСТЬ!!! | AP77: ЖГУЧАЯ НЕНАВИСТЬ!!! | AQ77: ЖГУЧАЯ НЕНАВИСТЬ!!! | AR77: Англицизмы без необходимости. | AS77: Меньше слов - больше дела | AT77: Никогда | AU77: Очень часто | AV77: Очень часто | AW77: Очень часто | AX77: Очень часто | AY77: Очень часто | AZ77: Никогда | BA77: Очень часто | BB77: Очень часто | BC77: Иногда | BD77: Часто | BE77: Существенно быстрее | BF77: Никогда или очень редко | BG77: Редко | BH77: Никогда или очень редко | BI77: Очень часто или всегда | BJ77: Часто | BK77: Часто
A78: 43458.86 | B78: Ж | C78: 38 | D78: 6 | E78: 7 | F78: Я успеваю разобраться с необходимой текучкой, и даже изредка могу посвящать силы долгосрочным планам | G78: 4 | I78: 8 | J78: Я вполне продуктивно продвигаюсь к своим долгосрочным целям. Завалы если и случаются, то не часто | K78: 6 | L78: 3 | M78: 5 | N78: 3 | O78: 3 | P78: 5 | Q78: 4 | R78: 4 | S78: 8 | T78: 2 | U78: 2 | V78: 2 | W78: 2 | X78: 1 | Y78: 4 | Z78: 4 | AA78: 4 | AB78: 3 | AC78: 1 | AD78: 2 | AE78: Очень мало | AF78: НИЧЕГО | AG78: Очень мало | AH78: Очень мало | AI78: Много | AJ78: Нейтральное | AK78: Скорее позитивное | AL78: Нейтральное | AM78: Что-то неприятное | AN78: Стойкое отвращение | AO78: Скорее позитивное | AP78: Нейтральное | AQ78: Что-то неприятное | AR78: нетворкинг | AS78: дисциплина | AT78: Никогда | AU78: Редко | AV78: Никогда | AW78: Часто | AX78: Часто | AY78: Очень часто | AZ78: Редко | BA78: Редко | BB78: Очень часто | BC78: Очень часто | BD78: Часто | BE78: Точно так же | BF78: Часто | BG78: Часто | BH78: Часто | BI78: Иногда | BJ78: Иногда | BK78: Редко
A79: 43458.864 | B79: М | C79: 34 | D79: 3 | E79: 5 | F79: Я успеваю разобраться с необходимой текучкой, и даже изредка могу посвящать силы долгосрочным планам | G79: 4 | I79: 3 | J79: Я едва-едва успеваю выполнить необходимую текучку, но на долгосрочные планы не остается сил | K79: 3 | L79: 2 | M79: 3 | N79: 1 | O79: 1 | P79: 2 | Q79: 4 | R79: 3 | S79: 8 | T79: 4 | U79: 4 | V79: 2 | W79: 2 | X79: 4 | Y79: 3 | Z79: 2 | AA79: 5 | AB79: 5 | AC79: 1 | AD79: 3 | AE79: Очень мало | AF79: Много | AG79: НИЧЕГО | AH79: НИЧЕГО | AI79: Очень мало | AJ79: Нейтральное | AK79: Нейтральное | AL79: Нейтральное | AM79: Нейтральное | AN79: Что-то неприятное | AO79: Что-то неприятное | AP79: Стойкое отвращение | AQ79: Стойкое отвращение | AR79: Timesheets, time tracking, utilization, long-term goals, core values | AT79: Часто | AU79: Часто | AV79: Иногда | AW79: Часто | AX79: Очень часто | AY79: Очень часто | AZ79: Никогда | BA79: Редко | BB79: Никогда | BC79: Очень часто | BD79: Часто | BE79: Точно так же | BF79: Иногда | BG79: Редко | BH79: Редко | BI79: Часто | BJ79: Часто | BK79: Иногда
A80: 43458.866 | B80: Ж | C80: 32 | D80: 8 | E80: 8 | F80: Все происходит естественно и спонтанно, очень часто то, что на первый взгляд казалось текучкой прекрасно вписывается в мои долгосрочные интересы | G80: 5 | I80: 8 | J80: Я успеваю разобраться с необходимой текучкой, и даже изредка могу посвящать силы долгосрочным планам | K80: 6 | L80: 4 | M80: 3 | N80: 3 | O80: 2 | P80: 2 | Q80: 3 | R80: 3 | S80: 6 | T80: 3 | U80: 3 | V80: 3 | W80: 3 | X80: 2 | Y80: 4 | Z80: 4 | AA80: 4 | AB80: 3 | AC80: 3 | AD80: 3 | AE80: Умеренно | AF80: Умеренно | AG80: Умеренно | AH80: Очень мало | AI80: Умеренно | AJ80: Нейтральное | AK80: Нейтральное | AL80: Что-то неприятное | AM80: Скорее позитивное | AN80: Нейтральное | AO80: Нейтральное | AP80: Стойкое отвращение | AQ80: Что-то неприятное | AR80: Всякий булшит | AS80: Повышение, ответственность, обучение нужным вещам | AT80: Редко | AU80: Очень часто | AV80: Иногда | AW80: Часто | AX80: Часто | AY80: Редко | AZ80: Редко | BA80: Иногда | BB80: Редко | BC80: Очень часто | BD80: Часто | BE80: Точно так же | BF80: Никогда или очень редко | BG80: Очень часто или всегда | BH80: Иногда | BI80: Никогда или очень редко | BJ80: Редко | BK80: Иногда
A81: 43458.867 | B81: Ж | C81: 29 | D81: 1 | E81: 4 | F81: Я едва-едва успеваю выполнить необходимую текучку, но на долгосрочные планы не остается сил | G81: 1 | I81: 9 | J81: Я вполне продуктивно продвигаюсь к своим долгосрочным целям. Завалы если и случаются, то не часто | K81: 6 | L81: 2 | M81: 4 | N81: 4 | O81: 1 | P81: 2 | Q81: 5 | R81: 2 | S81: 4 | T81: 2 | U81: 3 | V81: 1 | W81: 3 | X81: 3 | Y81: 3 | Z81: 5 | AA81: 5 | AB81: 5 | AC81: 1 | AD81: 5 | AE81: Умеренно | AF81: Умеренно | AG81: НИЧЕГО | AH81: НИЧЕГО | AI81: Умеренно | AJ81: Скорее позитивное | AK81: Нейтральное | AL81: Что-то неприятное | AM81: Скорее позитивное | AN81: Скорее позитивное | AO81: Вполне приятные | AP81: Нейтральное | AQ81: Вполне приятные | AT81: Часто | AU81: Иногда | AV81: Часто | AW81: Часто | AX81: Очень часто | AY81: Никогда | AZ81: Часто | BA81: Иногда | BB81: Редко | BC81: Очень часто | BD81: Часто | BE81: Точно так же | BF81: Часто | BG81: Часто | BH81: Часто | BI81: Иногда | BJ81: Редко | BK81: Часто
A82: 43458.868 | B82: Ж | C82: 33 | D82: 5 | E82: 2 | F82: Я едва-едва успеваю выполнить необходимую текучку, но на долгосрочные планы не остается сил | G82: 1 | I82: 6 | J82: Я успеваю разобраться с необходимой текучкой, и даже изредка могу посвящать силы долгосрочным планам | K82: 5 | L82: 3 | M82: 2 | N82: 2 | O82: 2 | P82: 2 | Q82: 3 | R82: 4 | S82: 8 | T82: 3 | U82: 3 | V82: 1 | W82: 4 | X82: 2 | Y82: 2 | Z82: 3 | AA82: 5 | AB82: 5 | AC82: 3 | AD82: 4 | AE82: Много | AF82: Очень мало | AG82: НИЧЕГО | AH82: НИЧЕГО | AI82: Умеренно | AJ82: Скорее позитивное | AK82: ЖГУЧАЯ НЕНАВИСТЬ!!! | AL82: Нейтральное | AM82: Нейтральное | AN82: Нейтральное | AO82: Скорее позитивное | AP82: ЖГУЧАЯ НЕНАВИСТЬ!!! | AQ82: Нейтральное | AR82: Любые слова, употребляемые не к месту | AS82: Слова, употребляемые к месту | AT82: Часто | AU82: Очень часто | AV82: Редко | AW82: Часто | AX82: Очень часто | AY82: Часто | AZ82: Очень часто | BA82: Очень часто | BB82: Никогда | BC82: Редко | BD82: Часто | BE82: Быстрее | BF82: Никогда или очень редко | BG82: Никогда или очень редко | BH82: Никогда или очень редко | BI82: Очень часто или всегда | BJ82: Очень часто или всегда | BK82: Очень часто или всегда
A83: 43458.869 | B83: М | C83: 40 | D83: 6 | E83: 9 | F83: Все происходит естественно и спонтанно, очень часто то, что на первый взгляд казалось текучкой прекрасно вписывается в мои долгосрочные интересы | G83: 6 | I83: 8 | J83: Все происходит естественно и спонтанно, очень часто то, что на первый взгляд казалось текучкой прекрасно вписывается в мои долгосрочные интересы | K83: 3 | L83: 5 | M83: 3 | N83: 3 | O83: 3 | P83: 3 | Q83: 1 | R83: 5 | S83: 2 | T83: 1 | U83: 1 | V83: 1 | W83: 2 | X83: 4 | Y83: 4 | Z83: 4 | AA83: 5 | AB83: 5 | AC83: 5 | AD83: 4 | AE83: Много | AF83: Очень мало | AG83: Много | AH83: Очень мало | AI83: Умеренно | AJ83: Нейтральное | AK83: Нейтральное | AL83: Нейтральное | AM83: Нейтральное | AN83: Нейтральное | AO83: Нейтральное | AP83: Нейтральное | AQ83: Скорее позитивное | AR83: Сработаемся | AS83: Сегодня зарплата | AT83: Иногда | AU83: Очень часто | AV83: Часто | AW83: Очень часто | AX83: Очень часто | AY83: Редко | AZ83: Никогда | BA83: Часто | BB83: Никогда | BC83: Иногда | BD83: Редко | BE83: Существенно быстрее | BF83: Редко | BG83: Иногда | BH83: Редко | BI83: Редко | BJ83: Часто | BK83: Иногда
A84: 43458.876 | B84: М | C84: 29 | D84: 3 | E84: 7 | F84: Все происходит естественно и спонтанно, очень часто то, что на первый взгляд казалось текучкой прекрасно вписывается в мои долгосрочные интересы | G84: 5 | I84: 6 | J84: Я успеваю разобраться с необходимой текучкой, и даже изредка могу посвящать силы долгосрочным планам | K84: 3 | L84: 4 | M84: 1 | N84: 1 | O84: 1 | P84: 1 | Q84: 2 | R84: 2 | S84: 7 | T84: 1 | U84: 2 | V84: 1 | W84: 2 | X84: 1 | Y84: 3 | Z84: 2 | AA84: 3 | AB84: 4 | AC84: 2 | AD84: 4 | AE84: Умеренно | AF84: Много | AG84: Умеренно | AH84: Много | AI84: Очень мало | AJ84: Вполне приятные | AK84: Скорее позитивное | AL84: Что-то неприятное | AM84: Нейтральное | AN84: Стойкое отвращение | AO84: Нейтральное | AP84: Скорее позитивное | AQ84: Скорее позитивное | AT84: Часто | AU84: Часто | AV84: Часто | AW84: Часто | AX84: Часто | AY84: Часто | AZ84: Редко | BA84: Иногда | BB84: Иногда | BC84: Иногда | BD84: Часто | BE84: Существенно быстрее | BF84: Иногда | BG84: Часто | BH84: Иногда | BI84: Редко | BJ84: Редко | BK84: Часто
A85: 43458.876 | B85: Ж | C85: 50 | D85: 4 | E85: 8 | F85: Я успеваю разобраться с необходимой текучкой, и даже изредка могу посвящать силы долгосрочным планам | G85: 6 | I85: 8 | J85: Я успеваю разобраться с необходимой текучкой, и даже изредка могу посвящать силы долгосрочным планам | K85: 7 | L85: 1 | M85: 1 | N85: 1 | O85: 1 | P85: 1 | Q85: 1 | R85: 5 | S85: 5 | T85: 4 | U85: 3 | V85: 4 | W85: 2 | X85: 1 | Y85: 5 | Z85: 1 | AA85: 3 | AB85: 5 | AC85: 1 | AD85: 5 | AE85: НИЧЕГО | AF85: Очень мало | AG85: НИЧЕГО | AH85: Очень мало | AI85: Умеренно | AJ85: Настоящая радость | AK85: Нейтральное | AL85: Нейтральное | AM85: Настоящая радость | AN85: Что-то неприятное | AO85: Вполне приятные | AP85: Что-то неприятное | AQ85: Что-то неприятное | AR85: Многозадачность | AS85: Команда | AT85: Очень часто | AU85: Иногда | AV85: Часто | AW85: Иногда | AX85: Иногда | AY85: Никогда | AZ85: Никогда | BA85: Иногда | BB85: Иногда | BC85: Очень часто | BD85: Редко | BE85: Быстрее | BF85: Часто | BG85: Очень часто или всегда | BH85: Часто | BI85: Редко | BJ85: Иногда | BK85: Иногда
A86: 43458.88 | B86: М | C86: 38 | D86: 6 | E86: 5 | F86: Я не успеваю выполнять даже необходимый минимум | G86: 1 | I86: 5 | J86: Я едва-едва успеваю выполнить необходимую текучку, но на долгосрочные планы не остается сил | K86: 4 | L86: 2 | M86: 1 | N86: 2 | O86: 1 | P86: 1 | Q86: 5 | R86: 5 | S86: 7 | T86: 4 | U86: 5 | V86: 4 | W86: 1 | X86: 5 | Y86: 2 | Z86: 2 | AA86: 5 | AB86: 5 | AC86: 5 | AD86: 4 | AE86: ОЧЕНЬ МНОГО!!! | AF86: Умеренно | AG86: Умеренно | AH86: Умеренно | AI86: Много | AJ86: Скорее позитивное | AK86: Скорее позитивное | AL86: Скорее позитивное | AM86: Скорее позитивное | AN86: Нейтральное | AO86: Скорее позитивное | AP86: Скорее позитивное | AQ86: Скорее позитивное | AR86: «Это невозможно сделать» | AS86: «Сделаем, шеф» | AT86: Иногда | AU86: Очень часто | AV86: Часто | AW86: Часто | AX86: Часто | AY86: Часто | AZ86: Часто | BA86: Часто | BB86: Часто | BC86: Часто | BD86: Очень часто | BE86: Быстрее | BF86: Иногда | BG86: Часто | BH86: Часто | BI86: Редко | BJ86: Редко | BK86: Иногда
A87: 43458.881 | B87: Ж | C87: 32 | D87: 5 | E87: 9 | F87: Я вполне продуктивно продвигаюсь к своим долгосрочным целям. Завалы если и случаются, то не часто | G87: 9 | I87: 9 | J87: Я вполне продуктивно продвигаюсь к своим долгосрочным целям. Завалы если и случаются, то не часто | K87: 9 | L87: 4 | M87: 3 | N87: 3 | O87: 1 | P87: 1 | Q87: 5 | R87: 3 | S87: 7 | T87: 2 | U87: 2 | V87: 1 | W87: 2 | X87: 3 | Y87: 3 | Z87: 3 | AA87: 4 | AB87: 5 | AC87: 1 | AD87: 4 | AE87: Умеренно | AF87: ОЧЕНЬ МНОГО!!! | AG87: НИЧЕГО | AH87: ОЧЕНЬ МНОГО!!! | AI87: ОЧЕНЬ МНОГО!!! | AJ87: Вполне приятные | AK87: Вполне приятные | AL87: Скорее позитивное | AM87: Скорее позитивное | AN87: Вполне приятные | AO87: Вполне приятные | AP87: Вполне приятные | AQ87: Вполне приятные | AR87: Нет | AT87: Часто | AU87: Часто | AV87: Очень часто | AW87: Часто | AX87: Часто | AY87: Редко | AZ87: Никогда | BA87: Часто | BB87: Редко | BC87: Никогда | BD87: Часто | BE87: Точно так же | BF87: Часто | BG87: Часто | BH87: Часто | BI87: Редко | BJ87: Редко | BK87: Редко
A88: 43458.884 | B88: М | C88: 36 | D88: 3 | E88: 7 | F88: Я успеваю разобраться с необходимой текучкой, и даже изредка могу посвящать силы долгосрочным планам | G88: 6 | I88: 9 | J88: Я успеваю разобраться с необходимой текучкой, и даже изредка могу посвящать силы долгосрочным планам | K88: 4 | L88: 3 | M88: 3 | N88: 2 | O88: 3 | P88: 4 | Q88: 2 | R88: 4 | S88: 6 | T88: 3 | U88: 4 | V88: 2 | W88: 3 | X88: 1 | Y88: 4 | Z88: 4 | AA88: 3 | AB88: 5 | AC88: 2 | AD88: 2 | AE88: Умеренно | AF88: Умеренно | AG88: НИЧЕГО | AH88: НИЧЕГО | AI88: Умеренно | AJ88: Нейтральное | AK88: Нейтральное | AL88: Нейтральное | AM88: Нейтральное | AN88: Нейтральное | AO88: Нейтральное | AP88: Нейтральное | AQ88: Нейтральное | AT88: Редко | AU88: Часто | AV88: Иногда | AW88: Часто | AX88: Часто | AY88: Часто | AZ88: Никогда | BA88: Часто | BB88: Редко | BC88: Иногда | BD88: Часто | BE88: Точно так же | BF88: Часто | BG88: Часто | BH88: Иногда | BI88: Редко | BJ88: Никогда или очень редко | BK88: Редко
A89: 43458.887 | B89: М | C89: 30 | D89: 4 | E89: 7 | F89: Я успеваю разобраться с необходимой текучкой, и даже изредка могу посвящать силы долгосрочным планам | G89: 3 | I89: 7 | J89: Я успеваю разобраться с необходимой текучкой, и даже изредка могу посвящать силы долгосрочным планам | K89: 8 | L89: 4 | M89: 4 | N89: 3 | O89: 2 | P89: 2 | Q89: 5 | R89: 2 | S89: 4 | T89: 2 | U89: 2 | V89: 4 | W89: 1 | X89: 4 | Y89: 4 | Z89: 2 | AA89: 5 | AB89: 5 | AC89: 3 | AD89: 5 | AE89: Много | AF89: Очень мало | AG89: Очень мало | AH89: Умеренно | AI89: Умеренно | AJ89: Скорее позитивное | AK89: Скорее позитивное | AL89: Скорее позитивное | AM89: Скорее позитивное | AN89: Нейтральное | AO89: Скорее позитивное | AP89: Стойкое отвращение | AQ89: Стойкое отвращение | AT89: Иногда | AU89: Очень часто | AV89: Часто | AW89: Очень часто | AX89: Очень часто | AY89: Часто | AZ89: Редко | BA89: Часто | BB89: Иногда | BC89: Часто | BD89: Часто | BE89: Быстрее | BF89: Иногда | BG89: Часто | BH89: Иногда | BI89: Часто | BJ89: Иногда | BK89: Иногда
A90: 43458.888 | B90: М | C90: 37 | D90: 4 | E90: 9 | F90: Я успеваю разобраться с необходимой текучкой, и даже изредка могу посвящать силы долгосрочным планам | G90: 3 | I90: 8 | J90: Я едва-едва успеваю выполнить необходимую текучку, но на долгосрочные планы не остается сил | K90: 8 | L90: 4 | M90: 3 | N90: 3 | O90: 4 | P90: 4 | Q90: 3 | R90: 4 | S90: 8 | T90: 4 | U90: 3 | V90: 2 | W90: 3 | X90: 4 | Y90: 2 | Z90: 4 | AA90: 5 | AB90: 5 | AC90: 3 | AD90: 3 | AE90: НИЧЕГО | AF90: ОЧЕНЬ МНОГО!!! | AG90: НИЧЕГО | AH90: Умеренно | AI90: НИЧЕГО | AJ90: Нейтральное | AK90: Нейтральное | AL90: Нейтральное | AM90: Нейтральное | AN90: Что-то неприятное | AO90: Скорее позитивное | AP90: Что-то неприятное | AQ90: Нейтральное | AR90: Asap | AS90: Done | AT90: Часто | AU90: Часто | AV90: Редко | AW90: Иногда | AX90: Иногда | AY90: Часто | AZ90: Никогда | BA90: Очень часто | BB90: Редко | BC90: Часто | BD90: Часто | BE90: Спокойнее | BF90: Редко | BG90: Иногда | BH90: Иногда | BI90: Редко | BJ90: Редко | BK90: Иногда
A91: 43458.888 | B91: М | C91: 38 | D91: 4 | E91: 8 | F91: Я едва-едва успеваю выполнить необходимую текучку, но на долгосрочные планы не остается сил | G91: 3 | I91: 6 | J91: Я успеваю разобраться с необходимой текучкой, и даже изредка могу посвящать силы долгосрочным планам | K91: 7 | L91: 3 | M91: 3 | N91: 3 | O91: 3 | P91: 2 | Q91: 2 | R91: 2 | S91: 3 | T91: 4 | U91: 3 | V91: 3 | W91: 2 | X91: 4 | Y91: 2 | Z91: 3 | AA91: 5 | AB91: 5 | AC91: 4 | AD91: 3 | AE91: Очень мало | AF91: ОЧЕНЬ МНОГО!!! | AG91: НИЧЕГО | AH91: Умеренно | AI91: Умеренно | AJ91: Нейтральное | AK91: Скорее позитивное | AL91: Нейтральное | AM91: Скорее позитивное | AN91: Стойкое отвращение | AO91: ЖГУЧАЯ НЕНАВИСТЬ!!! | AP91: Стойкое отвращение | AQ91: ЖГУЧАЯ НЕНАВИСТЬ!!! | AR91: Неформальный нетворкинг, team | AS91: У вас хорошие показатели | AT91: Часто | AU91: Часто | AV91: Редко | AW91: Редко | AX91: Очень часто | AY91: Редко | AZ91: Никогда | BA91: Часто | BB91: Никогда | BC91: Иногда | BD91: Иногда | BE91: Существенно спокойнее | BF91: Иногда | BG91: Иногда | BH91: Иногда | BI91: Редко | BJ91: Никогда или очень редко | BK91: Редко
A92: 43458.889 | B92: М | C92: 28 | D92: 3 | E92: 8 | F92: Я успеваю разобраться с необходимой текучкой, и даже изредка могу посвящать силы долгосрочным планам | G92: 3 | I92: 8 | J92: Я успеваю разобраться с необходимой текучкой, и даже изредка могу посвящать силы долгосрочным планам | K92: 6 | L92: 2 | M92: 1 | N92: 3 | O92: 1 | P92: 1 | Q92: 1 | R92: 4 | S92: 2 | T92: 3 | U92: 2 | V92: 3 | W92: 3 | X92: 1 | Y92: 5 | Z92: 3 | AA92: 5 | AB92: 5 | AC92: 1 | AD92: 1 | AE92: Умеренно | AF92: Умеренно | AG92: НИЧЕГО | AH92: НИЧЕГО | AI92: Очень мало | AJ92: Нейтральное | AK92: Нейтральное | AL92: Нейтральное | AM92: Скорее позитивное | AN92: Нейтральное | AO92: Скорее позитивное | AP92: Нейтральное | AQ92: Что-то неприятное | AR92: проблема не на нашей стороне | AS92: - | AT92: Редко | AU92: Часто | AV92: Часто | AW92: Редко | AX92: Иногда | AY92: Часто | AZ92: Никогда | BA92: Редко | BB92: Никогда | BC92: Редко | BD92: Часто | BE92: Быстрее | BF92: Редко | BG92: Никогда или очень редко | BH92: Иногда | BI92: Очень часто или всегда | BJ92: Иногда | BK92: Иногда
A93: 43458.893 | B93: М | C93: 43 | D93: 4 | E93: 7 | F93: Я успеваю разобраться с необходимой текучкой, и даже изредка могу посвящать силы долгосрочным планам | G93: 6 | I93: 5 | J93: Я вполне продуктивно продвигаюсь к своим долгосрочным целям. Завалы если и случаются, то не часто | K93: 8 | L93: 3 | M93: 2 | N93: 3 | O93: 2 | P93: 3 | Q93: 2 | R93: 3 | S93: 6 | T93: 4 | U93: 4 | V93: 3 | W93: 3 | X93: 2 | Y93: 3 | Z93: 4 | AA93: 5 | AB93: 4 | AC93: 3 | AD93: 3 | AE93: Очень мало | AF93: НИЧЕГО | AG93: Много | AH93: Очень мало | AI93: Много | AJ93: Нейтральное | AK93: Что-то неприятное | AL93: Нейтральное | AM93: Нейтральное | AN93: Нейтральное | AO93: Что-то неприятное | AP93: Что-то неприятное | AQ93: Стойкое отвращение | AR93: Я вас услышал | AT93: Иногда | AU93: Очень часто | AV93: Иногда | AW93: Очень часто | AX93: Часто | AY93: Часто | AZ93: Редко | BA93: Часто | BB93: Редко | BC93: Редко | BD93: Часто | BE93: Быстрее | BF93: Редко | BG93: Часто | BH93: Иногда | BI93: Редко | BJ93: Часто | BK93: Иногда
A94: 43458.894 | B94: Ж | C94: 37 | D94: 7 | E94: 8 | F94: Все происходит естественно и спонтанно, очень часто то, что на первый взгляд казалось текучкой прекрасно вписывается в мои долгосрочные интересы | G94: 10 | I94: 10 | J94: Я вполне продуктивно продвигаюсь к своим долгосрочным целям. Завалы если и случаются, то не часто | K94: 8 | L94: 3 | M94: 2 | N94: 3 | O94: 1 | P94: 1 | Q94: 4 | R94: 2 | S94: 9 | T94: 2 | U94: 2 | V94: 3 | W94: 4 | X94: 5 | Y94: 3 | Z94: 2 | AA94: 5 | AB94: 5 | AC94: 1 | AD94: 3 | AE94: Много | AF94: Много | AG94: Очень мало | AH94: Очень мало | AI94: Много | AJ94: Скорее позитивное | AK94: Нейтральное | AL94: Нейтральное | AM94: Нейтральное | AN94: Что-то неприятное | AO94: Что-то неприятное | AP94: Что-то неприятное | AQ94: Скорее позитивное | AR94: Аудит | AS94: Договориться | AT94: Иногда | AU94: Очень часто | AV94: Иногда | AW94: Часто | AX94: Часто | AY94: Очень часто | AZ94: Часто | BA94: Часто | BB94: Редко | BC94: Очень часто | BD94: Очень часто | BE94: Точно так же | BF94: Иногда | BG94: Часто | BH94: Часто | BI94: Редко | BJ94: Редко | BK94: Иногда
A95: 43458.894 | B95: Ж | C95: 42 | D95: 4 | E95: 7 | F95: Я вполне продуктивно продвигаюсь к своим долгосрочным целям. Завалы если и случаются, то не часто | G95: 8 | I95: 6 | J95: Я успеваю разобраться с необходимой текучкой, и даже изредка могу посвящать силы долгосрочным планам | K95: 4 | L95: 4 | M95: 5 | N95: 4 | O95: 2 | P95: 2 | Q95: 4 | R95: 2 | S95: 7 | T95: 2 | U95: 2 | V95: 2 | W95: 2 | X95: 4 | Y95: 3 | Z95: 4 | AA95: 5 | AB95: 5 | AC95: 3 | AD95: 4 | AE95: Много | AF95: Много | AG95: НИЧЕГО | AH95: НИЧЕГО | AI95: Умеренно | AJ95: Что-то неприятное | AK95: Нейтральное | AL95: Что-то неприятное | AM95: Скорее позитивное | AN95: Нейтральное | AO95: Скорее позитивное | AP95: Скорее позитивное | AQ95: Вполне приятные | AR95: Должен был догадаться' | AS95: Бонус | AT95: Очень часто | AU95: Очень часто | AV95: Очень часто | AW95: Очень часто | AX95: Редко | AY95: Редко | AZ95: Никогда | BA95: Часто | BB95: Никогда | BC95: Иногда | BD95: Часто | BE95: Точно так же | BF95: Иногда | BG95: Редко | BH95: Иногда | BI95: Часто | BJ95: Иногда | BK95: Иногда
A96: 43458.899 | B96: М | C96: 38 | D96: 6 | E96: 4 | F96: Я едва-едва успеваю выполнить необходимую текучку, но на долгосрочные планы не остается сил | G96: 4 | I96: 4 | J96: Я едва-едва успеваю выполнить необходимую текучку, но на долгосрочные планы не остается сил | K96: 5 | L96: 2 | M96: 3 | N96: 4 | O96: 2 | P96: 2 | Q96: 4 | R96: 4 | S96: 3 | T96: 4 | U96: 2 | V96: 3 | W96: 3 | X96: 2 | Y96: 2 | Z96: 4 | AA96: 5 | AB96: 4 | AC96: 4 | AD96: 2 | AE96: Много | AF96: Умеренно | AG96: Много | AH96: НИЧЕГО | AI96: Очень мало | AJ96: Нейтральное | AK96: Что-то неприятное | AL96: Нейтральное | AM96: Стойкое отвращение | AN96: Что-то неприятное | AO96: Что-то неприятное | AP96: Нейтральное | AQ96: Нейтральное | AT96: Редко | AU96: Иногда | AV96: Редко | AW96: Часто | AX96: Часто | AY96: Часто | AZ96: Редко | BA96: Часто | BB96: Редко | BC96: Иногда | BD96: Часто | BE96: Точно так же | BF96: Никогда или очень редко | BG96: Никогда или очень редко | BH96: Никогда или очень редко | BI96: Редко | BJ96: Часто | BK96: Часто
A97: 43458.9 | B97: М | C97: 33 | D97: 3 | E97: 7 | F97: Я успеваю разобраться с необходимой текучкой, и даже изредка могу посвящать силы долгосрочным планам | G97: 2 | I97: 8 | J97: Я успеваю разобраться с необходимой текучкой, и даже изредка могу посвящать силы долгосрочным планам | K97: 8 | L97: 4 | M97: 2 | N97: 2 | O97: 3 | P97: 4 | Q97: 3 | R97: 5 | S97: 6 | T97: 3 | U97: 5 | V97: 3 | W97: 4 | X97: 2 | Y97: 4 | Z97: 5 | AA97: 5 | AB97: 5 | AC97: 3 | AD97: 4 | AE97: Много | AF97: Много | AG97: Умеренно | AH97: Очень мало | AI97: Умеренно | AJ97: Скорее позитивное | AK97: Скорее позитивное | AL97: Что-то неприятное | AM97: Вполне приятные | AN97: Что-то неприятное | AO97: Нейтральное | AP97: Нейтральное | AQ97: Нейтральное | AT97: Редко | AU97: Иногда | AV97: Иногда | AW97: Часто | AX97: Часто | AY97: Часто | AZ97: Часто | BA97: Часто | BB97: Иногда | BC97: Часто | BD97: Часто | BE97: Быстрее | BF97: Редко | BG97: Иногда | BH97: Редко | BI97: Иногда | BJ97: Иногда | BK97: Иногда
A98: 43458.907 | B98: Ж | C98: 41 | D98: 3 | E98: 5 | F98: Я успеваю разобраться с необходимой текучкой, и даже изредка могу посвящать силы долгосрочным планам | G98: 5 | I98: 6 | J98: Я успеваю разобраться с необходимой текучкой, и даже изредка могу посвящать силы долгосрочным планам | K98: 6 | L98: 4 | M98: 4 | N98: 4 | O98: 5 | P98: 5 | Q98: 4 | R98: 4 | S98: 8 | T98: 3 | U98: 5 | V98: 5 | W98: 5 | X98: 1 | Y98: 5 | Z98: 3 | AA98: 5 | AB98: 5 | AC98: 3 | AD98: 5 | AE98: Умеренно | AF98: Много | AG98: Очень мало | AH98: Очень мало | AI98: Очень мало | AJ98: Что-то неприятное | AK98: Что-то неприятное | AL98: Нейтральное | AM98: Скорее позитивное | AN98: ЖГУЧАЯ НЕНАВИСТЬ!!! | AO98: Скорее позитивное | AP98: Стойкое отвращение | AQ98: Нейтральное | AR98: Индивидуальный план развития | AS98: Лучший сотрудник года | AT98: Очень часто | AU98: Иногда | AV98: Иногда | AW98: Часто | AX98: Очень часто | AY98: Часто | AZ98: Никогда | BA98: Часто | BB98: Часто | BC98: Часто | BD98: Редко | BE98: Спокойнее | BF98: Иногда | BG98: Редко | BH98: Иногда | BI98: Часто | BJ98: Иногда | BK98: Иногда
A99: 43458.908 | B99: Ж | C99: 38 | D99: 10 | E99: 6 | F99: Я вполне продуктивно продвигаюсь к своим долгосрочным целям. Завалы если и случаются, то не часто | G99: 6 | I99: 6 | J99: Я едва-едва успеваю выполнить необходимую текучку, но на долгосрочные планы не остается сил | K99: 6 | L99: 4 | M99: 5 | N99: 5 | O99: 4 | P99: 5 | Q99: 5 | R99: 5 | S99: 8 | T99: 4 | U99: 4 | V99: 5 | W99: 4 | X99: 5 | Y99: 4 | Z99: 3 | AA99: 5 | AB99: 5 | AC99: 1 | AD99: 4 | AE99: Много | AF99: ОЧЕНЬ МНОГО!!! | AG99: ОЧЕНЬ МНОГО!!! | AH99: Очень мало | AI99: ОЧЕНЬ МНОГО!!! | AJ99: Нейтральное | AK99: Нейтральное | AL99: Нейтральное | AM99: Что-то неприятное | AN99: Стойкое отвращение | AO99: Нейтральное | AP99: Стойкое отвращение | AQ99: Нейтральное | AR99: Дорожная карта 😳 | AS99: Премия | AT99: Никогда | AU99: Часто | AV99: Иногда | AW99: Очень часто | AX99: Очень часто | AY99: Редко | AZ99: Редко | BA99: Часто | BB99: Никогда | BC99: Никогда | BD99: Очень часто | BE99: Существенно быстрее | BF99: Часто | BG99: Часто | BH99: Часто | BI99: Редко | BJ99: Редко | BK99: Редко
A100: 43458.91 | B100: М | C100: 40 | D100: 2 | E100: 3 | F100: Я успеваю разобраться с необходимой текучкой, и даже изредка могу посвящать силы долгосрочным планам | G100: 6 | I100: 8 | J100: Я вполне продуктивно продвигаюсь к своим долгосрочным целям. Завалы если и случаются, то не часто | K100: 10 | L100: 3 | M100: 5 | N100: 5 | O100: 5 | P100: 1 | Q100: 5 | R100: 3 | S100: 5 | T100: 5 | U100: 3 | V100: 2 | W100: 4 | X100: 3 | Y100: 2 | Z100: 4 | AA100: 5 | AB100: 5 | AC100: 1 | AD100: 5 | AE100: Очень мало | AF100: Умеренно | AG100: НИЧЕГО | AH100: Умеренно | AI100: Умеренно | AJ100: Настоящая радость | AK100: Настоящая радость | AL100: Скорее позитивное | AM100: Вполне приятные | AN100: ЖГУЧАЯ НЕНАВИСТЬ!!! | AO100: Настоящая радость | AP100: ЖГУЧАЯ НЕНАВИСТЬ!!! | AQ100: Настоящая радость | AR100: MBO, мотивация, ассесмент | AS100: Бонус | AT100: Часто | AU100: Очень часто | AV100: Иногда | AW100: Очень часто | AX100: Очень часто | AY100: Очень часто | AZ100: Никогда | BA100: Часто | BB100: Редко | BC100: Иногда | BD100: Очень часто | BE100: Точно так же | BF100: Иногда | BG100: Редко | BH100: Редко | BI100: Часто | BJ100: Часто | BK100: Часто
...

Sheet Рабочий стол
A1: Ваш пол | B1: Сколько вам лет? | C1: В скольких компаниях вы уже успели поработать? | D1: В общем и целом на сколько вы счастливы? | E1: Что лучше характеризует то, как вы справляетесь с делами в ЛИЧНОЙ жизни? | F1: Какой объем от ЖЕЛАЕМЫХ ЛИЧНЫХ дел вам удается выполнить? | G1: Не работаю | H1: В общем и целом на сколько вы удовлетворены своей работой? | I1: Что лучше характеризует то, как вы справляетесь с делами по работе? | J1: Какой объем от ЖЕЛАЕМЫХ РАБОЧИХ дел вам удается выполнить? | K1: В современном мире важно находиться всегда на связи | L1: Быстрые ответы на запросы коллег помогают нам всем быстрее выполнять свою работу | M1: Мои коллеги ценят меня за мою способность оперативно отвечать на их вопросы | N1: Если я не отвечу быстро, то мои коллеги будут не довольны моей работой | O1: Я стараюсь отвечать быстро, чтобы не вызывать негативных эмоций у своих коллег | P1: Использование мессенджеров в нашей работе помогает нам быстрее достигать результата | Q1: Использование мессенджеров создает слишком много информационного шума из-за которого теряется важное | R1: Как вы оцениваете уровень стресса на вашем рабочем месте? | S1: На рабочем месте мне очень сложно сконцентрироваться | T1: Мне бы хотелось, чтобы мои коллеги реже отвлекали меня | U1: Когда у меня получается поработать вне офиса, то я успеваю сделать на много больше | V1: Я сам часто отвлекаю своих коллег без веских на то причин | W1: Работу, требующую сосредоточения я оставляю на вечер, когда становится спокойнее | X1: Я стараюсь начинать свой день пусть с небольших, но стратегически-важных задач | Y1: В начале рабочего дня необходимо убедиться, что за ночь не появилось никаких новых срочных задач | Z1: Тихое и спокойное время необходимо КАЖДОМУ, для выполнения своих обязанностей | AA1: Для меня важно регулярно иметь тихое и спокойное время, когда меня никто не отвлекает | AB1: В первой половине дня я не способен выполнять никакой серьезной работы | AC1: Когда я устал, я могу поболтать немного с коллегой о том о сем, и это придаст мне новых сил | AD1: Оцените объем входящей информации в вашей работе из разных источников [Мессенджеры] | AE1: Оцените объем входящей информации в вашей работе из разных источников [Электронная почта] | AF1: Оцените объем входящей информации в вашей работе из разных источников [Социальные сети] | AG1: Оцените объем входящей информации в вашей работе из разных источников [Телефонные звонки] | AH1: Оцените объем входящей информации в вашей работе из разных источников [Личные встречи] | AI1: Какие эмоции вызывают у вас слова и словосочетания? [Agile] | AJ1: Какие эмоции вызывают у вас слова и словосочетания? [Digital-трансформация] | AK1: Какие эмоции вызывают у вас слова и словосочетания? [Реструктуризация] | AL1: Какие эмоции вызывают у вас слова и словосочетания? [Непрерывное совершенствование] | AM1: Какие эмоции вызывают у вас слова и словосочетания? [Аттестация] | AN1: Какие эмоции вызывают у вас слова и словосочетания? [Вовлеченность] | AO1: Какие эмоции вызывают у вас слова и словосочетания? [KPI] | AP1: Какие эмоции вызывают у вас слова и словосочетания? [Корпоративная культура] | AQ1: Как часто вы используете свой смартфон для ... [Голововые/видео звонки] | AR1: Как часто вы используете свой смартфон для ... [Общения через мессенджеры] | AS1: Как часто вы используете свой смартфон для ... [Электронной почты] | AT1: Как часто вы используете свой смартфон для ... [Социальных сетей] | AU1: Как часто вы используете свой смартфон для ... [Походов в интернет] | AV1: Как часто вы используете свой смартфон для ... [Музыки/подкастов/радио] | AW1: Как часто вы используете свой смартфон для ... [Игр] | AX1: Как часто вы используете свой смартфон для ... [Фотографирования/съемки видео] | AY1: Как часто вы используете свой смартфон для ... [Просмотра видео/ТВ/фильмов] | AZ1: Как часто вы используете свой смартфон для ... [Чтения книг/журналов] | BA1: Как часто вы используете свой смартфон для ... [Карт/навигации] | BB1: Как вы оцениваете ритм своей жизни (по отношению к обычному ритму) за предыдущие 4 недели? | BC1: Я просыпаюсь свежим и отдохнувшим | BD1: Я засыпаю быстро и без проблем | BE1: Чувствую подъем сил | BF1: Мои мысли не дают мне заснуть | BG1: У меня отсутствует какой-либо интерес или желания делать что-либо | BH1: Чувствую упадок сил и усталость | BI1: Поколение | BJ1: Уровень счастья | BK1: Уровень стресса
A2: =IF('Ответы на форму (1)'!B2="М",1,0) -> 1 | B2: ='Ответы на форму (1)'!C2 -> 64 | C2: ='Ответы на форму (1)'!D2 -> 0 | D2: ='Ответы на форму (1)'!E2 -> 5 | E2: =VLOOKUP('Ответы на форму (1)'!F2,УровниУспевания,2,FALSE) -> средне | F2: ='Ответы на форму (1)'!G2 -> 2 | G2: =IF('Ответы на форму (1)'!H2="",0,1) -> 0 | H2: ='Ответы на форму (1)'!I2 -> 8 | I2: =VLOOKUP('Ответы на форму (1)'!J2,УровниУспевания,2,FALSE) -> средне | J2: ='Ответы на форму (1)'!K2 -> 3 | K2: =VLOOKUP('Ответы на форму (1)'!L2,УровниСогласия,2,FALSE) -> 2 | L2: =VLOOKUP('Ответы на форму (1)'!M2,УровниСогласия,2,FALSE) -> 1 | M2: =VLOOKUP('Ответы на форму (1)'!N2,УровниСогласия,2,FALSE) -> 2 | N2: =VLOOKUP('Ответы на форму (1)'!O2,УровниСогласия,2,FALSE) -> 1 | O2: =VLOOKUP('Ответы на форму (1)'!P2,УровниСогласия,2,FALSE) -> 3 | P2: =VLOOKUP('Ответы на форму (1)'!Q2,УровниСогласия,2,FALSE) -> 2 | Q2: =VLOOKUP('Ответы на форму (1)'!R2,УровниСогласия,2,FALSE) -> 3 | R2: ='Ответы на форму (1)'!S2 -> 3 | S2: =VLOOKUP('Ответы на форму (1)'!T2,УровниСогласия,2,FALSE) -> 3 | T2: =VLOOKUP('Ответы на форму (1)'!U2,УровниСогласия,2,FALSE) -> 3 | U2: =VLOOKUP('Ответы на форму (1)'!V2,УровниСогласия,2,FALSE) -> 2 | V2: =VLOOKUP('Ответы на форму (1)'!W2,УровниСогласия,2,FALSE) -> 1 | W2: =VLOOKUP('Ответы на форму (1)'!X2,УровниСогласия,2,FALSE) -> 3 | X2: =VLOOKUP('Ответы на форму (1)'!Y2,УровниСогласия,2,FALSE) -> 3 | Y2: =VLOOKUP('Ответы на форму (1)'!Z2,УровниСогласия,2,FALSE) -> 1 | Z2: =VLOOKUP('Ответы на форму (1)'!AA2,УровниСогласия,2,FALSE) -> 2 | ... AC2: =VLOOKUP('Ответы на форму (1)'!AD2,УровниСогласия,2,FALSE) -> 1 | AD2: =VLOOKUP('Ответы на форму (1)'!AE2,УровниКоличества,2,FALSE) -> 1 | AE2: =VLOOKUP('Ответы на форму (1)'!AF2,УровниКоличества,2,FALSE) -> 2 | AF2: =VLOOKUP('Ответы на форму (1)'!AG2,УровниКоличества,2,FALSE) -> 1 | AG2: =VLOOKUP('Ответы на форму (1)'!AH2,УровниКоличества,2,FALSE) -> 3 | AH2: =VLOOKUP('Ответы на форму (1)'!AI2,УровниКоличества,2,FALSE) -> 2 | AI2: =VLOOKUP('Ответы на форму (1)'!AJ2,УровниНенависти,2,FALSE) -> 0 | AJ2: =VLOOKUP('Ответы на форму (1)'!AK2,УровниНенависти,2,FALSE) -> 0 | AK2: =VLOOKUP('Ответы на форму (1)'!AL2,УровниНенависти,2,FALSE) -> 0 | AL2: =VLOOKUP('Ответы на форму (1)'!AM2,УровниНенависти,2,FALSE) -> 0 | AM2: =VLOOKUP('Ответы на форму (1)'!AN2,УровниНенависти,2,FALSE) -> 0 | AN2: =VLOOKUP('Ответы на форму (1)'!AO2,УровниНенависти,2,FALSE) -> 0 | AO2: =VLOOKUP('Ответы на форму (1)'!AP2,УровниНенависти,2,FALSE) -> 0 | AP2: =VLOOKUP('Ответы на форму (1)'!AQ2,УровниНенависти,2,FALSE) -> 0 | AQ2: =VLOOKUP('Ответы на форму (1)'!AT2,УровниЧастоты,2,FALSE) -> 2 | AR2: =VLOOKUP('Ответы на форму (1)'!AU2,УровниЧастоты,2,FALSE) -> 3 | AS2: =VLOOKUP('Ответы на форму (1)'!AV2,УровниЧастоты,2,FALSE) -> 4 | AT2: =VLOOKUP('Ответы на форму (1)'!AW2,УровниЧастоты,2,FALSE) -> 1 | AU2: =VLOOKUP('Ответы на форму (1)'!AX2,УровниЧастоты,2,FALSE) -> 3 | AV2: =VLOOKUP('Ответы на форму (1)'!AY2,УровниЧастоты,2,FALSE) -> 3 | AW2: =VLOOKUP('Ответы на форму (1)'!AZ2,УровниЧастоты,2,FALSE) -> 0 | AX2: =VLOOKUP('Ответы на форму (1)'!BA2,УровниЧастоты,2,FALSE) -> 2 | ... BA2: =VLOOKUP('Ответы на форму (1)'!BD2,УровниЧастоты,2,FALSE) -> 3 | BB2: =VLOOKUP('Ответы на форму (1)'!BE2,УровниУспокоения,2,FALSE) -> 3 | BC2: =VLOOKUP('Ответы на форму (1)'!BF2,УровниЧастоты2,2,FALSE) -> 1 | BD2: =VLOOKUP('Ответы на форму (1)'!BG2,УровниЧастоты2,2,FALSE) -> 2 | BE2: =VLOOKUP('Ответы на форму (1)'!BH2,УровниЧастоты2,2,FALSE) -> 1 | BF2: =VLOOKUP('Ответы на форму (1)'!BI2,УровниЧастоты2,2,FALSE) -> 0 | BG2: =VLOOKUP('Ответы на форму (1)'!BJ2,УровниЧастоты2,2,FALSE) -> 1 | BH2: =VLOOKUP('Ответы на форму (1)'!BK2,УровниЧастоты2,2,FALSE) -> 0 | BI2: =IF(B2>34,"X",IF(B2>18,"Y","Z")) -> X | BJ2: =IF(D2>=8,":-)",IF(D2<=5,":-(",":-)")) -> :-( | BK2: =IF(R2>=8,"%-[",IF(R2<=4,":-)",":-\")) -> :-)
A3: =IF('Ответы на форму (1)'!B3="М",1,0) -> 0 | B3: ='Ответы на форму (1)'!C3 -> 31 | C3: ='Ответы на форму (1)'!D3 -> 5 | D3: ='Ответы на форму (1)'!E3 -> 8 | E3: =VLOOKUP('Ответы на форму (1)'!F3,УровниУспевания,2,FALSE) -> хорошо | F3: ='Ответы на форму (1)'!G3 -> 6 | G3: =IF('Ответы на форму (1)'!H3="",0,1) -> 0 | H3: ='Ответы на форму (1)'!I3 -> 7 | I3: =VLOOKUP('Ответы на форму (1)'!J3,УровниУспевания,2,FALSE) -> хорошо | J3: ='Ответы на форму (1)'!K3 -> 8 | K3: =VLOOKUP('Ответы на форму (1)'!L3,УровниСогласия,2,FALSE) -> 2 | L3: =VLOOKUP('Ответы на форму (1)'!M3,УровниСогласия,2,FALSE) -> 1 | M3: =VLOOKUP('Ответы на форму (1)'!N3,УровниСогласия,2,FALSE) -> 1 | N3: =VLOOKUP('Ответы на форму (1)'!O3,УровниСогласия,2,FALSE) -> 1 | O3: =VLOOKUP('Ответы на форму (1)'!P3,УровниСогласия,2,FALSE) -> 1 | P3: =VLOOKUP('Ответы на форму (1)'!Q3,УровниСогласия,2,FALSE) -> 1 | Q3: =VLOOKUP('Ответы на форму (1)'!R3,УровниСогласия,2,FALSE) -> 2 | R3: ='Ответы на форму (1)'!S3 -> 5 | S3: =VLOOKUP('Ответы на форму (1)'!T3,УровниСогласия,2,FALSE) -> 2 | T3: =VLOOKUP('Ответы на форму (1)'!U3,УровниСогласия,2,FALSE) -> 3 | U3: =VLOOKUP('Ответы на форму (1)'!V3,УровниСогласия,2,FALSE) -> 1 | V3: =VLOOKUP('Ответы на форму (1)'!W3,УровниСогласия,2,FALSE) -> 1 | W3: =VLOOKUP('Ответы на форму (1)'!X3,УровниСогласия,2,FALSE) -> 1 | X3: =VLOOKUP('Ответы на форму (1)'!Y3,УровниСогласия,2,FALSE) -> 3 | Y3: =VLOOKUP('Ответы на форму (1)'!Z3,УровниСогласия,2,FALSE) -> 3 | Z3: =VLOOKUP('Ответы на форму (1)'!AA3,УровниСогласия,2,FALSE) -> 3 | ... AC3: =VLOOKUP('Ответы на форму (1)'!AD3,УровниСогласия,2,FALSE) -> 1 | AD3: =VLOOKUP('Ответы на форму (1)'!AE3,УровниКоличества,2,FALSE) -> 1 | AE3: =VLOOKUP('Ответы на форму (1)'!AF3,УровниКоличества,2,FALSE) -> 1 | AF3: =VLOOKUP('Ответы на форму (1)'!AG3,УровниКоличества,2,FALSE) -> 3 | AG3: =VLOOKUP('Ответы на форму (1)'!AH3,УровниКоличества,2,FALSE) -> 2 | AH3: =VLOOKUP('Ответы на форму (1)'!AI3,УровниКоличества,2,FALSE) -> 3 | AI3: =VLOOKUP('Ответы на форму (1)'!AJ3,УровниНенависти,2,FALSE) -> 0 | AJ3: =VLOOKUP('Ответы на форму (1)'!AK3,УровниНенависти,2,FALSE) -> -1 | AK3: =VLOOKUP('Ответы на форму (1)'!AL3,УровниНенависти,2,FALSE) -> 0 | AL3: =VLOOKUP('Ответы на форму (1)'!AM3,УровниНенависти,2,FALSE) -> 0 | AM3: =VLOOKUP('Ответы на форму (1)'!AN3,УровниНенависти,2,FALSE) -> 0 | AN3: =VLOOKUP('Ответы на форму (1)'!AO3,УровниНенависти,2,FALSE) -> 0 | AO3: =VLOOKUP('Ответы на форму (1)'!AP3,УровниНенависти,2,FALSE) -> 0 | AP3: =VLOOKUP('Ответы на форму (1)'!AQ3,УровниНенависти,2,FALSE) -> 0 | AQ3: =VLOOKUP('Ответы на форму (1)'!AT3,УровниЧастоты,2,FALSE) -> 4 | AR3: =VLOOKUP('Ответы на форму (1)'!AU3,УровниЧастоты,2,FALSE) -> 1 | AS3: =VLOOKUP('Ответы на форму (1)'!AV3,УровниЧастоты,2,FALSE) -> 1 | AT3: =VLOOKUP('Ответы на форму (1)'!AW3,УровниЧастоты,2,FALSE) -> 4 | AU3: =VLOOKUP('Ответы на форму (1)'!AX3,УровниЧастоты,2,FALSE) -> 2 | AV3: =VLOOKUP('Ответы на форму (1)'!AY3,УровниЧастоты,2,FALSE) -> 0 | AW3: =VLOOKUP('Ответы на форму (1)'!AZ3,УровниЧастоты,2,FALSE) -> 0 | AX3: =VLOOKUP('Ответы на форму (1)'!BA3,УровниЧастоты,2,FALSE) -> 1 | ... BA3: =VLOOKUP('Ответы на форму (1)'!BD3,УровниЧастоты,2,FALSE) -> 3 | BB3: =VLOOKUP('Ответы на форму (1)'!BE3,УровниУспокоения,2,FALSE) -> 2 | BC3: =VLOOKUP('Ответы на форму (1)'!BF3,УровниЧастоты2,2,FALSE) -> 2 | BD3: =VLOOKUP('Ответы на форму (1)'!BG3,УровниЧастоты2,2,FALSE) -> 2 | BE3: =VLOOKUP('Ответы на форму (1)'!BH3,УровниЧастоты2,2,FALSE) -> 1 | BF3: =VLOOKUP('Ответы на форму (1)'!BI3,УровниЧастоты2,2,FALSE) -> 0 | BG3: =VLOOKUP('Ответы на форму (1)'!BJ3,УровниЧастоты2,2,FALSE) -> 1 | BH3: =VLOOKUP('Ответы на форму (1)'!BK3,УровниЧастоты2,2,FALSE) -> 0 | BI3: =IF(B3>34,"X",IF(B3>18,"Y","Z")) -> Y | BJ3: =IF(D3>=8,":-)",IF(D3<=5,":-(",":-)")) -> :-) | BK3: =IF(R3>=8,"%-[",IF(R3<=4,":-)",":-\")) -> :-\
A4: =IF('Ответы на форму (1)'!B4="М",1,0) -> 0 | B4: ='Ответы на форму (1)'!C4 -> 41 | C4: ='Ответы на форму (1)'!D4 -> 3 | D4: ='Ответы на форму (1)'!E4 -> 7 | E4: =VLOOKUP('Ответы на форму (1)'!F4,УровниУспевания,2,FALSE) -> средне | F4: ='Ответы на форму (1)'!G4 -> 4 | G4: =IF('Ответы на форму (1)'!H4="",0,1) -> 0 | H4: ='Ответы на форму (1)'!I4 -> 7 | I4: =VLOOKUP('Ответы на форму (1)'!J4,УровниУспевания,2,FALSE) -> средне | J4: ='Ответы на форму (1)'!K4 -> 7 | K4: =VLOOKUP('Ответы на форму (1)'!L4,УровниСогласия,2,FALSE) -> 3 | L4: =VLOOKUP('Ответы на форму (1)'!M4,УровниСогласия,2,FALSE) -> 1 | M4: =VLOOKUP('Ответы на форму (1)'!N4,УровниСогласия,2,FALSE) -> 3 | N4: =VLOOKUP('Ответы на форму (1)'!O4,УровниСогласия,2,FALSE) -> 3 | O4: =VLOOKUP('Ответы на форму (1)'!P4,УровниСогласия,2,FALSE) -> 3 | P4: =VLOOKUP('Ответы на форму (1)'!Q4,УровниСогласия,2,FALSE) -> 1 | Q4: =VLOOKUP('Ответы на форму (1)'!R4,УровниСогласия,2,FALSE) -> 3 | R4: ='Ответы на форму (1)'!S4 -> 6 | S4: =VLOOKUP('Ответы на форму (1)'!T4,УровниСогласия,2,FALSE) -> 3 | T4: =VLOOKUP('Ответы на форму (1)'!U4,УровниСогласия,2,FALSE) -> 3 | U4: =VLOOKUP('Ответы на форму (1)'!V4,УровниСогласия,2,FALSE) -> 3 | V4: =VLOOKUP('Ответы на форму (1)'!W4,УровниСогласия,2,FALSE) -> 2 | W4: =VLOOKUP('Ответы на форму (1)'!X4,УровниСогласия,2,FALSE) -> 2 | X4: =VLOOKUP('Ответы на форму (1)'!Y4,УровниСогласия,2,FALSE) -> 3 | Y4: =VLOOKUP('Ответы на форму (1)'!Z4,УровниСогласия,2,FALSE) -> 3 | Z4: =VLOOKUP('Ответы на форму (1)'!AA4,УровниСогласия,2,FALSE) -> 3 | ... AC4: =VLOOKUP('Ответы на форму (1)'!AD4,УровниСогласия,2,FALSE) -> 3 | AD4: =VLOOKUP('Ответы на форму (1)'!AE4,УровниКоличества,2,FALSE) -> 2 | AE4: =VLOOKUP('Ответы на форму (1)'!AF4,УровниКоличества,2,FALSE) -> 3 | AF4: =VLOOKUP('Ответы на форму (1)'!AG4,УровниКоличества,2,FALSE) -> 1 | AG4: =VLOOKUP('Ответы на форму (1)'!AH4,УровниКоличества,2,FALSE) -> 3 | AH4: =VLOOKUP('Ответы на форму (1)'!AI4,УровниКоличества,2,FALSE) -> 3 | AI4: =VLOOKUP('Ответы на форму (1)'!AJ4,УровниНенависти,2,FALSE) -> -1 | AJ4: =VLOOKUP('Ответы на форму (1)'!AK4,УровниНенависти,2,FALSE) -> -1 | AK4: =VLOOKUP('Ответы на форму (1)'!AL4,УровниНенависти,2,FALSE) -> -1 | AL4: =VLOOKUP('Ответы на форму (1)'!AM4,УровниНенависти,2,FALSE) -> -1 | AM4: =VLOOKUP('Ответы на форму (1)'!AN4,УровниНенависти,2,FALSE) -> 0 | AN4: =VLOOKUP('Ответы на форму (1)'!AO4,УровниНенависти,2,FALSE) -> 0 | AO4: =VLOOKUP('Ответы на форму (1)'!AP4,УровниНенависти,2,FALSE) -> 0 | AP4: =VLOOKUP('Ответы на форму (1)'!AQ4,УровниНенависти,2,FALSE) -> 0 | AQ4: =VLOOKUP('Ответы на форму (1)'!AT4,УровниЧастоты,2,FALSE) -> 4 | AR4: =VLOOKUP('Ответы на форму (1)'!AU4,УровниЧастоты,2,FALSE) -> 3 | AS4: =VLOOKUP('Ответы на форму (1)'!AV4,УровниЧастоты,2,FALSE) -> 4 | AT4: =VLOOKUP('Ответы на форму (1)'!AW4,УровниЧастоты,2,FALSE) -> 4 | AU4: =VLOOKUP('Ответы на форму (1)'!AX4,УровниЧастоты,2,FALSE) -> 4 | AV4: =VLOOKUP('Ответы на форму (1)'!AY4,УровниЧастоты,2,FALSE) -> 4 | AW4: =VLOOKUP('Ответы на форму (1)'!AZ4,УровниЧастоты,2,FALSE) -> 0 | AX4: =VLOOKUP('Ответы на форму (1)'!BA4,УровниЧастоты,2,FALSE) -> 3 | ... BA4: =VLOOKUP('Ответы на форму (1)'!BD4,УровниЧастоты,2,FALSE) -> 3 | BB4: =VLOOKUP('Ответы на форму (1)'!BE4,УровниУспокоения,2,FALSE) -> 4 | BC4: =VLOOKUP('Ответы на форму (1)'!BF4,УровниЧастоты2,2,FALSE) -> 0 | BD4: =VLOOKUP('Ответы на форму (1)'!BG4,УровниЧастоты2,2,FALSE) -> 2 | BE4: =VLOOKUP('Ответы на форму (1)'!BH4,УровниЧастоты2,2,FALSE) -> 1 | BF4: =VLOOKUP('Ответы на форму (1)'!BI4,УровниЧастоты2,2,FALSE) -> 0 | BG4: =VLOOKUP('Ответы на форму (1)'!BJ4,УровниЧастоты2,2,FALSE) -> 0 | BH4: =VLOOKUP('Ответы на форму (1)'!BK4,УровниЧастоты2,2,FALSE) -> 2 | BI4: =IF(B4>34,"X",IF(B4>18,"Y","Z")) -> X | BJ4: =IF(D4>=8,":-)",IF(D4<=5,":-(",":-)")) -> :-) | BK4: =IF(R4>=8,"%-[",IF(R4<=4,":-)",":-\")) -> :-\
A5: =IF('Ответы на форму (1)'!B5="М",1,0) -> 1 | B5: ='Ответы на форму (1)'!C5 -> 37 | C5: ='Ответы на форму (1)'!D5 -> 7 | D5: ='Ответы на форму (1)'!E5 -> 10 | E5: =VLOOKUP('Ответы на форму (1)'!F5,УровниУспевания,2,FALSE) -> хорошо | F5: ='Ответы на форму (1)'!G5 -> 9 | G5: =IF('Ответы на форму (1)'!H5="",0,1) -> 0 | H5: ='Ответы на форму (1)'!I5 -> 9 | I5: =VLOOKUP('Ответы на форму (1)'!J5,УровниУспевания,2,FALSE) -> хорошо | J5: ='Ответы на форму (1)'!K5 -> 8 | K5: =VLOOKUP('Ответы на форму (1)'!L5,УровниСогласия,2,FALSE) -> 1 | L5: =VLOOKUP('Ответы на форму (1)'!M5,УровниСогласия,2,FALSE) -> 1 | M5: =VLOOKUP('Ответы на форму (1)'!N5,УровниСогласия,2,FALSE) -> 1 | N5: =VLOOKUP('Ответы на форму (1)'!O5,УровниСогласия,2,FALSE) -> 1 | O5: =VLOOKUP('Ответы на форму (1)'!P5,УровниСогласия,2,FALSE) -> 1 | P5: =VLOOKUP('Ответы на форму (1)'!Q5,УровниСогласия,2,FALSE) -> 1 | Q5: =VLOOKUP('Ответы на форму (1)'!R5,УровниСогласия,2,FALSE) -> 1 | R5: ='Ответы на форму (1)'!S5 -> 5 | S5: =VLOOKUP('Ответы на форму (1)'!T5,УровниСогласия,2,FALSE) -> 1 | T5: =VLOOKUP('Ответы на форму (1)'!U5,УровниСогласия,2,FALSE) -> 3 | U5: =VLOOKUP('Ответы на форму (1)'!V5,УровниСогласия,2,FALSE) -> 3 | V5: =VLOOKUP('Ответы на форму (1)'!W5,УровниСогласия,2,FALSE) -> 1 | W5: =VLOOKUP('Ответы на форму (1)'!X5,УровниСогласия,2,FALSE) -> 1 | X5: =VLOOKUP('Ответы на форму (1)'!Y5,УровниСогласия,2,FALSE) -> 3 | Y5: =VLOOKUP('Ответы на форму (1)'!Z5,УровниСогласия,2,FALSE) -> 1 | Z5: =VLOOKUP('Ответы на форму (1)'!AA5,УровниСогласия,2,FALSE) -> 3 | ... AC5: =VLOOKUP('Ответы на форму (1)'!AD5,УровниСогласия,2,FALSE) -> 3 | AD5: =VLOOKUP('Ответы на форму (1)'!AE5,УровниКоличества,2,FALSE) -> 1 | AE5: =VLOOKUP('Ответы на форму (1)'!AF5,УровниКоличества,2,FALSE) -> 3 | AF5: =VLOOKUP('Ответы на форму (1)'!AG5,УровниКоличества,2,FALSE) -> 3 | AG5: =VLOOKUP('Ответы на форму (1)'!AH5,УровниКоличества,2,FALSE) -> 1 | AH5: =VLOOKUP('Ответы на форму (1)'!AI5,УровниКоличества,2,FALSE) -> 1 | AI5: =VLOOKUP('Ответы на форму (1)'!AJ5,УровниНенависти,2,FALSE) -> 1 | AJ5: =VLOOKUP('Ответы на форму (1)'!AK5,УровниНенависти,2,FALSE) -> 1 | AK5: =VLOOKUP('Ответы на форму (1)'!AL5,УровниНенависти,2,FALSE) -> 1 | AL5: =VLOOKUP('Ответы на форму (1)'!AM5,УровниНенависти,2,FALSE) -> 1 | AM5: =VLOOKUP('Ответы на форму (1)'!AN5,УровниНенависти,2,FALSE) -> 0 | AN5: =VLOOKUP('Ответы на форму (1)'!AO5,УровниНенависти,2,FALSE) -> 1 | AO5: =VLOOKUP('Ответы на форму (1)'!AP5,УровниНенависти,2,FALSE) -> 0 | AP5: =VLOOKUP('Ответы на форму (1)'!AQ5,УровниНенависти,2,FALSE) -> -1 | AQ5: =VLOOKUP('Ответы на форму (1)'!AT5,УровниЧастоты,2,FALSE) -> 3 | AR5: =VLOOKUP('Ответы на форму (1)'!AU5,УровниЧастоты,2,FALSE) -> 4 | AS5: =VLOOKUP('Ответы на форму (1)'!AV5,УровниЧастоты,2,FALSE) -> 4 | AT5: =VLOOKUP('Ответы на форму (1)'!AW5,УровниЧастоты,2,FALSE) -> 4 | AU5: =VLOOKUP('Ответы на форму (1)'!AX5,УровниЧастоты,2,FALSE) -> 2 | AV5: =VLOOKUP('Ответы на форму (1)'!AY5,УровниЧастоты,2,FALSE) -> 4 | AW5: =VLOOKUP('Ответы на форму (1)'!AZ5,УровниЧастоты,2,FALSE) -> 2 | AX5: =VLOOKUP('Ответы на форму (1)'!BA5,УровниЧастоты,2,FALSE) -> 3 | ... BA5: =VLOOKUP('Ответы на форму (1)'!BD5,УровниЧастоты,2,FALSE) -> 3 | BB5: =VLOOKUP('Ответы на форму (1)'!BE5,УровниУспокоения,2,FALSE) -> 3 | BC5: =VLOOKUP('Ответы на форму (1)'!BF5,УровниЧастоты2,2,FALSE) -> 2 | BD5: =VLOOKUP('Ответы на форму (1)'!BG5,УровниЧастоты2,2,FALSE) -> 2 | BE5: =VLOOKUP('Ответы на форму (1)'!BH5,УровниЧастоты2,2,FALSE) -> 2 | BF5: =VLOOKUP('Ответы на форму (1)'!BI5,УровниЧастоты2,2,FALSE) -> 0 | BG5: =VLOOKUP('Ответы на форму (1)'!BJ5,УровниЧастоты2,2,FALSE) -> 0 | BH5: =VLOOKUP('Ответы на форму (1)'!BK5,УровниЧастоты2,2,FALSE) -> 0 | BI5: =IF(B5>34,"X",IF(B5>18,"Y","Z")) -> X | BJ5: =IF(D5>=8,":-)",IF(D5<=5,":-(",":-)")) -> :-) | BK5: =IF(R5>=8,"%-[",IF(R5<=4,":-)",":-\")) -> :-\
A6: =IF('Ответы на форму (1)'!B6="М",1,0) -> 1 | B6: ='Ответы на форму (1)'!C6 -> 30 | C6: ='Ответы на форму (1)'!D6 -> 6 | D6: ='Ответы на форму (1)'!E6 -> 7 | E6: =VLOOKUP('Ответы на форму (1)'!F6,УровниУспевания,2,FALSE) -> хорошо | F6: ='Ответы на форму (1)'!G6 -> 6 | G6: =IF('Ответы на форму (1)'!H6="",0,1) -> 0 | H6: ='Ответы на форму (1)'!I6 -> 8 | I6: =VLOOKUP('Ответы на форму (1)'!J6,УровниУспевания,2,FALSE) -> хорошо | J6: ='Ответы на форму (1)'!K6 -> 9 | K6: =VLOOKUP('Ответы на форму (1)'!L6,УровниСогласия,2,FALSE) -> 1 | L6: =VLOOKUP('Ответы на форму (1)'!M6,УровниСогласия,2,FALSE) -> 1 | M6: =VLOOKUP('Ответы на форму (1)'!N6,УровниСогласия,2,FALSE) -> 1 | N6: =VLOOKUP('Ответы на форму (1)'!O6,УровниСогласия,2,FALSE) -> 1 | O6: =VLOOKUP('Ответы на форму (1)'!P6,УровниСогласия,2,FALSE) -> 1 | P6: =VLOOKUP('Ответы на форму (1)'!Q6,УровниСогласия,2,FALSE) -> 1 | Q6: =VLOOKUP('Ответы на форму (1)'!R6,УровниСогласия,2,FALSE) -> 3 | R6: ='Ответы на форму (1)'!S6 -> 6 | S6: =VLOOKUP('Ответы на форму (1)'!T6,УровниСогласия,2,FALSE) -> 2 | T6: =VLOOKUP('Ответы на форму (1)'!U6,УровниСогласия,2,FALSE) -> 3 | U6: =VLOOKUP('Ответы на форму (1)'!V6,УровниСогласия,2,FALSE) -> 3 | V6: =VLOOKUP('Ответы на форму (1)'!W6,УровниСогласия,2,FALSE) -> 2 | W6: =VLOOKUP('Ответы на форму (1)'!X6,УровниСогласия,2,FALSE) -> 1 | X6: =VLOOKUP('Ответы на форму (1)'!Y6,УровниСогласия,2,FALSE) -> 2 | Y6: =VLOOKUP('Ответы на форму (1)'!Z6,УровниСогласия,2,FALSE) -> 3 | Z6: =VLOOKUP('Ответы на форму (1)'!AA6,УровниСогласия,2,FALSE) -> 3 | ... AC6: =VLOOKUP('Ответы на форму (1)'!AD6,УровниСогласия,2,FALSE) -> 3 | AD6: =VLOOKUP('Ответы на форму (1)'!AE6,УровниКоличества,2,FALSE) -> 3 | AE6: =VLOOKUP('Ответы на форму (1)'!AF6,УровниКоличества,2,FALSE) -> 2 | AF6: =VLOOKUP('Ответы на форму (1)'!AG6,УровниКоличества,2,FALSE) -> 1 | AG6: =VLOOKUP('Ответы на форму (1)'!AH6,УровниКоличества,2,FALSE) -> 1 | AH6: =VLOOKUP('Ответы на форму (1)'!AI6,УровниКоличества,2,FALSE) -> 3 | AI6: =VLOOKUP('Ответы на форму (1)'!AJ6,УровниНенависти,2,FALSE) -> 1 | AJ6: =VLOOKUP('Ответы на форму (1)'!AK6,УровниНенависти,2,FALSE) -> 1 | AK6: =VLOOKUP('Ответы на форму (1)'!AL6,УровниНенависти,2,FALSE) -> 0 | AL6: =VLOOKUP('Ответы на форму (1)'!AM6,УровниНенависти,2,FALSE) -> 1 | AM6: =VLOOKUP('Ответы на форму (1)'!AN6,УровниНенависти,2,FALSE) -> -1 | AN6: =VLOOKUP('Ответы на форму (1)'!AO6,УровниНенависти,2,FALSE) -> 1 | AO6: =VLOOKUP('Ответы на форму (1)'!AP6,УровниНенависти,2,FALSE) -> 0 | AP6: =VLOOKUP('Ответы на форму (1)'!AQ6,УровниНенависти,2,FALSE) -> 1 | AQ6: =VLOOKUP('Ответы на форму (1)'!AT6,УровниЧастоты,2,FALSE) -> 1 | AR6: =VLOOKUP('Ответы на форму (1)'!AU6,УровниЧастоты,2,FALSE) -> 2 | AS6: =VLOOKUP('Ответы на форму (1)'!AV6,УровниЧастоты,2,FALSE) -> 1 | AT6: =VLOOKUP('Ответы на форму (1)'!AW6,УровниЧастоты,2,FALSE) -> 3 | AU6: =VLOOKUP('Ответы на форму (1)'!AX6,УровниЧастоты,2,FALSE) -> 3 | AV6: =VLOOKUP('Ответы на форму (1)'!AY6,УровниЧастоты,2,FALSE) -> 3 | AW6: =VLOOKUP('Ответы на форму (1)'!AZ6,УровниЧастоты,2,FALSE) -> 1 | AX6: =VLOOKUP('Ответы на форму (1)'!BA6,УровниЧастоты,2,FALSE) -> 1 | ... BA6: =VLOOKUP('Ответы на форму (1)'!BD6,УровниЧастоты,2,FALSE) -> 4 | BB6: =VLOOKUP('Ответы на форму (1)'!BE6,УровниУспокоения,2,FALSE) -> 5 | BC6: =VLOOKUP('Ответы на форму (1)'!BF6,УровниЧастоты2,2,FALSE) -> 1 | BD6: =VLOOKUP('Ответы на форму (1)'!BG6,УровниЧастоты2,2,FALSE) -> 1 | BE6: =VLOOKUP('Ответы на форму (1)'!BH6,УровниЧастоты2,2,FALSE) -> 1 | BF6: =VLOOKUP('Ответы на форму (1)'!BI6,УровниЧастоты2,2,FALSE) -> 1 | BG6: =VLOOKUP('Ответы на форму (1)'!BJ6,УровниЧастоты2,2,FALSE) -> 1 | BH6: =VLOOKUP('Ответы на форму (1)'!BK6,УровниЧастоты2,2,FALSE) -> 2 | BI6: =IF(B6>34,"X",IF(B6>18,"Y","Z")) -> Y | BJ6: =IF(D6>=8,":-)",IF(D6<=5,":-(",":-)")) -> :-) | BK6: =IF(R6>=8,"%-[",IF(R6<=4,":-)",":-\")) -> :-\
A7: =IF('Ответы на форму (1)'!B7="М",1,0) -> 1 | B7: ='Ответы на форму (1)'!C7 -> 39 | C7: ='Ответы на форму (1)'!D7 -> 0 | D7: ='Ответы на форму (1)'!E7 -> 8 | E7: =VLOOKUP('Ответы на форму (1)'!F7,УровниУспевания,2,FALSE) -> средне | F7: ='Ответы на форму (1)'!G7 -> 7 | G7: =IF('Ответы на форму (1)'!H7="",0,1) -> 0 | H7: ='Ответы на форму (1)'!I7 -> 7 | I7: =VLOOKUP('Ответы на форму (1)'!J7,УровниУспевания,2,FALSE) -> средне | J7: ='Ответы на форму (1)'!K7 -> 7 | K7: =VLOOKUP('Ответы на форму (1)'!L7,УровниСогласия,2,FALSE) -> 1 | L7: =VLOOKUP('Ответы на форму (1)'!M7,УровниСогласия,2,FALSE) -> 2 | M7: =VLOOKUP('Ответы на форму (1)'!N7,УровниСогласия,2,FALSE) -> 1 | N7: =VLOOKUP('Ответы на форму (1)'!O7,УровниСогласия,2,FALSE) -> 1 | O7: =VLOOKUP('Ответы на форму (1)'!P7,УровниСогласия,2,FALSE) -> 1 | P7: =VLOOKUP('Ответы на форму (1)'!Q7,УровниСогласия,2,FALSE) -> 2 | Q7: =VLOOKUP('Ответы на форму (1)'!R7,УровниСогласия,2,FALSE) -> 1 | R7: ='Ответы на форму (1)'!S7 -> 5 | S7: =VLOOKUP('Ответы на форму (1)'!T7,УровниСогласия,2,FALSE) -> 1 | T7: =VLOOKUP('Ответы на форму (1)'!U7,УровниСогласия,2,FALSE) -> 2 | U7: =VLOOKUP('Ответы на форму (1)'!V7,УровниСогласия,2,FALSE) -> 3 | V7: =VLOOKUP('Ответы на форму (1)'!W7,УровниСогласия,2,FALSE) -> 1 | W7: =VLOOKUP('Ответы на форму (1)'!X7,УровниСогласия,2,FALSE) -> 3 | X7: =VLOOKUP('Ответы на форму (1)'!Y7,УровниСогласия,2,FALSE) -> 3 | Y7: =VLOOKUP('Ответы на форму (1)'!Z7,УровниСогласия,2,FALSE) -> 3 | Z7: =VLOOKUP('Ответы на форму (1)'!AA7,УровниСогласия,2,FALSE) -> 3 | ... AC7: =VLOOKUP('Ответы на форму (1)'!AD7,УровниСогласия,2,FALSE) -> 3 | AD7: =VLOOKUP('Ответы на форму (1)'!AE7,УровниКоличества,2,FALSE) -> 2 | AE7: =VLOOKUP('Ответы на форму (1)'!AF7,УровниКоличества,2,FALSE) -> 2 | AF7: =VLOOKUP('Ответы на форму (1)'!AG7,УровниКоличества,2,FALSE) -> 1 | AG7: =VLOOKUP('Ответы на форму (1)'!AH7,УровниКоличества,2,FALSE) -> 1 | AH7: =VLOOKUP('Ответы на форму (1)'!AI7,УровниКоличества,2,FALSE) -> 1 | AI7: =VLOOKUP('Ответы на форму (1)'!AJ7,УровниНенависти,2,FALSE) -> 0 | AJ7: =VLOOKUP('Ответы на форму (1)'!AK7,УровниНенависти,2,FALSE) -> 0 | AK7: =VLOOKUP('Ответы на форму (1)'!AL7,УровниНенависти,2,FALSE) -> 0 | AL7: =VLOOKUP('Ответы на форму (1)'!AM7,УровниНенависти,2,FALSE) -> 0 | AM7: =VLOOKUP('Ответы на форму (1)'!AN7,УровниНенависти,2,FALSE) -> 0 | AN7: =VLOOKUP('Ответы на форму (1)'!AO7,УровниНенависти,2,FALSE) -> 0 | AO7: =VLOOKUP('Ответы на форму (1)'!AP7,УровниНенависти,2,FALSE) -> 0 | AP7: =VLOOKUP('Ответы на форму (1)'!AQ7,УровниНенависти,2,FALSE) -> -1 | AQ7: =VLOOKUP('Ответы на форму (1)'!AT7,УровниЧастоты,2,FALSE) -> 3 | AR7: =VLOOKUP('Ответы на форму (1)'!AU7,УровниЧастоты,2,FALSE) -> 3 | AS7: =VLOOKUP('Ответы на форму (1)'!AV7,УровниЧастоты,2,FALSE) -> 3 | AT7: =VLOOKUP('Ответы на форму (1)'!AW7,УровниЧастоты,2,FALSE) -> 3 | AU7: =VLOOKUP('Ответы на форму (1)'!AX7,УровниЧастоты,2,FALSE) -> 3 | AV7: =VLOOKUP('Ответы на форму (1)'!AY7,УровниЧастоты,2,FALSE) -> 3 | AW7: =VLOOKUP('Ответы на форму (1)'!AZ7,УровниЧастоты,2,FALSE) -> 0 | AX7: =VLOOKUP('Ответы на форму (1)'!BA7,УровниЧастоты,2,FALSE) -> 3 | ... BA7: =VLOOKUP('Ответы на форму (1)'!BD7,УровниЧастоты,2,FALSE) -> 3 | BB7: =VLOOKUP('Ответы на форму (1)'!BE7,УровниУспокоения,2,FALSE) -> 3 | BC7: =VLOOKUP('Ответы на форму (1)'!BF7,УровниЧастоты2,2,FALSE) -> 2 | BD7: =VLOOKUP('Ответы на форму (1)'!BG7,УровниЧастоты2,2,FALSE) -> 2 | BE7: =VLOOKUP('Ответы на форму (1)'!BH7,УровниЧастоты2,2,FALSE) -> 2 | BF7: =VLOOKUP('Ответы на форму (1)'!BI7,УровниЧастоты2,2,FALSE) -> 0 | BG7: =VLOOKUP('Ответы на форму (1)'!BJ7,УровниЧастоты2,2,FALSE) -> 0 | BH7: =VLOOKUP('Ответы на форму (1)'!BK7,УровниЧастоты2,2,FALSE) -> 0 | BI7: =IF(B7>34,"X",IF(B7>18,"Y","Z")) -> X | BJ7: =IF(D7>=8,":-)",IF(D7<=5,":-(",":-)")) -> :-) | BK7: =IF(R7>=8,"%-[",IF(R7<=4,":-)",":-\")) -> :-\
A8: =IF('Ответы на форму (1)'!B8="М",1,0) -> 1 | B8: ='Ответы на форму (1)'!C8 -> 24 | C8: ='Ответы на форму (1)'!D8 -> 3 | D8: ='Ответы на форму (1)'!E8 -> 7 | E8: =VLOOKUP('Ответы на форму (1)'!F8,УровниУспевания,2,FALSE) -> хорошо | F8: ='Ответы на форму (1)'!G8 -> 6 | G8: =IF('Ответы на форму (1)'!H8="",0,1) -> 1 | H8: ='Ответы на форму (1)'!I8 -> 8 | I8: =VLOOKUP('Ответы на форму (1)'!J8,УровниУспевания,2,FALSE) -> средне | J8: ='Ответы на форму (1)'!K8 -> 6 | K8: =VLOOKUP('Ответы на форму (1)'!L8,УровниСогласия,2,FALSE) -> 2 | L8: =VLOOKUP('Ответы на форму (1)'!M8,УровниСогласия,2,FALSE) -> 2 | M8: =VLOOKUP('Ответы на форму (1)'!N8,УровниСогласия,2,FALSE) -> 1 | N8: =VLOOKUP('Ответы на форму (1)'!O8,УровниСогласия,2,FALSE) -> 1 | O8: =VLOOKUP('Ответы на форму (1)'!P8,УровниСогласия,2,FALSE) -> 2 | P8: =VLOOKUP('Ответы на форму (1)'!Q8,УровниСогласия,2,FALSE) -> 3 | Q8: =VLOOKUP('Ответы на форму (1)'!R8,УровниСогласия,2,FALSE) -> 1 | R8: ='Ответы на форму (1)'!S8 -> 1 | S8: =VLOOKUP('Ответы на форму (1)'!T8,УровниСогласия,2,FALSE) -> 2 | T8: =VLOOKUP('Ответы на форму (1)'!U8,УровниСогласия,2,FALSE) -> 1 | U8: =VLOOKUP('Ответы на форму (1)'!V8,УровниСогласия,2,FALSE) -> 2 | V8: =VLOOKUP('Ответы на форму (1)'!W8,УровниСогласия,2,FALSE) -> 1 | W8: =VLOOKUP('Ответы на форму (1)'!X8,УровниСогласия,2,FALSE) -> 1 | X8: =VLOOKUP('Ответы на форму (1)'!Y8,УровниСогласия,2,FALSE) -> 1 | Y8: =VLOOKUP('Ответы на форму (1)'!Z8,УровниСогласия,2,FALSE) -> 1 | Z8: =VLOOKUP('Ответы на форму (1)'!AA8,УровниСогласия,2,FALSE) -> 3 | ... AC8: =VLOOKUP('Ответы на форму (1)'!AD8,УровниСогласия,2,FALSE) -> 3 | AD8: =VLOOKUP('Ответы на форму (1)'!AE8,УровниКоличества,2,FALSE) -> 2 | AE8: =VLOOKUP('Ответы на форму (1)'!AF8,УровниКоличества,2,FALSE) -> 1 | AF8: =VLOOKUP('Ответы на форму (1)'!AG8,УровниКоличества,2,FALSE) -> 3 | AG8: =VLOOKUP('Ответы на форму (1)'!AH8,УровниКоличества,2,FALSE) -> 1 | AH8: =VLOOKUP('Ответы на форму (1)'!AI8,УровниКоличества,2,FALSE) -> 1 | AI8: =VLOOKUP('Ответы на форму (1)'!AJ8,УровниНенависти,2,FALSE) -> 0 | AJ8: =VLOOKUP('Ответы на форму (1)'!AK8,УровниНенависти,2,FALSE) -> 0 | AK8: =VLOOKUP('Ответы на форму (1)'!AL8,УровниНенависти,2,FALSE) -> 0 | AL8: =VLOOKUP('Ответы на форму (1)'!AM8,УровниНенависти,2,FALSE) -> 1 | AM8: =VLOOKUP('Ответы на форму (1)'!AN8,УровниНенависти,2,FALSE) -> 0 | AN8: =VLOOKUP('Ответы на форму (1)'!AO8,УровниНенависти,2,FALSE) -> 1 | AO8: =VLOOKUP('Ответы на форму (1)'!AP8,УровниНенависти,2,FALSE) -> 1 | AP8: =VLOOKUP('Ответы на форму (1)'!AQ8,УровниНенависти,2,FALSE) -> 0 | AQ8: =VLOOKUP('Ответы на форму (1)'!AT8,УровниЧастоты,2,FALSE) -> 2 | AR8: =VLOOKUP('Ответы на форму (1)'!AU8,УровниЧастоты,2,FALSE) -> 1 | AS8: =VLOOKUP('Ответы на форму (1)'!AV8,УровниЧастоты,2,FALSE) -> 1 | AT8: =VLOOKUP('Ответы на форму (1)'!AW8,УровниЧастоты,2,FALSE) -> 4 | AU8: =VLOOKUP('Ответы на форму (1)'!AX8,УровниЧастоты,2,FALSE) -> 3 | AV8: =VLOOKUP('Ответы на форму (1)'!AY8,УровниЧастоты,2,FALSE) -> 3 | AW8: =VLOOKUP('Ответы на форму (1)'!AZ8,УровниЧастоты,2,FALSE) -> 2 | AX8: =VLOOKUP('Ответы на форму (1)'!BA8,УровниЧастоты,2,FALSE) -> 3 | ... BA8: =VLOOKUP('Ответы на форму (1)'!BD8,УровниЧастоты,2,FALSE) -> 4 | BB8: =VLOOKUP('Ответы на форму (1)'!BE8,УровниУспокоения,2,FALSE) -> 1 | BC8: =VLOOKUP('Ответы на форму (1)'!BF8,УровниЧастоты2,2,FALSE) -> 2 | BD8: =VLOOKUP('Ответы на форму (1)'!BG8,УровниЧастоты2,2,FALSE) -> 2 | BE8: =VLOOKUP('Ответы на форму (1)'!BH8,УровниЧастоты2,2,FALSE) -> 1 | BF8: =VLOOKUP('Ответы на форму (1)'!BI8,УровниЧастоты2,2,FALSE) -> 1 | BG8: =VLOOKUP('Ответы на форму (1)'!BJ8,УровниЧастоты2,2,FALSE) -> 1 | BH8: =VLOOKUP('Ответы на форму (1)'!BK8,УровниЧастоты2,2,FALSE) -> 0 | BI8: =IF(B8>34,"X",IF(B8>18,"Y","Z")) -> Y | BJ8: =IF(D8>=8,":-)",IF(D8<=5,":-(",":-)")) -> :-) | BK8: =IF(R8>=8,"%-[",IF(R8<=4,":-)",":-\")) -> :-)
A9: =IF('Ответы на форму (1)'!B9="М",1,0) -> 1 | B9: ='Ответы на форму (1)'!C9 -> 22 | C9: ='Ответы на форму (1)'!D9 -> 8 | D9: ='Ответы на форму (1)'!E9 -> 2 | E9: =VLOOKUP('Ответы на форму (1)'!F9,УровниУспевания,2,FALSE) -> средне | F9: ='Ответы на форму (1)'!G9 -> 7 | G9: =IF('Ответы на форму (1)'!H9="",0,1) -> 0 | H9: ='Ответы на форму (1)'!I9 -> 2 | I9: =VLOOKUP('Ответы на форму (1)'!J9,УровниУспевания,2,FALSE) -> средне | J9: ='Ответы на форму (1)'!K9 -> 6 | K9: =VLOOKUP('Ответы на форму (1)'!L9,УровниСогласия,2,FALSE) -> 3 | L9: =VLOOKUP('Ответы на форму (1)'!M9,УровниСогласия,2,FALSE) -> 1 | M9: =VLOOKUP('Ответы на форму (1)'!N9,УровниСогласия,2,FALSE) -> 2 | N9: =VLOOKUP('Ответы на форму (1)'!O9,УровниСогласия,2,FALSE) -> 1 | O9: =VLOOKUP('Ответы на форму (1)'!P9,УровниСогласия,2,FALSE) -> 1 | P9: =VLOOKUP('Ответы на форму (1)'!Q9,УровниСогласия,2,FALSE) -> 3 | Q9: =VLOOKUP('Ответы на форму (1)'!R9,УровниСогласия,2,FALSE) -> 3 | R9: ='Ответы на форму (1)'!S9 -> 6 | S9: =VLOOKUP('Ответы на форму (1)'!T9,УровниСогласия,2,FALSE) -> 3 | T9: =VLOOKUP('Ответы на форму (1)'!U9,УровниСогласия,2,FALSE) -> 1 | U9: =VLOOKUP('Ответы на форму (1)'!V9,УровниСогласия,2,FALSE) -> 1 | V9: =VLOOKUP('Ответы на форму (1)'!W9,УровниСогласия,2,FALSE) -> 3 | W9: =VLOOKUP('Ответы на форму (1)'!X9,УровниСогласия,2,FALSE) -> 1 | X9: =VLOOKUP('Ответы на форму (1)'!Y9,УровниСогласия,2,FALSE) -> 1 | Y9: =VLOOKUP('Ответы на форму (1)'!Z9,УровниСогласия,2,FALSE) -> 3 | Z9: =VLOOKUP('Ответы на форму (1)'!AA9,УровниСогласия,2,FALSE) -> 3 | ... AC9: =VLOOKUP('Ответы на форму (1)'!AD9,УровниСогласия,2,FALSE) -> 3 | AD9: =VLOOKUP('Ответы на форму (1)'!AE9,УровниКоличества,2,FALSE) -> 1 | AE9: =VLOOKUP('Ответы на форму (1)'!AF9,УровниКоличества,2,FALSE) -> 1 | AF9: =VLOOKUP('Ответы на форму (1)'!AG9,УровниКоличества,2,FALSE) -> 1 | AG9: =VLOOKUP('Ответы на форму (1)'!AH9,УровниКоличества,2,FALSE) -> 1 | AH9: =VLOOKUP('Ответы на форму (1)'!AI9,УровниКоличества,2,FALSE) -> 1 | AI9: =VLOOKUP('Ответы на форму (1)'!AJ9,УровниНенависти,2,FALSE) -> 0 | AJ9: =VLOOKUP('Ответы на форму (1)'!AK9,УровниНенависти,2,FALSE) -> 0 | AK9: =VLOOKUP('Ответы на форму (1)'!AL9,УровниНенависти,2,FALSE) -> 0 | AL9: =VLOOKUP('Ответы на форму (1)'!AM9,УровниНенависти,2,FALSE) -> 1 | AM9: =VLOOKUP('Ответы на форму (1)'!AN9,УровниНенависти,2,FALSE) -> 0 | AN9: =VLOOKUP('Ответы на форму (1)'!AO9,УровниНенависти,2,FALSE) -> 1 | AO9: =VLOOKUP('Ответы на форму (1)'!AP9,УровниНенависти,2,FALSE) -> 1 | AP9: =VLOOKUP('Ответы на форму (1)'!AQ9,УровниНенависти,2,FALSE) -> 1 | AQ9: =VLOOKUP('Ответы на форму (1)'!AT9,УровниЧастоты,2,FALSE) -> 1 | AR9: =VLOOKUP('Ответы на форму (1)'!AU9,УровниЧастоты,2,FALSE) -> 4 | AS9: =VLOOKUP('Ответы на форму (1)'!AV9,УровниЧастоты,2,FALSE) -> 3 | AT9: =VLOOKUP('Ответы на форму (1)'!AW9,УровниЧастоты,2,FALSE) -> 2 | AU9: =VLOOKUP('Ответы на форму (1)'!AX9,УровниЧастоты,2,FALSE) -> 2 | AV9: =VLOOKUP('Ответы на форму (1)'!AY9,УровниЧастоты,2,FALSE) -> 3 | AW9: =VLOOKUP('Ответы на форму (1)'!AZ9,УровниЧастоты,2,FALSE) -> 1 | AX9: =VLOOKUP('Ответы на форму (1)'!BA9,УровниЧастоты,2,FALSE) -> 2 | ... BA9: =VLOOKUP('Ответы на форму (1)'!BD9,УровниЧастоты,2,FALSE) -> 3 | BB9: =VLOOKUP('Ответы на форму (1)'!BE9,УровниУспокоения,2,FALSE) -> 1 | BC9: =VLOOKUP('Ответы на форму (1)'!BF9,УровниЧастоты2,2,FALSE) -> 0 | BD9: =VLOOKUP('Ответы на форму (1)'!BG9,УровниЧастоты2,2,FALSE) -> 2 | BE9: =VLOOKUP('Ответы на форму (1)'!BH9,УровниЧастоты2,2,FALSE) -> 2 | BF9: =VLOOKUP('Ответы на форму (1)'!BI9,УровниЧастоты2,2,FALSE) -> 0 | BG9: =VLOOKUP('Ответы на форму (1)'!BJ9,УровниЧастоты2,2,FALSE) -> 2 | BH9: =VLOOKUP('Ответы на форму (1)'!BK9,УровниЧастоты2,2,FALSE) -> 2 | BI9: =IF(B9>34,"X",IF(B9>18,"Y","Z")) -> Y | BJ9: =IF(D9>=8,":-)",IF(D9<=5,":-(",":-)")) -> :-( | BK9: =IF(R9>=8,"%-[",IF(R9<=4,":-)",":-\")) -> :-\
A10: =IF('Ответы на форму (1)'!B10="М",1,0) -> 1 | B10: ='Ответы на форму (1)'!C10 -> 43 | C10: ='Ответы на форму (1)'!D10 -> 11 | D10: ='Ответы на форму (1)'!E10 -> 5 | E10: =VLOOKUP('Ответы на форму (1)'!F10,УровниУспевания,2,FALSE) -> средне | F10: ='Ответы на форму (1)'!G10 -> 6 | G10: =IF('Ответы на форму (1)'!H10="",0,1) -> 0 | H10: ='Ответы на форму (1)'!I10 -> 7 | I10: =VLOOKUP('Ответы на форму (1)'!J10,УровниУспевания,2,FALSE) -> хорошо | J10: ='Ответы на форму (1)'!K10 -> 9 | K10: =VLOOKUP('Ответы на форму (1)'!L10,УровниСогласия,2,FALSE) -> 1 | L10: =VLOOKUP('Ответы на форму (1)'!M10,УровниСогласия,2,FALSE) -> 1 | M10: =VLOOKUP('Ответы на форму (1)'!N10,УровниСогласия,2,FALSE) -> 1 | N10: =VLOOKUP('Ответы на форму (1)'!O10,УровниСогласия,2,FALSE) -> 2 | O10: =VLOOKUP('Ответы на форму (1)'!P10,УровниСогласия,2,FALSE) -> 1 | P10: =VLOOKUP('Ответы на форму (1)'!Q10,УровниСогласия,2,FALSE) -> 3 | Q10: =VLOOKUP('Ответы на форму (1)'!R10,УровниСогласия,2,FALSE) -> 1 | R10: ='Ответы на форму (1)'!S10 -> 3 | S10: =VLOOKUP('Ответы на форму (1)'!T10,УровниСогласия,2,FALSE) -> 1 | T10: =VLOOKUP('Ответы на форму (1)'!U10,УровниСогласия,2,FALSE) -> 1 | U10: =VLOOKUP('Ответы на форму (1)'!V10,УровниСогласия,2,FALSE) -> 1 | V10: =VLOOKUP('Ответы на форму (1)'!W10,УровниСогласия,2,FALSE) -> 1 | W10: =VLOOKUP('Ответы на форму (1)'!X10,УровниСогласия,2,FALSE) -> 1 | X10: =VLOOKUP('Ответы на форму (1)'!Y10,УровниСогласия,2,FALSE) -> 2 | Y10: =VLOOKUP('Ответы на форму (1)'!Z10,УровниСогласия,2,FALSE) -> 1 | Z10: =VLOOKUP('Ответы на форму (1)'!AA10,УровниСогласия,2,FALSE) -> 3 | ... AC10: =VLOOKUP('Ответы на форму (1)'!AD10,УровниСогласия,2,FALSE) -> 2 | AD10: =VLOOKUP('Ответы на форму (1)'!AE10,УровниКоличества,2,FALSE) -> 3 | AE10: =VLOOKUP('Ответы на форму (1)'!AF10,УровниКоличества,2,FALSE) -> 2 | AF10: =VLOOKUP('Ответы на форму (1)'!AG10,УровниКоличества,2,FALSE) -> 1 | AG10: =VLOOKUP('Ответы на форму (1)'!AH10,УровниКоличества,2,FALSE) -> 1 | AH10: =VLOOKUP('Ответы на форму (1)'!AI10,УровниКоличества,2,FALSE) -> 3 | AI10: =VLOOKUP('Ответы на форму (1)'!AJ10,УровниНенависти,2,FALSE) -> 1 | AJ10: =VLOOKUP('Ответы на форму (1)'!AK10,УровниНенависти,2,FALSE) -> 0 | AK10: =VLOOKUP('Ответы на форму (1)'!AL10,УровниНенависти,2,FALSE) -> 0 | AL10: =VLOOKUP('Ответы на форму (1)'!AM10,УровниНенависти,2,FALSE) -> 0 | AM10: =VLOOKUP('Ответы на форму (1)'!AN10,УровниНенависти,2,FALSE) -> -1 | AN10: =VLOOKUP('Ответы на форму (1)'!AO10,УровниНенависти,2,FALSE) -> -1 | AO10: =VLOOKUP('Ответы на форму (1)'!AP10,УровниНенависти,2,FALSE) -> -1 | AP10: =VLOOKUP('Ответы на форму (1)'!AQ10,УровниНенависти,2,FALSE) -> -1 | AQ10: =VLOOKUP('Ответы на форму (1)'!AT10,УровниЧастоты,2,FALSE) -> 2 | AR10: =VLOOKUP('Ответы на форму (1)'!AU10,УровниЧастоты,2,FALSE) -> 3 | AS10: =VLOOKUP('Ответы на форму (1)'!AV10,УровниЧастоты,2,FALSE) -> 1 | AT10: =VLOOKUP('Ответы на форму (1)'!AW10,УровниЧастоты,2,FALSE) -> 1 | AU10: =VLOOKUP('Ответы на форму (1)'!AX10,УровниЧастоты,2,FALSE) -> 3 | AV10: =VLOOKUP('Ответы на форму (1)'!AY10,УровниЧастоты,2,FALSE) -> 2 | AW10: =VLOOKUP('Ответы на форму (1)'!AZ10,УровниЧастоты,2,FALSE) -> 1 | AX10: =VLOOKUP('Ответы на форму (1)'!BA10,УровниЧастоты,2,FALSE) -> 3 | ... BA10: =VLOOKUP('Ответы на форму (1)'!BD10,УровниЧастоты,2,FALSE) -> 4 | BB10: =VLOOKUP('Ответы на форму (1)'!BE10,УровниУспокоения,2,FALSE) -> 3 | BC10: =VLOOKUP('Ответы на форму (1)'!BF10,УровниЧастоты2,2,FALSE) -> 0 | BD10: =VLOOKUP('Ответы на форму (1)'!BG10,УровниЧастоты2,2,FALSE) -> 1 | BE10: =VLOOKUP('Ответы на форму (1)'!BH10,УровниЧастоты2,2,FALSE) -> 0 | BF10: =VLOOKUP('Ответы на форму (1)'!BI10,УровниЧастоты2,2,FALSE) -> 1 | BG10: =VLOOKUP('Ответы на форму (1)'!BJ10,УровниЧастоты2,2,FALSE) -> 1 | BH10: =VLOOKUP('Ответы на форму (1)'!BK10,УровниЧастоты2,2,FALSE) -> 2 | BI10: =IF(B10>34,"X",IF(B10>18,"Y","Z")) -> X | BJ10: =IF(D10>=8,":-)",IF(D10<=5,":-(",":-)")) -> :-( | BK10: =IF(R10>=8,"%-[",IF(R10<=4,":-)",":-\")) -> :-)
A11: =IF('Ответы на форму (1)'!B11="М",1,0) -> 1 | B11: ='Ответы на форму (1)'!C11 -> 40 | C11: ='Ответы на форму (1)'!D11 -> 4 | D11: ='Ответы на форму (1)'!E11 -> 8 | E11: =VLOOKUP('Ответы на форму (1)'!F11,УровниУспевания,2,FALSE) -> средне | F11: ='Ответы на форму (1)'!G11 -> 3 | G11: =IF('Ответы на форму (1)'!H11="",0,1) -> 0 | H11: ='Ответы на форму (1)'!I11 -> 2 | I11: =VLOOKUP('Ответы на форму (1)'!J11,УровниУспевания,2,FALSE) -> средне | J11: ='Ответы на форму (1)'!K11 -> 8 | K11: =VLOOKUP('Ответы на форму (1)'!L11,УровниСогласия,2,FALSE) -> 1 | L11: =VLOOKUP('Ответы на форму (1)'!M11,УровниСогласия,2,FALSE) -> 1 | M11: =VLOOKUP('Ответы на форму (1)'!N11,УровниСогласия,2,FALSE) -> 1 | N11: =VLOOKUP('Ответы на форму (1)'!O11,УровниСогласия,2,FALSE) -> 1 | O11: =VLOOKUP('Ответы на форму (1)'!P11,УровниСогласия,2,FALSE) -> 1 | P11: =VLOOKUP('Ответы на форму (1)'!Q11,УровниСогласия,2,FALSE) -> 2 | Q11: =VLOOKUP('Ответы на форму (1)'!R11,УровниСогласия,2,FALSE) -> 1 | R11: ='Ответы на форму (1)'!S11 -> 9 | S11: =VLOOKUP('Ответы на форму (1)'!T11,УровниСогласия,2,FALSE) -> 3 | T11: =VLOOKUP('Ответы на форму (1)'!U11,УровниСогласия,2,FALSE) -> 3 | U11: =VLOOKUP('Ответы на форму (1)'!V11,УровниСогласия,2,FALSE) -> 3 | V11: =VLOOKUP('Ответы на форму (1)'!W11,УровниСогласия,2,FALSE) -> 1 | W11: =VLOOKUP('Ответы на форму (1)'!X11,УровниСогласия,2,FALSE) -> 3 | X11: =VLOOKUP('Ответы на форму (1)'!Y11,УровниСогласия,2,FALSE) -> 3 | Y11: =VLOOKUP('Ответы на форму (1)'!Z11,УровниСогласия,2,FALSE) -> 2 | Z11: =VLOOKUP('Ответы на форму (1)'!AA11,УровниСогласия,2,FALSE) -> 3 | ... AC11: =VLOOKUP('Ответы на форму (1)'!AD11,УровниСогласия,2,FALSE) -> 3 | AD11: =VLOOKUP('Ответы на форму (1)'!AE11,УровниКоличества,2,FALSE) -> 1 | AE11: =VLOOKUP('Ответы на форму (1)'!AF11,УровниКоличества,2,FALSE) -> 3 | AF11: =VLOOKUP('Ответы на форму (1)'!AG11,УровниКоличества,2,FALSE) -> 1 | AG11: =VLOOKUP('Ответы на форму (1)'!AH11,УровниКоличества,2,FALSE) -> 3 | AH11: =VLOOKUP('Ответы на форму (1)'!AI11,УровниКоличества,2,FALSE) -> 3 | AI11: =VLOOKUP('Ответы на форму (1)'!AJ11,УровниНенависти,2,FALSE) -> 0 | AJ11: =VLOOKUP('Ответы на форму (1)'!AK11,УровниНенависти,2,FALSE) -> 0 | AK11: =VLOOKUP('Ответы на форму (1)'!AL11,УровниНенависти,2,FALSE) -> -1 | AL11: =VLOOKUP('Ответы на форму (1)'!AM11,УровниНенависти,2,FALSE) -> -1 | AM11: =VLOOKUP('Ответы на форму (1)'!AN11,УровниНенависти,2,FALSE) -> -1 | AN11: =VLOOKUP('Ответы на форму (1)'!AO11,УровниНенависти,2,FALSE) -> -1 | AO11: =VLOOKUP('Ответы на форму (1)'!AP11,УровниНенависти,2,FALSE) -> -1 | AP11: =VLOOKUP('Ответы на форму (1)'!AQ11,УровниНенависти,2,FALSE) -> -1 | AQ11: =VLOOKUP('Ответы на форму (1)'!AT11,УровниЧастоты,2,FALSE) -> 4 | AR11: =VLOOKUP('Ответы на форму (1)'!AU11,УровниЧастоты,2,FALSE) -> 3 | AS11: =VLOOKUP('Ответы на форму (1)'!AV11,УровниЧастоты,2,FALSE) -> 4 | AT11: =VLOOKUP('Ответы на форму (1)'!AW11,УровниЧастоты,2,FALSE) -> 2 | AU11: =VLOOKUP('Ответы на форму (1)'!AX11,УровниЧастоты,2,FALSE) -> 2 | AV11: =VLOOKUP('Ответы на форму (1)'!AY11,УровниЧастоты,2,FALSE) -> 4 | AW11: =VLOOKUP('Ответы на форму (1)'!AZ11,УровниЧастоты,2,FALSE) -> 0 | AX11: =VLOOKUP('Ответы на форму (1)'!BA11,УровниЧастоты,2,FALSE) -> 4 | ... BA11: =VLOOKUP('Ответы на форму (1)'!BD11,УровниЧастоты,2,FALSE) -> 4 | BB11: =VLOOKUP('Ответы на форму (1)'!BE11,УровниУспокоения,2,FALSE) -> 5 | BC11: =VLOOKUP('Ответы на форму (1)'!BF11,УровниЧастоты2,2,FALSE) -> 1 | BD11: =VLOOKUP('Ответы на форму (1)'!BG11,УровниЧастоты2,2,FALSE) -> 0 | BE11: =VLOOKUP('Ответы на форму (1)'!BH11,УровниЧастоты2,2,FALSE) -> 1 | BF11: =VLOOKUP('Ответы на форму (1)'!BI11,УровниЧастоты2,2,FALSE) -> 1 | BG11: =VLOOKUP('Ответы на форму (1)'!BJ11,УровниЧастоты2,2,FALSE) -> 2 | BH11: =VLOOKUP('Ответы на форму (1)'!BK11,УровниЧастоты2,2,FALSE) -> 2 | BI11: =IF(B11>34,"X",IF(B11>18,"Y","Z")) -> X | BJ11: =IF(D11>=8,":-)",IF(D11<=5,":-(",":-)")) -> :-) | BK11: =IF(R11>=8,"%-[",IF(R11<=4,":-)",":-\")) -> %-[
A12: =IF('Ответы на форму (1)'!B12="М",1,0) -> 1 | B12: ='Ответы на форму (1)'!C12 -> 32 | C12: ='Ответы на форму (1)'!D12 -> 5 | D12: ='Ответы на форму (1)'!E12 -> 7 | E12: =VLOOKUP('Ответы на форму (1)'!F12,УровниУспевания,2,FALSE) -> плохо | F12: ='Ответы на форму (1)'!G12 -> 4 | G12: =IF('Ответы на форму (1)'!H12="",0,1) -> 0 | H12: ='Ответы на форму (1)'!I12 -> 7 | I12: =VLOOKUP('Ответы на форму (1)'!J12,УровниУспевания,2,FALSE) -> хорошо | J12: ='Ответы на форму (1)'!K12 -> 9 | K12: =VLOOKUP('Ответы на форму (1)'!L12,УровниСогласия,2,FALSE) -> 1 | L12: =VLOOKUP('Ответы на форму (1)'!M12,УровниСогласия,2,FALSE) -> 1 | M12: =VLOOKUP('Ответы на форму (1)'!N12,УровниСогласия,2,FALSE) -> 2 | N12: =VLOOKUP('Ответы на форму (1)'!O12,УровниСогласия,2,FALSE) -> 1 | O12: =VLOOKUP('Ответы на форму (1)'!P12,УровниСогласия,2,FALSE) -> 1 | P12: =VLOOKUP('Ответы на форму (1)'!Q12,УровниСогласия,2,FALSE) -> 1 | Q12: =VLOOKUP('Ответы на форму (1)'!R12,УровниСогласия,2,FALSE) -> 3 | R12: ='Ответы на форму (1)'!S12 -> 0 | S12: =VLOOKUP('Ответы на форму (1)'!T12,УровниСогласия,2,FALSE) -> 2 | T12: =VLOOKUP('Ответы на форму (1)'!U12,УровниСогласия,2,FALSE) -> 2 | U12: =VLOOKUP('Ответы на форму (1)'!V12,УровниСогласия,2,FALSE) -> 1 | V12: =VLOOKUP('Ответы на форму (1)'!W12,УровниСогласия,2,FALSE) -> 3 | W12: =VLOOKUP('Ответы на форму (1)'!X12,УровниСогласия,2,FALSE) -> 2 | X12: =VLOOKUP('Ответы на форму (1)'!Y12,УровниСогласия,2,FALSE) -> 3 | Y12: =VLOOKUP('Ответы на форму (1)'!Z12,УровниСогласия,2,FALSE) -> 2 | Z12: =VLOOKUP('Ответы на форму (1)'!AA12,УровниСогласия,2,FALSE) -> 3 | ... AC12: =VLOOKUP('Ответы на форму (1)'!AD12,УровниСогласия,2,FALSE) -> 3 | AD12: =VLOOKUP('Ответы на форму (1)'!AE12,УровниКоличества,2,FALSE) -> 1 | AE12: =VLOOKUP('Ответы на форму (1)'!AF12,УровниКоличества,2,FALSE) -> 1 | AF12: =VLOOKUP('Ответы на форму (1)'!AG12,УровниКоличества,2,FALSE) -> 1 | AG12: =VLOOKUP('Ответы на форму (1)'!AH12,УровниКоличества,2,FALSE) -> 1 | AH12: =VLOOKUP('Ответы на форму (1)'!AI12,УровниКоличества,2,FALSE) -> 3 | AI12: =VLOOKUP('Ответы на форму (1)'!AJ12,УровниНенависти,2,FALSE) -> 0 | AJ12: =VLOOKUP('Ответы на форму (1)'!AK12,УровниНенависти,2,FALSE) -> 0 | AK12: =VLOOKUP('Ответы на форму (1)'!AL12,УровниНенависти,2,FALSE) -> 0 | AL12: =VLOOKUP('Ответы на форму (1)'!AM12,УровниНенависти,2,FALSE) -> 1 | AM12: =VLOOKUP('Ответы на форму (1)'!AN12,УровниНенависти,2,FALSE) -> 0 | AN12: =VLOOKUP('Ответы на форму (1)'!AO12,УровниНенависти,2,FALSE) -> 1 | AO12: =VLOOKUP('Ответы на форму (1)'!AP12,УровниНенависти,2,FALSE) -> 0 | AP12: =VLOOKUP('Ответы на форму (1)'!AQ12,УровниНенависти,2,FALSE) -> 1 | AQ12: =VLOOKUP('Ответы на форму (1)'!AT12,УровниЧастоты,2,FALSE) -> 3 | AR12: =VLOOKUP('Ответы на форму (1)'!AU12,УровниЧастоты,2,FALSE) -> 3 | AS12: =VLOOKUP('Ответы на форму (1)'!AV12,УровниЧастоты,2,FALSE) -> 3 | AT12: =VLOOKUP('Ответы на форму (1)'!AW12,УровниЧастоты,2,FALSE) -> 3 | AU12: =VLOOKUP('Ответы на форму (1)'!AX12,УровниЧастоты,2,FALSE) -> 3 | AV12: =VLOOKUP('Ответы на форму (1)'!AY12,УровниЧастоты,2,FALSE) -> 4 | AW12: =VLOOKUP('Ответы на форму (1)'!AZ12,УровниЧастоты,2,FALSE) -> 2 | AX12: =VLOOKUP('Ответы на форму (1)'!BA12,УровниЧастоты,2,FALSE) -> 3 | ... BA12: =VLOOKUP('Ответы на форму (1)'!BD12,УровниЧастоты,2,FALSE) -> 4 | BB12: =VLOOKUP('Ответы на форму (1)'!BE12,УровниУспокоения,2,FALSE) -> 2 | BC12: =VLOOKUP('Ответы на форму (1)'!BF12,УровниЧастоты2,2,FALSE) -> 2 | BD12: =VLOOKUP('Ответы на форму (1)'!BG12,УровниЧастоты2,2,FALSE) -> 2 | BE12: =VLOOKUP('Ответы на форму (1)'!BH12,УровниЧастоты2,2,FALSE) -> 1 | BF12: =VLOOKUP('Ответы на форму (1)'!BI12,УровниЧастоты2,2,FALSE) -> 0 | BG12: =VLOOKUP('Ответы на форму (1)'!BJ12,УровниЧастоты2,2,FALSE) -> 0 | BH12: =VLOOKUP('Ответы на форму (1)'!BK12,УровниЧастоты2,2,FALSE) -> 0 | BI12: =IF(B12>34,"X",IF(B12>18,"Y","Z")) -> Y | BJ12: =IF(D12>=8,":-)",IF(D12<=5,":-(",":-)")) -> :-) | BK12: =IF(R12>=8,"%-[",IF(R12<=4,":-)",":-\")) -> :-)
A13: =IF('Ответы на форму (1)'!B13="М",1,0) -> 0 | B13: ='Ответы на форму (1)'!C13 -> 34 | C13: ='Ответы на форму (1)'!D13 -> 6 | D13: ='Ответы на форму (1)'!E13 -> 6 | E13: =VLOOKUP('Ответы на форму (1)'!F13,УровниУспевания,2,FALSE) -> плохо | F13: ='Ответы на форму (1)'!G13 -> 6 | G13: =IF('Ответы на форму (1)'!H13="",0,1) -> 0 | H13: ='Ответы на форму (1)'!I13 -> 8 | I13: =VLOOKUP('Ответы на форму (1)'!J13,УровниУспевания,2,FALSE) -> средне | J13: ='Ответы на форму (1)'!K13 -> 8 | K13: =VLOOKUP('Ответы на форму (1)'!L13,УровниСогласия,2,FALSE) -> 3 | L13: =VLOOKUP('Ответы на форму (1)'!M13,УровниСогласия,2,FALSE) -> 2 | M13: =VLOOKUP('Ответы на форму (1)'!N13,УровниСогласия,2,FALSE) -> 1 | N13: =VLOOKUP('Ответы на форму (1)'!O13,УровниСогласия,2,FALSE) -> 1 | O13: =VLOOKUP('Ответы на форму (1)'!P13,УровниСогласия,2,FALSE) -> 1 | P13: =VLOOKUP('Ответы на форму (1)'!Q13,УровниСогласия,2,FALSE) -> 3 | Q13: =VLOOKUP('Ответы на форму (1)'!R13,УровниСогласия,2,FALSE) -> 2 | R13: ='Ответы на форму (1)'!S13 -> 4 | S13: =VLOOKUP('Ответы на форму (1)'!T13,УровниСогласия,2,FALSE) -> 1 | T13: =VLOOKUP('Ответы на форму (1)'!U13,УровниСогласия,2,FALSE) -> 1 | U13: =VLOOKUP('Ответы на форму (1)'!V13,УровниСогласия,2,FALSE) -> 1 | V13: =VLOOKUP('Ответы на форму (1)'!W13,УровниСогласия,2,FALSE) -> 2 | W13: =VLOOKUP('Ответы на форму (1)'!X13,УровниСогласия,2,FALSE) -> 1 | X13: =VLOOKUP('Ответы на форму (1)'!Y13,УровниСогласия,2,FALSE) -> 3 | Y13: =VLOOKUP('Ответы на форму (1)'!Z13,УровниСогласия,2,FALSE) -> 3 | Z13: =VLOOKUP('Ответы на форму (1)'!AA13,УровниСогласия,2,FALSE) -> 3 | ... AC13: =VLOOKUP('Ответы на форму (1)'!AD13,УровниСогласия,2,FALSE) -> 3 | AD13: =VLOOKUP('Ответы на форму (1)'!AE13,УровниКоличества,2,FALSE) -> 3 | AE13: =VLOOKUP('Ответы на форму (1)'!AF13,УровниКоличества,2,FALSE) -> 2 | AF13: =VLOOKUP('Ответы на форму (1)'!AG13,УровниКоличества,2,FALSE) -> 1 | AG13: =VLOOKUP('Ответы на форму (1)'!AH13,УровниКоличества,2,FALSE) -> 1 | AH13: =VLOOKUP('Ответы на форму (1)'!AI13,УровниКоличества,2,FALSE) -> 3 | AI13: =VLOOKUP('Ответы на форму (1)'!AJ13,УровниНенависти,2,FALSE) -> 0 | AJ13: =VLOOKUP('Ответы на форму (1)'!AK13,УровниНенависти,2,FALSE) -> 0 | AK13: =VLOOKUP('Ответы на форму (1)'!AL13,УровниНенависти,2,FALSE) -> 0 | AL13: =VLOOKUP('Ответы на форму (1)'!AM13,УровниНенависти,2,FALSE) -> 0 | AM13: =VLOOKUP('Ответы на форму (1)'!AN13,УровниНенависти,2,FALSE) -> 0 | AN13: =VLOOKUP('Ответы на форму (1)'!AO13,УровниНенависти,2,FALSE) -> 0 | AO13: =VLOOKUP('Ответы на форму (1)'!AP13,УровниНенависти,2,FALSE) -> -1 | AP13: =VLOOKUP('Ответы на форму (1)'!AQ13,УровниНенависти,2,FALSE) -> 0 | AQ13: =VLOOKUP('Ответы на форму (1)'!AT13,УровниЧастоты,2,FALSE) -> 3 | AR13: =VLOOKUP('Ответы на форму (1)'!AU13,УровниЧастоты,2,FALSE) -> 4 | AS13: =VLOOKUP('Ответы на форму (1)'!AV13,УровниЧастоты,2,FALSE) -> 3 | AT13: =VLOOKUP('Ответы на форму (1)'!AW13,УровниЧастоты,2,FALSE) -> 4 | AU13: =VLOOKUP('Ответы на форму (1)'!AX13,УровниЧастоты,2,FALSE) -> 4 | AV13: =VLOOKUP('Ответы на форму (1)'!AY13,УровниЧастоты,2,FALSE) -> 3 | AW13: =VLOOKUP('Ответы на форму (1)'!AZ13,УровниЧастоты,2,FALSE) -> 4 | AX13: =VLOOKUP('Ответы на форму (1)'!BA13,УровниЧастоты,2,FALSE) -> 3 | ... BA13: =VLOOKUP('Ответы на форму (1)'!BD13,УровниЧастоты,2,FALSE) -> 3 | BB13: =VLOOKUP('Ответы на форму (1)'!BE13,УровниУспокоения,2,FALSE) -> 4 | BC13: =VLOOKUP('Ответы на форму (1)'!BF13,УровниЧастоты2,2,FALSE) -> 0 | BD13: =VLOOKUP('Ответы на форму (1)'!BG13,УровниЧастоты2,2,FALSE) -> 0 | BE13: =VLOOKUP('Ответы на форму (1)'!BH13,УровниЧастоты2,2,FALSE) -> 1 | BF13: =VLOOKUP('Ответы на форму (1)'!BI13,УровниЧастоты2,2,FALSE) -> 2 | BG13: =VLOOKUP('Ответы на форму (1)'!BJ13,УровниЧастоты2,2,FALSE) -> 2 | BH13: =VLOOKUP('Ответы на форму (1)'!BK13,УровниЧастоты2,2,FALSE) -> 2 | BI13: =IF(B13>34,"X",IF(B13>18,"Y","Z")) -> Y | BJ13: =IF(D13>=8,":-)",IF(D13<=5,":-(",":-)")) -> :-) | BK13: =IF(R13>=8,"%-[",IF(R13<=4,":-)",":-\")) -> :-)
... A353: =IF('Ответы на форму (1)'!B353="М",1,0) -> 1 | B353: ='Ответы на форму (1)'!C353 -> 31 | C353: ='Ответы на форму (1)'!D353 -> 4 | D353: ='Ответы на форму (1)'!E353 -> 8 | E353: =VLOOKUP('Ответы на форму (1)'!F353,УровниУспевания,2,FALSE) -> плохо | F353: ='Ответы на форму (1)'!G353 -> 5 | G353: =IF('Ответы на форму (1)'!H353="",0,1) -> 0 | H353: ='Ответы на форму (1)'!I353 -> 8 | I353: =VLOOKUP('Ответы на форму (1)'!J353,УровниУспевания,2,FALSE) -> средне | J353: ='Ответы на форму (1)'!K353 -> 6 | K353: =VLOOKUP('Ответы на форму (1)'!L353,УровниСогласия,2,FALSE) -> 2 | L353: =VLOOKUP('Ответы на форму (1)'!M353,УровниСогласия,2,FALSE) -> 3 | M353: =VLOOKUP('Ответы на форму (1)'!N353,УровниСогласия,2,FALSE) -> 3 | N353: =VLOOKUP('Ответы на форму (1)'!O353,УровниСогласия,2,FALSE) -> 3 | O353: =VLOOKUP('Ответы на форму (1)'!P353,УровниСогласия,2,FALSE) -> 2 | P353: =VLOOKUP('Ответы на форму (1)'!Q353,УровниСогласия,2,FALSE) -> 3 | Q353: =VLOOKUP('Ответы на форму (1)'!R353,УровниСогласия,2,FALSE) -> 1 | R353: ='Ответы на форму (1)'!S353 -> 3 | S353: =VLOOKUP('Ответы на форму (1)'!T353,УровниСогласия,2,FALSE) -> 3 | T353: =VLOOKUP('Ответы на форму (1)'!U353,УровниСогласия,2,FALSE) -> 3 | U353: =VLOOKUP('Ответы на форму (1)'!V353,УровниСогласия,2,FALSE) -> 1 | V353: =VLOOKUP('Ответы на форму (1)'!W353,УровниСогласия,2,FALSE) -> 3 | W353: =VLOOKUP('Ответы на форму (1)'!X353,УровниСогласия,2,FALSE) -> 3 | X353: =VLOOKUP('Ответы на форму (1)'!Y353,УровниСогласия,2,FALSE) -> 1 | Y353: =VLOOKUP('Ответы на форму (1)'!Z353,УровниСогласия,2,FALSE) -> 3 | Z353: =VLOOKUP('Ответы на форму (1)'!AA353,УровниСогласия,2,FALSE) -> 3 | ... AC353: =VLOOKUP('Ответы на форму (1)'!AD353,УровниСогласия,2,FALSE) -> 2 | AD353: =VLOOKUP('Ответы на форму (1)'!AE353,УровниКоличества,2,FALSE) -> 3 | AE353: =VLOOKUP('Ответы на форму (1)'!AF353,УровниКоличества,2,FALSE) -> 2 | AF353: =VLOOKUP('Ответы на форму (1)'!AG353,УровниКоличества,2,FALSE) -> 1 | AG353: =VLOOKUP('Ответы на форму (1)'!AH353,УровниКоличества,2,FALSE) -> 1 | AH353: =VLOOKUP('Ответы на форму (1)'!AI353,УровниКоличества,2,FALSE) -> 3 | AI353: =VLOOKUP('Ответы на форму (1)'!AJ353,УровниНенависти,2,FALSE) -> 0 | AJ353: =VLOOKUP('Ответы на форму (1)'!AK353,УровниНенависти,2,FALSE) -> 0 | AK353: =VLOOKUP('Ответы на форму (1)'!AL353,УровниНенависти,2,FALSE) -> 0 | AL353: =VLOOKUP('Ответы на форму (1)'!AM353,УровниНенависти,2,FALSE) -> 1 | AM353: =VLOOKUP('Ответы на форму (1)'!AN353,УровниНенависти,2,FALSE) -> 0 | AN353: =VLOOKUP('Ответы на форму (1)'!AO353,УровниНенависти,2,FALSE) -> 1 | AO353: =VLOOKUP('Ответы на форму (1)'!AP353,УровниНенависти,2,FALSE) -> 0 | AP353: =VLOOKUP('Ответы на форму (1)'!AQ353,УровниНенависти,2,FALSE) -> 0 | AQ353: =VLOOKUP('Ответы на форму (1)'!AT353,УровниЧастоты,2,FALSE) -> 2 | AR353: =VLOOKUP('Ответы на форму (1)'!AU353,УровниЧастоты,2,FALSE) -> 3 | AS353: =VLOOKUP('Ответы на форму (1)'!AV353,УровниЧастоты,2,FALSE) -> 2 | AT353: =VLOOKUP('Ответы на форму (1)'!AW353,УровниЧастоты,2,FALSE) -> 2 | AU353: =VLOOKUP('Ответы на форму (1)'!AX353,УровниЧастоты,2,FALSE) -> 2 | AV353: =VLOOKUP('Ответы на форму (1)'!AY353,УровниЧастоты,2,FALSE) -> 4 | AW353: =VLOOKUP('Ответы на форму (1)'!AZ353,УровниЧастоты,2,FALSE) -> 3 | AX353: =VLOOKUP('Ответы на форму (1)'!BA353,УровниЧастоты,2,FALSE) -> 1 | ... BA353: =VLOOKUP('Ответы на форму (1)'!BD353,УровниЧастоты,2,FALSE) -> 3 | BB353: =VLOOKUP('Ответы на форму (1)'!BE353,УровниУспокоения,2,FALSE) -> 3 | BC353: =VLOOKUP('Ответы на форму (1)'!BF353,УровниЧастоты2,2,FALSE) -> 1 | BD353: =VLOOKUP('Ответы на форму (1)'!BG353,УровниЧастоты2,2,FALSE) -> 1 | BE353: =VLOOKUP('Ответы на форму (1)'!BH353,УровниЧастоты2,2,FALSE) -> 0 | BF353: =VLOOKUP('Ответы на форму (1)'!BI353,УровниЧастоты2,2,FALSE) -> 2 | BG353: =VLOOKUP('Ответы на форму (1)'!BJ353,УровниЧастоты2,2,FALSE) -> 2 | BH353: =VLOOKUP('Ответы на форму (1)'!BK353,УровниЧастоты2,2,FALSE) -> 2 | BI353: =IF(B353>34,"X",IF(B353>18,"Y","Z")) -> Y | BJ353: =IF(D353>=8,":-)",IF(D353<=5,":-(",":-)")) -> :-) | BK353: =IF(R353>=8,"%-[",IF(R353<=4,":-)",":-\")) -> :-)

Sheet Рабочее и РаботаНаВечер
B1: You are using the XLSTAT trial version. Number of days remaining until the trial expires: 13
B3: XLSTAT 2019.3.2.61545 - Tests on contingency tables (Chi-square...) - Start time: 20.09.2019 at 18:13:17 / End time: 20.09.2019 at 18:13:19 / Microsoft Excel 15.05153
B4: Row variable(s): Workbook = Третий опрос для второй книги (Обезличенные ответы и Анализ).xlsx / Sheet = Рабочий стол / Range = 'Рабочий стол'!$I:$I / 352 rows and 1 column
B5: Column variable(s): Workbook = Третий опрос для второй книги (Обезличенные ответы и Анализ).xlsx / Sheet = Рабочий стол / Range = 'Рабочий стол'!$W:$W / 352 rows and 1 column
B6: :
B10: Results for the variables Что лучше характеризует то, как вы справляетесь с делами по работе? and Работу, требующую сосредоточения я оставляю на вечер, когда становится спокойнее:
B12: Contingency table (Что лучше характеризует то, как вы справляетесь с делами по работе? / Работу, требующую сосредоточения я оставляю на вечер, когда становится спокойнее):
C14: 1 | D14: 2 | E14: 3
B15: плохо | C15: 17 | D15: 5 | E15: 17
B16: средне | C16: 83 | D16: 20 | E16: 63
B17: хорошо | C17: 98 | D17: 17 | E17: 32
B20: 3D view of the contingency table
B44: Test of independence between the rows and the columns (Что лучше характеризует то, как вы справляетесь с делами по работе? / Работу, требующую сосредоточения я оставляю на вечер, когда становится спокойнее):
B46: Chi-square (Observed value) | C46: 13.471081
B47: Chi-square (Critical value) | C47: 14.860259
B48: DF | C48: 4
B49: p-value | C49: 0.0091893054
B50: alpha | C50: 0.005
B52: Test interpretation:
B53: H0: The rows and the columns of the table are independent.
B54: Ha: There is a link between the rows and the columns of the table.
B55: As the computed p-value is greater than the significance level alpha=0,005, one cannot reject the null hypothesis H0.
B59: Significance by cell (Fisher's exact test) (Что лучше характеризует то, как вы справляетесь с делами по работе? / Работу, требующую сосредоточения я оставляю на вечер, когда становится спокойнее):
C61: 1 | D61: 2 | E61: 3
B62: плохо | C62: < | D62: > | E62: >
B63: средне | C63: < | D63: > | E63: >
B64: хорошо | C64: > | D64: < | E64: <
B65: Values displayed in red are significant at the level alpha=0,005
B68: Observed frequencies (Что лучше характеризует то, как вы справляетесь с делами по работе? / Работу, требующую сосредоточения я оставляю на вечер, когда становится спокойнее):
C70: 1 | D70: 2 | E70: 3 | F70: Total
B71: плохо | C71: 17 | D71: 5 | E71: 17 | F71: 39
B72: средне | C72: 83 | D72: 20 | E72: 63 | F72: 166
B73: хорошо | C73: 98 | D73: 17 | E73: 32 | F73: 147
B74: Total | C74: 198 | D74: 42 | E74: 112 | F74: 352
B77: Theoretical frequencies (Что лучше характеризует то, как вы справляетесь с делами по работе? / Работу, требующую сосредоточения я оставляю на вечер, когда становится спокойнее):
C79: 1 | D79: 2 | E79: 3 | F79: Total
B80: плохо | C80: 21.9375 | D80: 4.6534091 | E80: 12.409091 | F80: 39
B81: средне | C81: 93.375 | D81: 19.806818 | E81: 52.818182 | F81: 166
B82: хорошо | C82: 82.6875 | D82: 17.539773 | E82: 46.772727 | F82: 147
B83: Total | C83: 198 | D83: 42 | E83: 112 | F83: 352
B86: Percentages / Row (Что лучше характеризует то, как вы справляетесь с делами по работе? / Работу, требующую сосредоточения я оставляю на вечер, когда становится спокойнее):
C88: 1 | D88: 2 | E88: 3 | F88: Total
B89: плохо | C89: 43.589744 | D89: 12.820513 | E89: 43.589744 | F89: 100
B90: средне | C90: 50 | D90: 12.048193 | E90: 37.951807 | F90: 100
B91: хорошо | C91: 66.666667 | D91: 11.564626 | E91: 21.768707 | F91: 100
B92: Total | C92: 56.25 | D92: 11.931818 | E92: 31.818182 | F92: 100
B95: Percentages / Column (Что лучше характеризует то, как вы справляетесь с делами по работе? / Работу, требующую сосредоточения я оставляю на вечер, когда становится спокойнее):
C97: 1 | D97: 2 | E97: 3 | F97: Total
B98: плохо | C98: 8.5858586 | D98: 11.904762 | E98: 15.178571 | F98: 11.079545
B99: средне | C99: 41.919192 | D99: 47.619048 | E99: 56.25 | F99: 47.159091
B100: хорошо | C100: 49.494949 | D100: 40.47619 | E100: 28.571429 | F100: 41.761364
B101: Total | C101: 100 | D101: 100 | E101: 100 | F101: 100
B104: Percentages / Total (Что лучше характеризует то, как вы справляетесь с делами по работе? / Работу, требующую сосредоточения я оставляю на вечер, когда становится спокойнее):
C106: 1 | D106: 2 | E106: 3 | F106: Total
B107: плохо | C107: 4.8295455 | D107: 1.4204545 | E107: 4.8295455 | F107: 11.079545
B108: средне | C108: 23.579545 | D108: 5.6818182 | E108: 17.897727 | F108: 47.159091
B109: хорошо | C109: 27.840909 | D109: 4.8295455 | E109: 9.0909091 | F109: 41.761364
B110: Total | C110: 56.25 | D110: 11.931818 | E110: 31.818182 | F110: 100
B113: Test of independence between the rows and the columns (Chi-square):
B115: Chi-square (Observed value) | C115: 13.471081
B116: Chi-square (Critical value) | C116: 14.860259
B117: DF | C117: 4
B118: p-value | C118: 0.0091893054
B119: alpha | C119: 0.005
B121: Test interpretation:
B122: H0: The rows and the columns of the table are independent.
B123: Ha: There is a link between the rows and the columns of the table.
B124: As the computed p-value is greater than the significance level alpha=0,005, one cannot reject the null hypothesis H0.
B128: Theoretical counts lower than 5 have been detected. To safely use the Chi-square test based on the Chi-square approximation, the theoretical counts should not be lower than 5.
B131: Test of independence between the rows and the columns (Wilks' G²):
B133: Wilks' G² (Observed value) | C133: 13.744345
B134: Wilks' G² (Critical value) | C134: 14.860259
B135: DF | C135: 4
B136: p-value | C136: 0.0081573299
B137: alpha | C137: 0.005
B139: Test interpretation:
B140: H0: The rows and the columns of the table are independent.
B141: Ha: There is a link between the rows and the columns of the table.
B142: As the computed p-value is greater than the significance level alpha=0,005, one cannot reject the null hypothesis H0.
B146: Association coefficients (1):
B148: Coefficient | C148: Value
B149: Pearson's Phi | C149: 0.19562749
B150: Contingency coefficient | C150: 0.19198828
B151: Cramer's V | C151: 0.13832953
B152: Tschuprow's T | C152: 0.13832953
B153: Goodman and Kruskal tau (R/C) | C153: 0.023672295
B154: Goodman and Kruskal tau (C/R) | C154: 0.027620111
B155: Cohen's kappa | C155: -0.074073275
B158: Association coefficients (2):
B160: Coefficient | C160: Value | D160: Standard deviation | E160: Lower bound 99,500% | F160: Upper bound 99,500%
B161: Goodman and Kruskal Gamma | C161: -0.30081913 | D161: 0.077819428 | E161: -0.51926089 | F161: -0.08237737
B162: Kendall's tau | C162: -0.17801651 | D162: 0.047748369 | E162: -0.31204779 | F162: -0.04398522
B163: Stuart's tau | C163: -0.15471655 | D163: 0.041634296 | E163: -0.27158543 | F163: -0.03784768
B164: Somers' D (R/C) | C164: -0.18155472 | D164: 0.048824869 | E164: -0.31860778 | F164: -0.044501667
B165: Somers' D (C/R) | C165: -0.17454724 | D165: 0.046894574 | E165: -0.30618189 | F165: -0.042912591
B166: Theil's U (R/C) | C166: 0.020275741 | D166: 0.010733444 | E166: -0.0098533983 | F166: 0.050404879
B167: Theil's U (C/R) | C167: 0.02073258 | D167: 0.010997364 | E167: -0.010137391 | F167: 0.051602552
B168: Theil's U (Symmetric) | C168: 0.020501616 | D168: 0.010857272 | E168: -0.0099751123 | F168: 0.050978344

Sheet Личное и РаботаНаВечер
B1: You are using the XLSTAT trial version. Number of days remaining until the trial expires: 13
B3: XLSTAT 2019.3.2.61545 - Tests on contingency tables (Chi-square...) - Start time: 20.09.2019 at 18:12:47 / End time: 20.09.2019 at 18:12:48 / Microsoft Excel 15.05153
B4: Row variable(s): Workbook = Третий опрос для второй книги (Обезличенные ответы и Анализ).xlsx / Sheet = Рабочий стол / Range = 'Рабочий стол'!$E:$E / 352 rows and 1 column
B5: Column variable(s): Workbook = Третий опрос для второй книги (Обезличенные ответы и Анализ).xlsx / Sheet = Рабочий стол / Range = 'Рабочий стол'!$W:$W / 352 rows and 1 column
B6: :
B10: Results for the variables Что лучше характеризует то, как вы справляетесь с делами в ЛИЧНОЙ жизни? and Работу, требующую сосредоточения я оставляю на вечер, когда становится спокойнее:
B12: Contingency table (Что лучше характеризует то, как вы справляетесь с делами в ЛИЧНОЙ жизни? / Работу, требующую сосредоточения я оставляю на вечер, когда становится спокойнее):
C14: 1 | D14: 2 | E14: 3
B15: плохо | C15: 33 | D15: 11 | E15: 43
B16: средне | C16: 93 | D16: 28 | E16: 51
B17: хорошо | C17: 72 | D17: 3 | E17: 18
B20: 3D view of the contingency table
B44: Test of independence between the rows and the columns (Что лучше характеризует то, как вы справляетесь с делами в ЛИЧНОЙ жизни? / Работу, требующую сосредоточения я оставляю на вечер, когда становится спокойнее):
B46: Chi-square (Observed value) | C46: 34.684506
B47: Chi-square (Critical value) | C47: 14.860259
B48: DF | C48: 4
B49: p-value | C49: < 0,0001
B50: alpha | C50: 0.005
B52: Test interpretation:
B53: H0: The rows and the columns of the table are independent.
B54: Ha: There is a link between the rows and the columns of the table.
B55: As the computed p-value is lower than the significance level alpha=0,005, one should reject the null hypothesis H0, and accept the alternative hypothesis Ha.
B59: Significance by cell (Fisher's exact test) (Что лучше характеризует то, как вы справляетесь с делами в ЛИЧНОЙ жизни? / Работу, требующую сосредоточения я оставляю на вечер, когда становится спокойнее):
C61: 1 | D61: 2 | E61: 3
B62: плохо | C62: < | D62: > | E62: >
B63: средне | C63: < | D63: > | E63: <
B64: хорошо | C64: > | D64: < | E64: <
B65: Values displayed in red are significant at the level alpha=0,005
B68: Observed frequencies (Что лучше характеризует то, как вы справляетесь с делами в ЛИЧНОЙ жизни? / Работу, требующую сосредоточения я оставляю на вечер, когда становится спокойнее):
C70: 1 | D70: 2 | E70: 3 | F70: Total
B71: плохо | C71: 33 | D71: 11 | E71: 43 | F71: 87
B72: средне | C72: 93 | D72: 28 | E72: 51 | F72: 172
B73: хорошо | C73: 72 | D73: 3 | E73: 18 | F73: 93
B74: Total | C74: 198 | D74: 42 | E74: 112 | F74: 352
B77: Theoretical frequencies (Что лучше характеризует то, как вы справляетесь с делами в ЛИЧНОЙ жизни? / Работу, требующую сосредоточения я оставляю на вечер, когда становится спокойнее):
C79: 1 | D79: 2 | E79: 3 | F79: Total
B80: плохо | C80: 48.9375 | D80: 10.380682 | E80: 27.681818 | F80: 87
B81: средне | C81: 96.75 | D81: 20.522727 | E81: 54.727273 | F81: 172
B82: хорошо | C82: 52.3125 | D82: 11.096591 | E82: 29.590909 | F82: 93
B83: Total | C83: 198 | D83: 42 | E83: 112 | F83: 352
B86: Percentages / Row (Что лучше характеризует то, как вы справляетесь с делами в ЛИЧНОЙ жизни? / Работу, требующую сосредоточения я оставляю на вечер, когда становится спокойнее):
C88: 1 | D88: 2 | E88: 3 | F88: Total
B89: плохо | C89: 37.931034 | D89: 12.643678 | E89: 49.425287 | F89: 100
B90: средне | C90: 54.069767 | D90: 16.27907 | E90: 29.651163 | F90: 100
B91: хорошо | C91: 77.419355 | D91: 3.2258065 | E91: 19.354839 | F91: 100
B92: Total | C92: 56.25 | D92: 11.931818 | E92: 31.818182 | F92: 100
B95: Percentages / Column (Что лучше характеризует то, как вы справляетесь с делами в ЛИЧНОЙ жизни? / Работу, требующую сосредоточения я оставляю на вечер, когда становится спокойнее):
C97: 1 | D97: 2 | E97: 3 | F97: Total
B98: плохо | C98: 16.666667 | D98: 26.190476 | E98: 38.392857 | F98: 24.715909
B99: средне | C99: 46.969697 | D99: 66.666667 | E99: 45.535714 | F99: 48.863636
B100: хорошо | C100: 36.363636 | D100: 7.1428571 | E100: 16.071429 | F100: 26.420455
B101: Total | C101: 100 | D101: 100 | E101: 100 | F101: 100
B104: Percentages / Total (Что лучше характеризует то, как вы справляетесь с делами в ЛИЧНОЙ жизни? / Работу, требующую сосредоточения я оставляю на вечер, когда становится спокойнее):
C106: 1 | D106: 2 | E106: 3 | F106: Total
B107: плохо | C107: 9.375 | D107: 3.125 | E107: 12.215909 | F107: 24.715909
B108: средне | C108: 26.420455 | D108: 7.9545455 | E108: 14.488636 | F108: 48.863636
B109: хорошо | C109: 20.454545 | D109: 0.85227273 | E109: 5.1136364 | F109: 26.420455
B110: Total | C110: 56.25 | D110: 11.931818 | E110: 31.818182 | F110: 100
B113: Test of independence between the rows and the columns (Chi-square):
B115: Chi-square (Observed value) | C115: 34.684506
B116: Chi-square (Critical value) | C116: 14.860259
B117: DF | C117: 4
B118: p-value | C118: < 0,0001
B119: alpha | C119: 0.005
B121: Test interpretation:
B122: H0: The rows and the columns of the table are independent.
B123: Ha: There is a link between the rows and the columns of the table.
B124: As the computed p-value is lower than the significance level alpha=0,005, one should reject the null hypothesis H0, and accept the alternative hypothesis Ha.
B128: Test of independence between the rows and the columns (Wilks' G²):
B130: Wilks' G² (Observed value) | C130: 36.249546
B131: Wilks' G² (Critical value) | C131: 14.860259
B132: DF | C132: 4
B133: p-value | C133: < 0,0001
B134: alpha | C134: 0.005
B136: Test interpretation:
B137: H0: The rows and the columns of the table are independent.
B138: Ha: There is a link between the rows and the columns of the table.
B139: As the computed p-value is lower than the significance level alpha=0,005, one should reject the null hypothesis H0, and accept the alternative hypothesis Ha.
B143: Association coefficients (1):
B145: Coefficient | C145: Value
B146: Pearson's Phi | C146: 0.31390369
B147: Contingency coefficient | C147: 0.29949486
B148: Cramer's V | C148: 0.22196343
B149: Tschuprow's T | C149: 0.22196343
B150: Goodman and Kruskal tau (R/C) | C150: 0.043407217
B151: Goodman and Kruskal tau (C/R) | C151: 0.062136507
B152: Cohen's kappa | C152: -0.079269525
B155: Association coefficients (2):
B157: Coefficient | C157: Value | D157: Standard deviation | E157: Lower bound 99,500% | F157: Upper bound 99,500%
B158: Goodman and Kruskal Gamma | C158: -0.42336283 | D158: 0.072728543 | E158: -0.62751431 | F158: -0.21921136
B159: Kendall's tau | C159: -0.25808243 | D159: 0.046731249 | E159: -0.38925862 | F159: -0.12690623
B160: Stuart's tau | C160: -0.23166322 | D160: 0.042455602 | E160: -0.35083753 | F160: -0.11248891
B161: Somers' D (R/C) | C161: -0.27184907 | D161: 0.049800574 | E161: -0.41164097 | F161: -0.13205718
B162: Somers' D (C/R) | C162: -0.24501293 | D162: 0.04430407 | E162: -0.36937595 | F162: -0.12064991
B163: Theil's U (R/C) | C163: 0.049176817 | D163: 0.015401893 | E163: 0.0059431836 | F163: 0.09241045
B164: Theil's U (C/R) | C164: 0.054680425 | D164: 0.017139659 | E164: 0.0065688235 | F164: 0.10279203
B165: Theil's U (Symmetric) | C165: 0.051782797 | D165: 0.016200103 | E165: 0.0063085595 | F165: 0.097257034

Sheet Личное и НеОтвлекайтеМеня
B1: You are using the XLSTAT trial version. Number of days remaining until the trial expires: 13
B3: XLSTAT 2019.3.2.61545 - Tests on contingency tables (Chi-square...) - Start time: 20.09.2019 at 18:02:05 / End time: 20.09.2019 at 18:02:06 / Microsoft Excel 15.05153
B4: Row variable(s): Workbook = Третий опрос для второй книги (Обезличенные ответы и Анализ).xlsx / Sheet = Рабочий стол / Range = 'Рабочий стол'!$E:$E / 352 rows and 1 column
B5: Column variable(s): Workbook = Третий опрос для второй книги (Обезличенные ответы и Анализ).xlsx / Sheet = Рабочий стол / Range = 'Рабочий стол'!$T:$T / 352 rows and 1 column
B6: :
B10: Results for the variables Что лучше характеризует то, как вы справляетесь с делами в ЛИЧНОЙ жизни? and Мне бы хотелось, чтобы мои коллеги реже отвлекали меня:
B12: Contingency table (Что лучше характеризует то, как вы справляетесь с делами в ЛИЧНОЙ жизни? / Мне бы хотелось, чтобы мои коллеги реже отвлекали меня):
C14: 1 | D14: 2 | E14: 3
B15: плохо | C15: 17 | D15: 20 | E15: 50
B16: средне | C16: 58 | D16: 35 | E16: 79
B17: хорошо | C17: 41 | D17: 26 | E17: 26
B20: 3D view of the contingency table
B44: Test of independence between the rows and the columns (Что лучше характеризует то, как вы справляетесь с делами в ЛИЧНОЙ жизни? / Мне бы хотелось, чтобы мои коллеги реже отвлекали меня):
B46: Chi-square (Observed value) | C46: 18.963146
B47: Chi-square (Critical value) | C47: 14.860259
B48: DF | C48: 4
B49: p-value | C49: 0.00079915622
B50: alpha | C50: 0.005
B52: Test interpretation:
B53: H0: The rows and the columns of the table are independent.
B54: Ha: There is a link between the rows and the columns of the table.
B55: As the computed p-value is lower than the significance level alpha=0,005, one should reject the null hypothesis H0, and accept the alternative hypothesis Ha.
B59: Significance by cell (Fisher's exact test) (Что лучше характеризует то, как вы справляетесь с делами в ЛИЧНОЙ жизни? / Мне бы хотелось, чтобы мои коллеги реже отвлекали меня):
C61: 1 | D61: 2 | E61: 3
B62: плохо | C62: < | D62: < | E62: >
B63: средне | C63: > | D63: < | E63: >
B64: хорошо | C64: > | D64: > | E64: <
B65: Values displayed in red are significant at the level alpha=0,005
B68: Observed frequencies (Что лучше характеризует то, как вы справляетесь с делами в ЛИЧНОЙ жизни? / Мне бы хотелось, чтобы мои коллеги реже отвлекали меня):
C70: 1 | D70: 2 | E70: 3 | F70: Total
B71: плохо | C71: 17 | D71: 20 | E71: 50 | F71: 87
B72: средне | C72: 58 | D72: 35 | E72: 79 | F72: 172
B73: хорошо | C73: 41 | D73: 26 | E73: 26 | F73: 93
B74: Total | C74: 116 | D74: 81 | E74: 155 | F74: 352
B77: Theoretical frequencies (Что лучше характеризует то, как вы справляетесь с делами в ЛИЧНОЙ жизни? / Мне бы хотелось, чтобы мои коллеги реже отвлекали меня):
C79: 1 | D79: 2 | E79: 3 | F79: Total
B80: плохо | C80: 28.670455 | D80: 20.019886 | E80: 38.309659 | F80: 87
B81: средне | C81: 56.681818 | D81: 39.579545 | E81: 75.738636 | F81: 172
B82: хорошо | C82: 30.647727 | D82: 21.400568 | E82: 40.951705 | F82: 93
B83: Total | C83: 116 | D83: 81 | E83: 155 | F83: 352
B86: Percentages / Row (Что лучше характеризует то, как вы справляетесь с делами в ЛИЧНОЙ жизни? / Мне бы хотелось, чтобы мои коллеги реже отвлекали меня):
C88: 1 | D88: 2 | E88: 3 | F88: Total
B89: плохо | C89: 19.54023 | D89: 22.988506 | E89: 57.471264 | F89: 100
B90: средне | C90: 33.72093 | D90: 20.348837 | E90: 45.930233 | F90: 100
B91: хорошо | C91: 44.086022 | D91: 27.956989 | E91: 27.956989 | F91: 100
B92: Total | C92: 32.954545 | D92: 23.011364 | E92: 44.034091 | F92: 100
B95: Percentages / Column (Что лучше характеризует то, как вы справляетесь с делами в ЛИЧНОЙ жизни? / Мне бы хотелось, чтобы мои коллеги реже отвлекали меня):
C97: 1 | D97: 2 | E97: 3 | F97: Total
B98: плохо | C98: 14.655172 | D98: 24.691358 | E98: 32.258065 | F98: 24.715909
B99: средне | C99: 50 | D99: 43.209877 | E99: 50.967742 | F99: 48.863636
B100: хорошо | C100: 35.344828 | D100: 32.098765 | E100: 16.774194 | F100: 26.420455
B101: Total | C101: 100 | D101: 100 | E101: 100 | F101: 100
B104: Percentages / Total (Что лучше характеризует то, как вы справляетесь с делами в ЛИЧНОЙ жизни? / Мне бы хотелось, чтобы мои коллеги реже отвлекали меня):
C106: 1 | D106: 2 | E106: 3 | F106: Total
B107: плохо | C107: 4.8295455 | D107: 5.6818182 | E107: 14.204545 | F107: 24.715909
B108: средне | C108: 16.477273 | D108: 9.9431818 | E108: 22.443182 | F108: 48.863636
B109: хорошо | C109: 11.647727 | D109: 7.3863636 | E109: 7.3863636 | F109: 26.420455
B110: Total | C110: 32.954545 | D110: 23.011364 | E110: 44.034091 | F110: 100
B113: Test of independence between the rows and the columns (Chi-square):
B115: Chi-square (Observed value) | C115: 18.963146
B116: Chi-square (Critical value) | C116: 14.860259
B117: DF | C117: 4
B118: p-value | C118: 0.00079915622
B119: alpha | C119: 0.005
B121: Test interpretation:
B122: H0: The rows and the columns of the table are independent.
B123: Ha: There is a link between the rows and the columns of the table.
B124: As the computed p-value is lower than the significance level alpha=0,005, one should reject the null hypothesis H0, and accept the alternative hypothesis Ha.
B128: Test of independence between the rows and the columns (Wilks' G²):
B130: Wilks' G² (Observed value) | C130: 19.905564
B131: Wilks' G² (Critical value) | C131: 14.860259
B132: DF | C132: 4
B133: p-value | C133: 0.000521298
B134: alpha | C134: 0.005
B136: Test interpretation:
B137: H0: The rows and the columns of the table are independent.
B138: Ha: There is a link between the rows and the columns of the table.
B139: As the computed p-value is lower than the significance level alpha=0,005, one should reject the null hypothesis H0, and accept the alternative hypothesis Ha.
B143: Association coefficients (1):
B145: Coefficient | C145: Value
B146: Pearson's Phi | C146: 0.23210466
B147: Contingency coefficient | C147: 0.2260944
B148: Cramer's V | C148: 0.16412278
B149: Tschuprow's T | C149: 0.16412278
B150: Goodman and Kruskal tau (R/C) | C150: 0.022650402
B151: Goodman and Kruskal tau (C/R) | C151: 0.031355132
B152: Cohen's kappa | C152: -0.12850875
B155: Association coefficients (2):
B157: Coefficient | C157: Value | D157: Standard deviation | E157: Lower bound 99,500% | F157: Upper bound 99,500%
B158: Goodman and Kruskal Gamma | C158: -0.30755987 | D158: 0.067230029 | E158: -0.49627683 | F158: -0.11884291
B159: Kendall's tau | C159: -0.19904505 | D159: 0.044535254 | E159: -0.32405701 | F159: -0.074033083
B160: Stuart's tau | C160: -0.19030863 | D160: 0.04277412 | E160: -0.31037702 | F160: -0.070240228
B161: Somers' D (R/C) | C161: -0.19683955 | D161: 0.044396899 | E161: -0.32146314 | F161: -0.072215954
B162: Somers' D (C/R) | C162: -0.20127526 | D162: 0.04479363 | E162: -0.32701249 | F162: -0.075538022
B163: Theil's U (R/C) | C163: 0.027004263 | D163: 0.011607828 | E163: -0.0055793026 | F163: 0.05958783
B164: Theil's U (C/R) | C164: 0.026547801 | D164: 0.011468264 | E164: -0.0056440044 | F164: 0.058739606
B165: Theil's U (Symmetric) | C165: 0.026774087 | D165: 0.011534509 | E165: -0.0056036694 | F165: 0.059151843

Sheet Работа и НеОтвлекайтеМеня
B1: You are using the XLSTAT trial version. Number of days remaining until the trial expires: 13
B3: XLSTAT 2019.3.2.61545 - Tests on contingency tables (Chi-square...) - Start time: 20.09.2019 at 18:02:41 / End time: 20.09.2019 at 18:02:42 / Microsoft Excel 15.05153
B4: Row variable(s): Workbook = Третий опрос для второй книги (Обезличенные ответы и Анализ).xlsx / Sheet = Рабочий стол / Range = 'Рабочий стол'!$I:$I / 352 rows and 1 column
B5: Column variable(s): Workbook = Третий опрос для второй книги (Обезличенные ответы и Анализ).xlsx / Sheet = Рабочий стол / Range = 'Рабочий стол'!$T:$T / 352 rows and 1 column
B6: :
B10: Results for the variables Что лучше характеризует то, как вы справляетесь с делами по работе? and Мне бы хотелось, чтобы мои коллеги реже отвлекали меня:
B12: Contingency table (Что лучше характеризует то, как вы справляетесь с делами по работе? / Мне бы хотелось, чтобы мои коллеги реже отвлекали меня):
C14: 1 | D14: 2 | E14: 3
B15: плохо | C15: 7 | D15: 7 | E15: 25
B16: средне | C16: 56 | D16: 37 | E16: 73
B17: хорошо | C17: 53 | D17: 37 | E17: 57
B20: 3D view of the contingency table
B44: Test of independence between the rows and the columns (Что лучше характеризует то, как вы справляетесь с делами по работе? / Мне бы хотелось, чтобы мои коллеги реже отвлекали меня):
B46: Chi-square (Observed value) | C46: 8.3841175
B47: Chi-square (Critical value) | C47: 14.860259
B48: DF | C48: 4
B49: p-value | C49: 0.078478667
B50: alpha | C50: 0.005
B52: Test interpretation:
B53: H0: The rows and the columns of the table are independent.
B54: Ha: There is a link between the rows and the columns of the table.
B55: As the computed p-value is greater than the significance level alpha=0,005, one cannot reject the null hypothesis H0.
B59: Significance by cell (Fisher's exact test) (Что лучше характеризует то, как вы справляетесь с делами по работе? / Мне бы хотелось, чтобы мои коллеги реже отвлекали меня):
C61: 1 | D61: 2 | E61: 3
B62: плохо | C62: < | D62: < | E62: >
B63: средне | C63: > | D63: < | E63: <
B64: хорошо | C64: > | D64: > | E64: <
B65: Values displayed in red are significant at the level alpha=0,005
B68: Observed frequencies (Что лучше характеризует то, как вы справляетесь с делами по работе? / Мне бы хотелось, чтобы мои коллеги реже отвлекали меня):
C70: 1 | D70: 2 | E70: 3 | F70: Total
B71: плохо | C71: 7 | D71: 7 | E71: 25 | F71: 39
B72: средне | C72: 56 | D72: 37 | E72: 73 | F72: 166
B73: хорошо | C73: 53 | D73: 37 | E73: 57 | F73: 147
B74: Total | C74: 116 | D74: 81 | E74: 155 | F74: 352
B77: Theoretical frequencies (Что лучше характеризует то, как вы справляетесь с делами по работе? / Мне бы хотелось, чтобы мои коллеги реже отвлекали меня):
C79: 1 | D79: 2 | E79: 3 | F79: Total
B80: плохо | C80: 12.852273 | D80: 8.9744318 | E80: 17.173295 | F80: 39
B81: средне | C81: 54.704545 | D81: 38.198864 | E81: 73.096591 | F81: 166
B82: хорошо | C82: 48.443182 | D82: 33.826705 | E82: 64.730114 | F82: 147
B83: Total | C83: 116 | D83: 81 | E83: 155 | F83: 352
B86: Percentages / Row (Что лучше характеризует то, как вы справляетесь с делами по работе? / Мне бы хотелось, чтобы мои коллеги реже отвлекали меня):
C88: 1 | D88: 2 | E88: 3 | F88: Total
B89: плохо | C89: 17.948718 | D89: 17.948718 | E89: 64.102564 | F89: 100
B90: средне | C90: 33.73494 | D90: 22.289157 | E90: 43.975904 | F90: 100
B91: хорошо | C91: 36.054422 | D91: 25.170068 | E91: 38.77551 | F91: 100
B92: Total | C92: 32.954545 | D92: 23.011364 | E92: 44.034091 | F92: 100
B95: Percentages / Column (Что лучше характеризует то, как вы справляетесь с делами по работе? / Мне бы хотелось, чтобы мои коллеги реже отвлекали меня):
C97: 1 | D97: 2 | E97: 3 | F97: Total
B98: плохо | C98: 6.0344828 | D98: 8.6419753 | E98: 16.129032 | F98: 11.079545
B99: средне | C99: 48.275862 | D99: 45.679012 | E99: 47.096774 | F99: 47.159091
B100: хорошо | C100: 45.689655 | D100: 45.679012 | E100: 36.774194 | F100: 41.761364
B101: Total | C101: 100 | D101: 100 | E101: 100 | F101: 100
B104: Percentages / Total (Что лучше характеризует то, как вы справляетесь с делами по работе? / Мне бы хотелось, чтобы мои коллеги реже отвлекали меня):
C106: 1 | D106: 2 | E106: 3 | F106: Total
B107: плохо | C107: 1.9886364 | D107: 1.9886364 | E107: 7.1022727 | F107: 11.079545
B108: средне | C108: 15.909091 | D108: 10.511364 | E108: 20.738636 | F108: 47.159091
B109: хорошо | C109: 15.056818 | D109: 10.511364 | E109: 16.193182 | F109: 41.761364
B110: Total | C110: 32.954545 | D110: 23.011364 | E110: 44.034091 | F110: 100
B113: Test of independence between the rows and the columns (Chi-square):
B115: Chi-square (Observed value) | C115: 8.3841175
B116: Chi-square (Critical value) | C116: 14.860259
B117: DF | C117: 4
B118: p-value | C118: 0.078478667
B119: alpha | C119: 0.005
B121: Test interpretation:
B122: H0: The rows and the columns of the table are independent.
B123: Ha: There is a link between the rows and the columns of the table.
B124: As the computed p-value is greater than the significance level alpha=0,005, one cannot reject the null hypothesis H0.
B128: Test of independence between the rows and the columns (Wilks' G²):
B130: Wilks' G² (Observed value) | C130: 8.526321
B131: Wilks' G² (Critical value) | C131: 14.860259
B132: DF | C132: 4
B133: p-value | C133: 0.074093403
B134: alpha | C134: 0.005
B136: Test interpretation:
B137: H0: The rows and the columns of the table are independent.
B138: Ha: There is a link between the rows and the columns of the table.
B139: As the computed p-value is greater than the significance level alpha=0,005, one cannot reject the null hypothesis H0.
B143: Association coefficients (1):
B145: Coefficient | C145: Value
B146: Pearson's Phi | C146: 0.15433248
B147: Contingency coefficient | C147: 0.15252669
B148: Cramer's V | C148: 0.10912955
B149: Tschuprow's T | C149: 0.10912955
B150: Goodman and Kruskal tau (R/C) | C150: 0.0070175803
B151: Goodman and Kruskal tau (C/R) | C151: 0.014033441
B152: Cohen's kappa | C152: -0.062574415
B155: Association coefficients (2):
B157: Coefficient | C157: Value | D157: Standard deviation | E157: Lower bound 99,500% | F157: Upper bound 99,500%
B158: Goodman and Kruskal Gamma | C158: -0.17633588 | D158: 0.076724814 | E158: -0.39170502 | F158: 0.039033267
B159: Kendall's tau | C159: -0.10875155 | D159: 0.047671959 | E159: -0.24256835 | F159: 0.025065248
B160: Stuart's tau | C160: -0.10067472 | D160: 0.044288861 | E160: -0.22499505 | F160: 0.023645614
B161: Somers' D (R/C) | C161: -0.10412962 | D161: 0.045863893 | E161: -0.23287112 | F161: 0.024611874
B162: Somers' D (C/R) | C162: -0.11357863 | D162: 0.049589878 | E162: -0.25277909 | F162: 0.025621834
B163: Theil's U (R/C) | C163: 0.01257808 | D163: 0.0084040634 | E163: -0.01101241 | F163: 0.03616857
B164: Theil's U (C/R) | C164: 0.011371447 | D164: 0.0076452722 | E164: -0.01008909 | F164: 0.032831984
B165: Theil's U (Symmetric) | C165: 0.011944367 | D165: 0.0080050295 | E165: -0.010526021 | F165: 0.034414755

Sheet Личное и тяжело концентр
B1: You are using the XLSTAT trial version. Number of days remaining until the trial expires: 13
B3: XLSTAT 2019.3.2.61545 - Tests on contingency tables (Chi-square...) - Start time: 20.09.2019 at 18:01:18 / End time: 20.09.2019 at 18:01:19 / Microsoft Excel 15.05153
B4: Row variable(s): Workbook = Третий опрос для второй книги (Обезличенные ответы и Анализ).xlsx / Sheet = Рабочий стол / Range = 'Рабочий стол'!$E:$E / 352 rows and 1 column
B5: Column variable(s): Workbook = Третий опрос для второй книги (Обезличенные ответы и Анализ).xlsx / Sheet = Рабочий стол / Range = 'Рабочий стол'!$S:$S / 352 rows and 1 column
B6: :
B10: Results for the variables Что лучше характеризует то, как вы справляетесь с делами в ЛИЧНОЙ жизни? and На рабочем месте мне очень сложно сконцентрироваться:
B12: Contingency table (Что лучше характеризует то, как вы справляетесь с делами в ЛИЧНОЙ жизни? / На рабочем месте мне очень сложно сконцентрироваться):
C14: 1 | D14: 2 | E14: 3
B15: плохо | C15: 20 | D15: 24 | E15: 43
B16: средне | C16: 60 | D16: 47 | E16: 65
B17: хорошо | C17: 51 | D17: 19 | E17: 23
B20: 3D view of the contingency table
B44: Test of independence between the rows and the columns (Что лучше характеризует то, как вы справляетесь с делами в ЛИЧНОЙ жизни? / На рабочем месте мне очень сложно сконцентрироваться):
B46: Chi-square (Observed value) | C46: 21.445801
B47: Chi-square (Critical value) | C47: 14.860259
B48: DF | C48: 4
B49: p-value | C49: 0.00025830838
B50: alpha | C50: 0.005
B52: Test interpretation:
B53: H0: The rows and the columns of the table are independent.
B54: Ha: There is a link between the rows and the columns of the table.
B55: As the computed p-value is lower than the significance level alpha=0,005, one should reject the null hypothesis H0, and accept the alternative hypothesis Ha.
B59: Significance by cell (Fisher's exact test) (Что лучше характеризует то, как вы справляетесь с делами в ЛИЧНОЙ жизни? / На рабочем месте мне очень сложно сконцентрироваться):
C61: 1 | D61: 2 | E61: 3
B62: плохо | C62: < | D62: > | E62: >
B63: средне | C63: < | D63: > | E63: >
B64: хорошо | C64: > | D64: < | E64: <
B65: Values displayed in red are significant at the level alpha=0,005
B68: Observed frequencies (Что лучше характеризует то, как вы справляетесь с делами в ЛИЧНОЙ жизни? / На рабочем месте мне очень сложно сконцентрироваться):
C70: 1 | D70: 2 | E70: 3 | F70: Total
B71: плохо | C71: 20 | D71: 24 | E71: 43 | F71: 87
B72: средне | C72: 60 | D72: 47 | E72: 65 | F72: 172
B73: хорошо | C73: 51 | D73: 19 | E73: 23 | F73: 93
B74: Total | C74: 131 | D74: 90 | E74: 131 | F74: 352
B77: Theoretical frequencies (Что лучше характеризует то, как вы справляетесь с делами в ЛИЧНОЙ жизни? / На рабочем месте мне очень сложно сконцентрироваться):
C79: 1 | D79: 2 | E79: 3 | F79: Total
B80: плохо | C80: 32.377841 | D80: 22.244318 | E80: 32.377841 | F80: 87
B81: средне | C81: 64.011364 | D81: 43.977273 | E81: 64.011364 | F81: 172
B82: хорошо | C82: 34.610795 | D82: 23.778409 | E82: 34.610795 | F82: 93
B83: Total | C83: 131 | D83: 90 | E83: 131 | F83: 352
B86: Percentages / Row (Что лучше характеризует то, как вы справляетесь с делами в ЛИЧНОЙ жизни? / На рабочем месте мне очень сложно сконцентрироваться):
